Workbook

Sheet Matrice
A1: REF. INTERNE | B1: PROPRIETAIRE | C1: PLAQUE | D1: TYPE | E1: MARQUE | F1: MODELE | G1: N° ID / SERIE | H1: CB / LEASEUR | I1: FACTURE | J1: DATE ACHAT | K1: VALEUR ACHAT | L1: DEVENIR | M1: MONTANT PEC APRES AMORT. | N1: ASSIETTE DE CALCUL | O1: DUREE CB | P1: FDCB | Q1: FLOCAGE | R1: REHAUSSE JPM | S1: ENTRETIEN | T1: AMORT. | U1: ANNEE ACQT | V1: FIN AMORT. A | W1: 2023 | X1: 2024 | Y1: 2025 | Z1: 2026 | AA1: 2027 | AB1: 2028 | AC1: 2029 | AD1: 2030 | AE1: 2031 | AF1: 2032 | AG1: 2033 | AH1: 2034 | AI1: 2035 | AJ1: 2036 | AK1: 2037
A2: BEN 01 | D2: BENNE | E2: IVECO | F2: DAYLY | J2: 41864 | K2: 32600 | L2: vendu le 15/10/2019 | M2: 17500 | N2: =T_BASE[[#This Row],[MONTANT PEC APRES AMORT.]] -> 17500 | O2: 60 | P2: 43709 | Q2: 585 | R2: 0 | S2: 120 | T2: =$O2/12 -> 5 | U2: =YEAR(J2) -> 2014 | V2: =T_BASE[[#This Row],[ANNEE ACQT]]+T_BASE[[#This Row],[AMORT.]] -> 2019 | W2: =$N2-IF(W$1<=$V2,0,IF(W$1>IF($V2<2022,2022,$V2),IF(W$1-IF($V2<2022,2022,$V2)=1,$N2*VLOOKUP(LEFT($A2,3),Paramétres!A:D,3,0),$N2*VLOOKUP(LEFT($A2,3),Paramétres!A:D,4)),0)) -> 17386.25 | X2: =IF(W2<$N2,W2,$N2)-IF(X$1<=$U2,0,IF(X$1>IF($U2<2022,2022,$U2),IF(X$1-IF($U2<2022,2022,$U2)=1,IF(W2<$N2,W2,$N2)*VLOOKUP(LEFT($A2,3),Paramétres!$A:$D,3,0),IF(W2<$N2,W2,$N2)*VLOOKUP(LEFT($A2,3),Paramétres!$A:$D,4)),0)) -> 16516.938 | Y2: =IF(X2<$N2,X2,$N2)-IF(Y$1<=$U2,0,IF(Y$1>IF($U2<2022,2022,$U2),IF(Y$1-IF($U2<2022,2022,$U2)=1,IF(X2<$N2,X2,$N2)*VLOOKUP(LEFT($A2,3),Paramétres!$A:$D,3,0),IF(X2<$N2,X2,$N2)*VLOOKUP(LEFT($A2,3),Paramétres!$A:$D,4)),0)) -> 15691.091 | Z2: =IF(Y2<$N2,Y2,$N2)-IF(Z$1<=$U2,0,IF(Z$1>IF($U2<2022,2022,$U2),IF(Z$1-IF($U2<2022,2022,$U2)=1,IF(Y2<$N2,Y2,$N2)*VLOOKUP(LEFT($A2,3),Paramétres!$A:$D,3,0),IF(Y2<$N2,Y2,$N2)*VLOOKUP(LEFT($A2,3),Paramétres!$A:$D,4)),0)) -> 14906.536 | AA2: =IF(Z2<$N2,Z2,$N2)-IF(AA$1<=$U2,0,IF(AA$1>IF($U2<2022,2022,$U2),IF(AA$1-IF($U2<2022,2022,$U2)=1,IF(Z2<$N2,Z2,$N2)*VLOOKUP(LEFT($A2,3),Paramétres!$A:$D,3,0),IF(Z2<$N2,Z2,$N2)*VLOOKUP(LEFT($A2,3),Paramétres!$A:$D,4)),0)) -> 14161.209 | AB2: =IF(AA2<$N2,AA2,$N2)-IF(AB$1<=$U2,0,IF(AB$1>IF($U2<2022,2022,$U2),IF(AB$1-IF($U2<2022,2022,$U2)=1,IF(AA2<$N2,AA2,$N2)*VLOOKUP(LEFT($A2,3),Paramétres!$A:$D,3,0),IF(AA2<$N2,AA2,$N2)*VLOOKUP(LEFT($A2,3),Paramétres!$A:$D,4)),0)) -> 13453.149 | AC2: =IF(AB2<$N2,AB2,$N2)-IF(AC$1<=$U2,0,IF(AC$1>IF($U2<2022,2022,$U2),IF(AC$1-IF($U2<2022,2022,$U2)=1,IF(AB2<$N2,AB2,$N2)*VLOOKUP(LEFT($A2,3),Paramétres!$A:$D,3,0),IF(AB2<$N2,AB2,$N2)*VLOOKUP(LEFT($A2,3),Paramétres!$A:$D,4)),0)) -> 12780.491 | AD2: =IF(AC2<$N2,AC2,$N2)-IF(AD$1<=$U2,0,IF(AD$1>IF($U2<2022,2022,$U2),IF(AD$1-IF($U2<2022,2022,$U2)=1,IF(AC2<$N2,AC2,$N2)*VLOOKUP(LEFT($A2,3),Paramétres!$A:$D,3,0),IF(AC2<$N2,AC2,$N2)*VLOOKUP(LEFT($A2,3),Paramétres!$A:$D,4)),0)) -> 12141.467 | AE2: =IF(AD2<$N2,AD2,$N2)-IF(AE$1<=$U2,0,IF(AE$1>IF($U2<2022,2022,$U2),IF(AE$1-IF($U2<2022,2022,$U2)=1,IF(AD2<$N2,AD2,$N2)*VLOOKUP(LEFT($A2,3),Paramétres!$A:$D,3,0),IF(AD2<$N2,AD2,$N2)*VLOOKUP(LEFT($A2,3),Paramétres!$A:$D,4)),0)) -> 11534.393 | ... AK2: =IF(AJ2<$N2,AJ2,$N2)-IF(AK$1<=$U2,0,IF(AK$1>IF($U2<2022,2022,$U2),IF(AK$1-IF($U2<2022,2022,$U2)=1,IF(AJ2<$N2,AJ2,$N2)*VLOOKUP(LEFT($A2,3),Paramétres!$A:$D,3,0),IF(AJ2<$N2,AJ2,$N2)*VLOOKUP(LEFT($A2,3),Paramétres!$A:$D,4)),0)) -> 8478.8391
A3: BEN 02 | D3: BENNE | E3: RENAULT | F3: MAXITY | J3: 42108 | K3: 29100 | L3: cédé le 14/03/2020 | M3: =T_BASE[[#This Row],[VALEUR ACHAT]] -> 29100 | N3: =T_BASE[[#This Row],[MONTANT PEC APRES AMORT.]] -> 29100 | O3: 60 | P3: 43935 | Q3: 405 | R3: 0 | S3: 120 | T3: =$O3/12 -> 5 | U3: =YEAR(J3) -> 2015 | V3: =T_BASE[[#This Row],[ANNEE ACQT]]+T_BASE[[#This Row],[AMORT.]] -> 2020 | W3: =$N3-IF(W$1<=$V3,0,IF(W$1>IF($V3<2022,2022,$V3),IF(W$1-IF($V3<2022,2022,$V3)=1,$N3*VLOOKUP(LEFT($A3,3),Paramétres!A:D,3,0),$N3*VLOOKUP(LEFT($A3,3),Paramétres!A:D,4)),0)) -> 28910.85 | X3: =IF(W3<$N3,W3,$N3)-IF(X$1<=$U3,0,IF(X$1>IF($U3<2022,2022,$U3),IF(X$1-IF($U3<2022,2022,$U3)=1,IF(W3<$N3,W3,$N3)*VLOOKUP(LEFT($A3,3),Paramétres!$A:$D,3,0),IF(W3<$N3,W3,$N3)*VLOOKUP(LEFT($A3,3),Paramétres!$A:$D,4)),0)) -> 27465.307 | Y3: =IF(X3<$N3,X3,$N3)-IF(Y$1<=$U3,0,IF(Y$1>IF($U3<2022,2022,$U3),IF(Y$1-IF($U3<2022,2022,$U3)=1,IF(X3<$N3,X3,$N3)*VLOOKUP(LEFT($A3,3),Paramétres!$A:$D,3,0),IF(X3<$N3,X3,$N3)*VLOOKUP(LEFT($A3,3),Paramétres!$A:$D,4)),0)) -> 26092.042 | Z3: =IF(Y3<$N3,Y3,$N3)-IF(Z$1<=$U3,0,IF(Z$1>IF($U3<2022,2022,$U3),IF(Z$1-IF($U3<2022,2022,$U3)=1,IF(Y3<$N3,Y3,$N3)*VLOOKUP(LEFT($A3,3),Paramétres!$A:$D,3,0),IF(Y3<$N3,Y3,$N3)*VLOOKUP(LEFT($A3,3),Paramétres!$A:$D,4)),0)) -> 24787.44 | AA3: =IF(Z3<$N3,Z3,$N3)-IF(AA$1<=$U3,0,IF(AA$1>IF($U3<2022,2022,$U3),IF(AA$1-IF($U3<2022,2022,$U3)=1,IF(Z3<$N3,Z3,$N3)*VLOOKUP(LEFT($A3,3),Paramétres!$A:$D,3,0),IF(Z3<$N3,Z3,$N3)*VLOOKUP(LEFT($A3,3),Paramétres!$A:$D,4)),0)) -> 23548.068 | AB3: =IF(AA3<$N3,AA3,$N3)-IF(AB$1<=$U3,0,IF(AB$1>IF($U3<2022,2022,$U3),IF(AB$1-IF($U3<2022,2022,$U3)=1,IF(AA3<$N3,AA3,$N3)*VLOOKUP(LEFT($A3,3),Paramétres!$A:$D,3,0),IF(AA3<$N3,AA3,$N3)*VLOOKUP(LEFT($A3,3),Paramétres!$A:$D,4)),0)) -> 22370.665 | AC3: =IF(AB3<$N3,AB3,$N3)-IF(AC$1<=$U3,0,IF(AC$1>IF($U3<2022,2022,$U3),IF(AC$1-IF($U3<2022,2022,$U3)=1,IF(AB3<$N3,AB3,$N3)*VLOOKUP(LEFT($A3,3),Paramétres!$A:$D,3,0),IF(AB3<$N3,AB3,$N3)*VLOOKUP(LEFT($A3,3),Paramétres!$A:$D,4)),0)) -> 21252.131 | AD3: =IF(AC3<$N3,AC3,$N3)-IF(AD$1<=$U3,0,IF(AD$1>IF($U3<2022,2022,$U3),IF(AD$1-IF($U3<2022,2022,$U3)=1,IF(AC3<$N3,AC3,$N3)*VLOOKUP(LEFT($A3,3),Paramétres!$A:$D,3,0),IF(AC3<$N3,AC3,$N3)*VLOOKUP(LEFT($A3,3),Paramétres!$A:$D,4)),0)) -> 20189.525 | AE3: =IF(AD3<$N3,AD3,$N3)-IF(AE$1<=$U3,0,IF(AE$1>IF($U3<2022,2022,$U3),IF(AE$1-IF($U3<2022,2022,$U3)=1,IF(AD3<$N3,AD3,$N3)*VLOOKUP(LEFT($A3,3),Paramétres!$A:$D,3,0),IF(AD3<$N3,AD3,$N3)*VLOOKUP(LEFT($A3,3),Paramétres!$A:$D,4)),0)) -> 19180.049 | ... AK3: =IF(AJ3<$N3,AJ3,$N3)-IF(AK$1<=$U3,0,IF(AK$1>IF($U3<2022,2022,$U3),IF(AK$1-IF($U3<2022,2022,$U3)=1,IF(AJ3<$N3,AJ3,$N3)*VLOOKUP(LEFT($A3,3),Paramétres!$A:$D,3,0),IF(AJ3<$N3,AJ3,$N3)*VLOOKUP(LEFT($A3,3),Paramétres!$A:$D,4)),0)) -> 14099.098
A4: BEN 03 | D4: BENNE | E4: RENAULT | F4: MAXITY | J4: 42563 | K4: 29700 | M4: =T_BASE[[#This Row],[VALEUR ACHAT]] -> 29700 | N4: =T_BASE[[#This Row],[MONTANT PEC APRES AMORT.]] -> 29700 | O4: 66 | P4: 44542 | Q4: 405 | R4: 0 | S4: 120 | T4: =$O4/12 -> 5.5 | U4: =YEAR(J4) -> 2016 | V4: =T_BASE[[#This Row],[ANNEE ACQT]]+T_BASE[[#This Row],[AMORT.]] -> 2021.5 | W4: =$N4-IF(W$1<=$V4,0,IF(W$1>IF($V4<2022,2022,$V4),IF(W$1-IF($V4<2022,2022,$V4)=1,$N4*VLOOKUP(LEFT($A4,3),Paramétres!A:D,3,0),$N4*VLOOKUP(LEFT($A4,3),Paramétres!A:D,4)),0)) -> 29506.95 | X4: =IF(W4<$N4,W4,$N4)-IF(X$1<=$U4,0,IF(X$1>IF($U4<2022,2022,$U4),IF(X$1-IF($U4<2022,2022,$U4)=1,IF(W4<$N4,W4,$N4)*VLOOKUP(LEFT($A4,3),Paramétres!$A:$D,3,0),IF(W4<$N4,W4,$N4)*VLOOKUP(LEFT($A4,3),Paramétres!$A:$D,4)),0)) -> 28031.603 | Y4: =IF(X4<$N4,X4,$N4)-IF(Y$1<=$U4,0,IF(Y$1>IF($U4<2022,2022,$U4),IF(Y$1-IF($U4<2022,2022,$U4)=1,IF(X4<$N4,X4,$N4)*VLOOKUP(LEFT($A4,3),Paramétres!$A:$D,3,0),IF(X4<$N4,X4,$N4)*VLOOKUP(LEFT($A4,3),Paramétres!$A:$D,4)),0)) -> 26630.022 | Z4: =IF(Y4<$N4,Y4,$N4)-IF(Z$1<=$U4,0,IF(Z$1>IF($U4<2022,2022,$U4),IF(Z$1-IF($U4<2022,2022,$U4)=1,IF(Y4<$N4,Y4,$N4)*VLOOKUP(LEFT($A4,3),Paramétres!$A:$D,3,0),IF(Y4<$N4,Y4,$N4)*VLOOKUP(LEFT($A4,3),Paramétres!$A:$D,4)),0)) -> 25298.521 | AA4: =IF(Z4<$N4,Z4,$N4)-IF(AA$1<=$U4,0,IF(AA$1>IF($U4<2022,2022,$U4),IF(AA$1-IF($U4<2022,2022,$U4)=1,IF(Z4<$N4,Z4,$N4)*VLOOKUP(LEFT($A4,3),Paramétres!$A:$D,3,0),IF(Z4<$N4,Z4,$N4)*VLOOKUP(LEFT($A4,3),Paramétres!$A:$D,4)),0)) -> 24033.595 | AB4: =IF(AA4<$N4,AA4,$N4)-IF(AB$1<=$U4,0,IF(AB$1>IF($U4<2022,2022,$U4),IF(AB$1-IF($U4<2022,2022,$U4)=1,IF(AA4<$N4,AA4,$N4)*VLOOKUP(LEFT($A4,3),Paramétres!$A:$D,3,0),IF(AA4<$N4,AA4,$N4)*VLOOKUP(LEFT($A4,3),Paramétres!$A:$D,4)),0)) -> 22831.915 | AC4: =IF(AB4<$N4,AB4,$N4)-IF(AC$1<=$U4,0,IF(AC$1>IF($U4<2022,2022,$U4),IF(AC$1-IF($U4<2022,2022,$U4)=1,IF(AB4<$N4,AB4,$N4)*VLOOKUP(LEFT($A4,3),Paramétres!$A:$D,3,0),IF(AB4<$N4,AB4,$N4)*VLOOKUP(LEFT($A4,3),Paramétres!$A:$D,4)),0)) -> 21690.32 | AD4: =IF(AC4<$N4,AC4,$N4)-IF(AD$1<=$U4,0,IF(AD$1>IF($U4<2022,2022,$U4),IF(AD$1-IF($U4<2022,2022,$U4)=1,IF(AC4<$N4,AC4,$N4)*VLOOKUP(LEFT($A4,3),Paramétres!$A:$D,3,0),IF(AC4<$N4,AC4,$N4)*VLOOKUP(LEFT($A4,3),Paramétres!$A:$D,4)),0)) -> 20605.804 | AE4: =IF(AD4<$N4,AD4,$N4)-IF(AE$1<=$U4,0,IF(AE$1>IF($U4<2022,2022,$U4),IF(AE$1-IF($U4<2022,2022,$U4)=1,IF(AD4<$N4,AD4,$N4)*VLOOKUP(LEFT($A4,3),Paramétres!$A:$D,3,0),IF(AD4<$N4,AD4,$N4)*VLOOKUP(LEFT($A4,3),Paramétres!$A:$D,4)),0)) -> 19575.513 | ... AK4: =IF(AJ4<$N4,AJ4,$N4)-IF(AK$1<=$U4,0,IF(AK$1>IF($U4<2022,2022,$U4),IF(AK$1-IF($U4<2022,2022,$U4)=1,IF(AJ4<$N4,AJ4,$N4)*VLOOKUP(LEFT($A4,3),Paramétres!$A:$D,3,0),IF(AJ4<$N4,AJ4,$N4)*VLOOKUP(LEFT($A4,3),Paramétres!$A:$D,4)),0)) -> 14389.801
A5: BEN 04 | D5: BENNE | E5: FIAT | F5: DUCATO | J5: 43074 | K5: 16241.67 | M5: =T_BASE[[#This Row],[VALEUR ACHAT]] -> 16241.67 | N5: =T_BASE[[#This Row],[MONTANT PEC APRES AMORT.]] -> 16241.67 | O5: 60 | P5: 44880 | Q5: 405 | R5: 0 | S5: 120 | T5: =$O5/12 -> 5 | U5: =YEAR(J5) -> 2017 | V5: =T_BASE[[#This Row],[ANNEE ACQT]]+T_BASE[[#This Row],[AMORT.]] -> 2022 | W5: =$N5-IF(W$1<=$V5,0,IF(W$1>IF($V5<2022,2022,$V5),IF(W$1-IF($V5<2022,2022,$V5)=1,$N5*VLOOKUP(LEFT($A5,3),Paramétres!A:D,3,0),$N5*VLOOKUP(LEFT($A5,3),Paramétres!A:D,4)),0)) -> 16136.099 | X5: =IF(W5<$N5,W5,$N5)-IF(X$1<=$U5,0,IF(X$1>IF($U5<2022,2022,$U5),IF(X$1-IF($U5<2022,2022,$U5)=1,IF(W5<$N5,W5,$N5)*VLOOKUP(LEFT($A5,3),Paramétres!$A:$D,3,0),IF(W5<$N5,W5,$N5)*VLOOKUP(LEFT($A5,3),Paramétres!$A:$D,4)),0)) -> 15329.294 | Y5: =IF(X5<$N5,X5,$N5)-IF(Y$1<=$U5,0,IF(Y$1>IF($U5<2022,2022,$U5),IF(Y$1-IF($U5<2022,2022,$U5)=1,IF(X5<$N5,X5,$N5)*VLOOKUP(LEFT($A5,3),Paramétres!$A:$D,3,0),IF(X5<$N5,X5,$N5)*VLOOKUP(LEFT($A5,3),Paramétres!$A:$D,4)),0)) -> 14562.829 | Z5: =IF(Y5<$N5,Y5,$N5)-IF(Z$1<=$U5,0,IF(Z$1>IF($U5<2022,2022,$U5),IF(Z$1-IF($U5<2022,2022,$U5)=1,IF(Y5<$N5,Y5,$N5)*VLOOKUP(LEFT($A5,3),Paramétres!$A:$D,3,0),IF(Y5<$N5,Y5,$N5)*VLOOKUP(LEFT($A5,3),Paramétres!$A:$D,4)),0)) -> 13834.688 | AA5: =IF(Z5<$N5,Z5,$N5)-IF(AA$1<=$U5,0,IF(AA$1>IF($U5<2022,2022,$U5),IF(AA$1-IF($U5<2022,2022,$U5)=1,IF(Z5<$N5,Z5,$N5)*VLOOKUP(LEFT($A5,3),Paramétres!$A:$D,3,0),IF(Z5<$N5,Z5,$N5)*VLOOKUP(LEFT($A5,3),Paramétres!$A:$D,4)),0)) -> 13142.954 | AB5: =IF(AA5<$N5,AA5,$N5)-IF(AB$1<=$U5,0,IF(AB$1>IF($U5<2022,2022,$U5),IF(AB$1-IF($U5<2022,2022,$U5)=1,IF(AA5<$N5,AA5,$N5)*VLOOKUP(LEFT($A5,3),Paramétres!$A:$D,3,0),IF(AA5<$N5,AA5,$N5)*VLOOKUP(LEFT($A5,3),Paramétres!$A:$D,4)),0)) -> 12485.806 | AC5: =IF(AB5<$N5,AB5,$N5)-IF(AC$1<=$U5,0,IF(AC$1>IF($U5<2022,2022,$U5),IF(AC$1-IF($U5<2022,2022,$U5)=1,IF(AB5<$N5,AB5,$N5)*VLOOKUP(LEFT($A5,3),Paramétres!$A:$D,3,0),IF(AB5<$N5,AB5,$N5)*VLOOKUP(LEFT($A5,3),Paramétres!$A:$D,4)),0)) -> 11861.516 | AD5: =IF(AC5<$N5,AC5,$N5)-IF(AD$1<=$U5,0,IF(AD$1>IF($U5<2022,2022,$U5),IF(AD$1-IF($U5<2022,2022,$U5)=1,IF(AC5<$N5,AC5,$N5)*VLOOKUP(LEFT($A5,3),Paramétres!$A:$D,3,0),IF(AC5<$N5,AC5,$N5)*VLOOKUP(LEFT($A5,3),Paramétres!$A:$D,4)),0)) -> 11268.44 | AE5: =IF(AD5<$N5,AD5,$N5)-IF(AE$1<=$U5,0,IF(AE$1>IF($U5<2022,2022,$U5),IF(AE$1-IF($U5<2022,2022,$U5)=1,IF(AD5<$N5,AD5,$N5)*VLOOKUP(LEFT($A5,3),Paramétres!$A:$D,3,0),IF(AD5<$N5,AD5,$N5)*VLOOKUP(LEFT($A5,3),Paramétres!$A:$D,4)),0)) -> 10705.018 | ... AK5: =IF(AJ5<$N5,AJ5,$N5)-IF(AK$1<=$U5,0,IF(AK$1>IF($U5<2022,2022,$U5),IF(AK$1-IF($U5<2022,2022,$U5)=1,IF(AJ5<$N5,AJ5,$N5)*VLOOKUP(LEFT($A5,3),Paramétres!$A:$D,3,0),IF(AJ5<$N5,AJ5,$N5)*VLOOKUP(LEFT($A5,3),Paramétres!$A:$D,4)),0)) -> 7869.1718
A6: BEN 05 | D6: BENNE | E6: IVECO | F6: DAILY | J6: 43165 | K6: 36300 | M6: =T_BASE[[#This Row],[VALEUR ACHAT]] -> 36300 | N6: =T_BASE[[#This Row],[MONTANT PEC APRES AMORT.]] -> 36300 | O6: 60 | P6: 45017 | Q6: 585 | R6: 0 | S6: 120 | T6: =$O6/12 -> 5 | U6: =YEAR(J6) -> 2018 | V6: =T_BASE[[#This Row],[ANNEE ACQT]]+T_BASE[[#This Row],[AMORT.]] -> 2023 | W6: =$N6-IF(W$1<=$V6,0,IF(W$1>IF($V6<2022,2022,$V6),IF(W$1-IF($V6<2022,2022,$V6)=1,$N6*VLOOKUP(LEFT($A6,3),Paramétres!A:D,3,0),$N6*VLOOKUP(LEFT($A6,3),Paramétres!A:D,4)),0)) -> 34485 | X6: =IF(W6<$N6,W6,$N6)-IF(X$1<=$U6,0,IF(X$1>IF($U6<2022,2022,$U6),IF(X$1-IF($U6<2022,2022,$U6)=1,IF(W6<$N6,W6,$N6)*VLOOKUP(LEFT($A6,3),Paramétres!$A:$D,3,0),IF(W6<$N6,W6,$N6)*VLOOKUP(LEFT($A6,3),Paramétres!$A:$D,4)),0)) -> 32760.75 | Y6: =IF(X6<$N6,X6,$N6)-IF(Y$1<=$U6,0,IF(Y$1>IF($U6<2022,2022,$U6),IF(Y$1-IF($U6<2022,2022,$U6)=1,IF(X6<$N6,X6,$N6)*VLOOKUP(LEFT($A6,3),Paramétres!$A:$D,3,0),IF(X6<$N6,X6,$N6)*VLOOKUP(LEFT($A6,3),Paramétres!$A:$D,4)),0)) -> 31122.713 | Z6: =IF(Y6<$N6,Y6,$N6)-IF(Z$1<=$U6,0,IF(Z$1>IF($U6<2022,2022,$U6),IF(Z$1-IF($U6<2022,2022,$U6)=1,IF(Y6<$N6,Y6,$N6)*VLOOKUP(LEFT($A6,3),Paramétres!$A:$D,3,0),IF(Y6<$N6,Y6,$N6)*VLOOKUP(LEFT($A6,3),Paramétres!$A:$D,4)),0)) -> 29566.577 | AA6: =IF(Z6<$N6,Z6,$N6)-IF(AA$1<=$U6,0,IF(AA$1>IF($U6<2022,2022,$U6),IF(AA$1-IF($U6<2022,2022,$U6)=1,IF(Z6<$N6,Z6,$N6)*VLOOKUP(LEFT($A6,3),Paramétres!$A:$D,3,0),IF(Z6<$N6,Z6,$N6)*VLOOKUP(LEFT($A6,3),Paramétres!$A:$D,4)),0)) -> 28088.248 | AB6: =IF(AA6<$N6,AA6,$N6)-IF(AB$1<=$U6,0,IF(AB$1>IF($U6<2022,2022,$U6),IF(AB$1-IF($U6<2022,2022,$U6)=1,IF(AA6<$N6,AA6,$N6)*VLOOKUP(LEFT($A6,3),Paramétres!$A:$D,3,0),IF(AA6<$N6,AA6,$N6)*VLOOKUP(LEFT($A6,3),Paramétres!$A:$D,4)),0)) -> 26683.836 | AC6: =IF(AB6<$N6,AB6,$N6)-IF(AC$1<=$U6,0,IF(AC$1>IF($U6<2022,2022,$U6),IF(AC$1-IF($U6<2022,2022,$U6)=1,IF(AB6<$N6,AB6,$N6)*VLOOKUP(LEFT($A6,3),Paramétres!$A:$D,3,0),IF(AB6<$N6,AB6,$N6)*VLOOKUP(LEFT($A6,3),Paramétres!$A:$D,4)),0)) -> 25349.644 | AD6: =IF(AC6<$N6,AC6,$N6)-IF(AD$1<=$U6,0,IF(AD$1>IF($U6<2022,2022,$U6),IF(AD$1-IF($U6<2022,2022,$U6)=1,IF(AC6<$N6,AC6,$N6)*VLOOKUP(LEFT($A6,3),Paramétres!$A:$D,3,0),IF(AC6<$N6,AC6,$N6)*VLOOKUP(LEFT($A6,3),Paramétres!$A:$D,4)),0)) -> 24082.162 | AE6: =IF(AD6<$N6,AD6,$N6)-IF(AE$1<=$U6,0,IF(AE$1>IF($U6<2022,2022,$U6),IF(AE$1-IF($U6<2022,2022,$U6)=1,IF(AD6<$N6,AD6,$N6)*VLOOKUP(LEFT($A6,3),Paramétres!$A:$D,3,0),IF(AD6<$N6,AD6,$N6)*VLOOKUP(LEFT($A6,3),Paramétres!$A:$D,4)),0)) -> 22878.054 | ... AK6: =IF(AJ6<$N6,AJ6,$N6)-IF(AK$1<=$U6,0,IF(AK$1>IF($U6<2022,2022,$U6),IF(AK$1-IF($U6<2022,2022,$U6)=1,IF(AJ6<$N6,AJ6,$N6)*VLOOKUP(LEFT($A6,3),Paramétres!$A:$D,3,0),IF(AJ6<$N6,AJ6,$N6)*VLOOKUP(LEFT($A6,3),Paramétres!$A:$D,4)),0)) -> 16817.472
A7: BEN 06 | D7: BENNE | E7: FIAT | F7: DUCATO | J7: 43276 | K7: 24490 | M7: =T_BASE[[#This Row],[VALEUR ACHAT]] -> 24490 | N7: =T_BASE[[#This Row],[MONTANT PEC APRES AMORT.]] -> 24490 | O7: 60 | P7: 45071 | Q7: 405 | R7: 2608 | S7: 120 | T7: =$O7/12 -> 5 | U7: =YEAR(J7) -> 2018 | V7: =T_BASE[[#This Row],[ANNEE ACQT]]+T_BASE[[#This Row],[AMORT.]] -> 2023 | W7: =$N7-IF(W$1<=$V7,0,IF(W$1>IF($V7<2022,2022,$V7),IF(W$1-IF($V7<2022,2022,$V7)=1,$N7*VLOOKUP(LEFT($A7,3),Paramétres!A:D,3,0),$N7*VLOOKUP(LEFT($A7,3),Paramétres!A:D,4)),0)) -> 23265.5 | X7: =IF(W7<$N7,W7,$N7)-IF(X$1<=$U7,0,IF(X$1>IF($U7<2022,2022,$U7),IF(X$1-IF($U7<2022,2022,$U7)=1,IF(W7<$N7,W7,$N7)*VLOOKUP(LEFT($A7,3),Paramétres!$A:$D,3,0),IF(W7<$N7,W7,$N7)*VLOOKUP(LEFT($A7,3),Paramétres!$A:$D,4)),0)) -> 22102.225 | Y7: =IF(X7<$N7,X7,$N7)-IF(Y$1<=$U7,0,IF(Y$1>IF($U7<2022,2022,$U7),IF(Y$1-IF($U7<2022,2022,$U7)=1,IF(X7<$N7,X7,$N7)*VLOOKUP(LEFT($A7,3),Paramétres!$A:$D,3,0),IF(X7<$N7,X7,$N7)*VLOOKUP(LEFT($A7,3),Paramétres!$A:$D,4)),0)) -> 20997.114 | Z7: =IF(Y7<$N7,Y7,$N7)-IF(Z$1<=$U7,0,IF(Z$1>IF($U7<2022,2022,$U7),IF(Z$1-IF($U7<2022,2022,$U7)=1,IF(Y7<$N7,Y7,$N7)*VLOOKUP(LEFT($A7,3),Paramétres!$A:$D,3,0),IF(Y7<$N7,Y7,$N7)*VLOOKUP(LEFT($A7,3),Paramétres!$A:$D,4)),0)) -> 19947.258 | AA7: =IF(Z7<$N7,Z7,$N7)-IF(AA$1<=$U7,0,IF(AA$1>IF($U7<2022,2022,$U7),IF(AA$1-IF($U7<2022,2022,$U7)=1,IF(Z7<$N7,Z7,$N7)*VLOOKUP(LEFT($A7,3),Paramétres!$A:$D,3,0),IF(Z7<$N7,Z7,$N7)*VLOOKUP(LEFT($A7,3),Paramétres!$A:$D,4)),0)) -> 18949.895 | AB7: =IF(AA7<$N7,AA7,$N7)-IF(AB$1<=$U7,0,IF(AB$1>IF($U7<2022,2022,$U7),IF(AB$1-IF($U7<2022,2022,$U7)=1,IF(AA7<$N7,AA7,$N7)*VLOOKUP(LEFT($A7,3),Paramétres!$A:$D,3,0),IF(AA7<$N7,AA7,$N7)*VLOOKUP(LEFT($A7,3),Paramétres!$A:$D,4)),0)) -> 18002.4 | AC7: =IF(AB7<$N7,AB7,$N7)-IF(AC$1<=$U7,0,IF(AC$1>IF($U7<2022,2022,$U7),IF(AC$1-IF($U7<2022,2022,$U7)=1,IF(AB7<$N7,AB7,$N7)*VLOOKUP(LEFT($A7,3),Paramétres!$A:$D,3,0),IF(AB7<$N7,AB7,$N7)*VLOOKUP(LEFT($A7,3),Paramétres!$A:$D,4)),0)) -> 17102.28 | AD7: =IF(AC7<$N7,AC7,$N7)-IF(AD$1<=$U7,0,IF(AD$1>IF($U7<2022,2022,$U7),IF(AD$1-IF($U7<2022,2022,$U7)=1,IF(AC7<$N7,AC7,$N7)*VLOOKUP(LEFT($A7,3),Paramétres!$A:$D,3,0),IF(AC7<$N7,AC7,$N7)*VLOOKUP(LEFT($A7,3),Paramétres!$A:$D,4)),0)) -> 16247.166 | AE7: =IF(AD7<$N7,AD7,$N7)-IF(AE$1<=$U7,0,IF(AE$1>IF($U7<2022,2022,$U7),IF(AE$1-IF($U7<2022,2022,$U7)=1,IF(AD7<$N7,AD7,$N7)*VLOOKUP(LEFT($A7,3),Paramétres!$A:$D,3,0),IF(AD7<$N7,AD7,$N7)*VLOOKUP(LEFT($A7,3),Paramétres!$A:$D,4)),0)) -> 15434.808 | ... AK7: =IF(AJ7<$N7,AJ7,$N7)-IF(AK$1<=$U7,0,IF(AK$1>IF($U7<2022,2022,$U7),IF(AK$1-IF($U7<2022,2022,$U7)=1,IF(AJ7<$N7,AJ7,$N7)*VLOOKUP(LEFT($A7,3),Paramétres!$A:$D,3,0),IF(AJ7<$N7,AJ7,$N7)*VLOOKUP(LEFT($A7,3),Paramétres!$A:$D,4)),0)) -> 11346.002
A8: BEN 07 | D8: BENNE | E8: FIAT | F8: DUCATO | J8: 43273 | K8: 19990 | M8: =T_BASE[[#This Row],[VALEUR ACHAT]] -> 19990 | N8: =T_BASE[[#This Row],[MONTANT PEC APRES AMORT.]] -> 19990 | O8: 60 | P8: 45098 | Q8: 354 | R8: 2608 | S8: 120 | T8: =$O8/12 -> 5 | U8: =YEAR(J8) -> 2018 | V8: =T_BASE[[#This Row],[ANNEE ACQT]]+T_BASE[[#This Row],[AMORT.]] -> 2023 | W8: =$N8-IF(W$1<=$V8,0,IF(W$1>IF($V8<2022,2022,$V8),IF(W$1-IF($V8<2022,2022,$V8)=1,$N8*VLOOKUP(LEFT($A8,3),Paramétres!A:D,3,0),$N8*VLOOKUP(LEFT($A8,3),Paramétres!A:D,4)),0)) -> 18990.5 | X8: =IF(W8<$N8,W8,$N8)-IF(X$1<=$U8,0,IF(X$1>IF($U8<2022,2022,$U8),IF(X$1-IF($U8<2022,2022,$U8)=1,IF(W8<$N8,W8,$N8)*VLOOKUP(LEFT($A8,3),Paramétres!$A:$D,3,0),IF(W8<$N8,W8,$N8)*VLOOKUP(LEFT($A8,3),Paramétres!$A:$D,4)),0)) -> 18040.975 | Y8: =IF(X8<$N8,X8,$N8)-IF(Y$1<=$U8,0,IF(Y$1>IF($U8<2022,2022,$U8),IF(Y$1-IF($U8<2022,2022,$U8)=1,IF(X8<$N8,X8,$N8)*VLOOKUP(LEFT($A8,3),Paramétres!$A:$D,3,0),IF(X8<$N8,X8,$N8)*VLOOKUP(LEFT($A8,3),Paramétres!$A:$D,4)),0)) -> 17138.926 | Z8: =IF(Y8<$N8,Y8,$N8)-IF(Z$1<=$U8,0,IF(Z$1>IF($U8<2022,2022,$U8),IF(Z$1-IF($U8<2022,2022,$U8)=1,IF(Y8<$N8,Y8,$N8)*VLOOKUP(LEFT($A8,3),Paramétres!$A:$D,3,0),IF(Y8<$N8,Y8,$N8)*VLOOKUP(LEFT($A8,3),Paramétres!$A:$D,4)),0)) -> 16281.98 | AA8: =IF(Z8<$N8,Z8,$N8)-IF(AA$1<=$U8,0,IF(AA$1>IF($U8<2022,2022,$U8),IF(AA$1-IF($U8<2022,2022,$U8)=1,IF(Z8<$N8,Z8,$N8)*VLOOKUP(LEFT($A8,3),Paramétres!$A:$D,3,0),IF(Z8<$N8,Z8,$N8)*VLOOKUP(LEFT($A8,3),Paramétres!$A:$D,4)),0)) -> 15467.881 | AB8: =IF(AA8<$N8,AA8,$N8)-IF(AB$1<=$U8,0,IF(AB$1>IF($U8<2022,2022,$U8),IF(AB$1-IF($U8<2022,2022,$U8)=1,IF(AA8<$N8,AA8,$N8)*VLOOKUP(LEFT($A8,3),Paramétres!$A:$D,3,0),IF(AA8<$N8,AA8,$N8)*VLOOKUP(LEFT($A8,3),Paramétres!$A:$D,4)),0)) -> 14694.487 | AC8: =IF(AB8<$N8,AB8,$N8)-IF(AC$1<=$U8,0,IF(AC$1>IF($U8<2022,2022,$U8),IF(AC$1-IF($U8<2022,2022,$U8)=1,IF(AB8<$N8,AB8,$N8)*VLOOKUP(LEFT($A8,3),Paramétres!$A:$D,3,0),IF(AB8<$N8,AB8,$N8)*VLOOKUP(LEFT($A8,3),Paramétres!$A:$D,4)),0)) -> 13959.763 | AD8: =IF(AC8<$N8,AC8,$N8)-IF(AD$1<=$U8,0,IF(AD$1>IF($U8<2022,2022,$U8),IF(AD$1-IF($U8<2022,2022,$U8)=1,IF(AC8<$N8,AC8,$N8)*VLOOKUP(LEFT($A8,3),Paramétres!$A:$D,3,0),IF(AC8<$N8,AC8,$N8)*VLOOKUP(LEFT($A8,3),Paramétres!$A:$D,4)),0)) -> 13261.774 | AE8: =IF(AD8<$N8,AD8,$N8)-IF(AE$1<=$U8,0,IF(AE$1>IF($U8<2022,2022,$U8),IF(AE$1-IF($U8<2022,2022,$U8)=1,IF(AD8<$N8,AD8,$N8)*VLOOKUP(LEFT($A8,3),Paramétres!$A:$D,3,0),IF(AD8<$N8,AD8,$N8)*VLOOKUP(LEFT($A8,3),Paramétres!$A:$D,4)),0)) -> 12598.686 | ... AK8: =IF(AJ8<$N8,AJ8,$N8)-IF(AK$1<=$U8,0,IF(AK$1>IF($U8<2022,2022,$U8),IF(AK$1-IF($U8<2022,2022,$U8)=1,IF(AJ8<$N8,AJ8,$N8)*VLOOKUP(LEFT($A8,3),Paramétres!$A:$D,3,0),IF(AJ8<$N8,AJ8,$N8)*VLOOKUP(LEFT($A8,3),Paramétres!$A:$D,4)),0)) -> 9261.1917
A9: BEN 08 | D9: BENNE | E9: FIAT | F9: DUCATO | J9: 43770 | K9: 22574.76 | M9: =T_BASE[[#This Row],[VALEUR ACHAT]] -> 22574.76 | N9: =T_BASE[[#This Row],[MONTANT PEC APRES AMORT.]] -> 22574.76 | O9: 63 | P9: 45566 | Q9: 177 | R9: 2868.26 | S9: 120 | T9: =$O9/12 -> 5.25 | U9: =YEAR(J9) -> 2019 | V9: =T_BASE[[#This Row],[ANNEE ACQT]]+T_BASE[[#This Row],[AMORT.]] -> 2024.25 | W9: =$N9-IF(W$1<=$V9,0,IF(W$1>IF($V9<2022,2022,$V9),IF(W$1-IF($V9<2022,2022,$V9)=1,$N9*VLOOKUP(LEFT($A9,3),Paramétres!A:D,3,0),$N9*VLOOKUP(LEFT($A9,3),Paramétres!A:D,4)),0)) -> 21446.022 | X9: =IF(W9<$N9,W9,$N9)-IF(X$1<=$U9,0,IF(X$1>IF($U9<2022,2022,$U9),IF(X$1-IF($U9<2022,2022,$U9)=1,IF(W9<$N9,W9,$N9)*VLOOKUP(LEFT($A9,3),Paramétres!$A:$D,3,0),IF(W9<$N9,W9,$N9)*VLOOKUP(LEFT($A9,3),Paramétres!$A:$D,4)),0)) -> 20373.721 | Y9: =IF(X9<$N9,X9,$N9)-IF(Y$1<=$U9,0,IF(Y$1>IF($U9<2022,2022,$U9),IF(Y$1-IF($U9<2022,2022,$U9)=1,IF(X9<$N9,X9,$N9)*VLOOKUP(LEFT($A9,3),Paramétres!$A:$D,3,0),IF(X9<$N9,X9,$N9)*VLOOKUP(LEFT($A9,3),Paramétres!$A:$D,4)),0)) -> 19355.035 | Z9: =IF(Y9<$N9,Y9,$N9)-IF(Z$1<=$U9,0,IF(Z$1>IF($U9<2022,2022,$U9),IF(Z$1-IF($U9<2022,2022,$U9)=1,IF(Y9<$N9,Y9,$N9)*VLOOKUP(LEFT($A9,3),Paramétres!$A:$D,3,0),IF(Y9<$N9,Y9,$N9)*VLOOKUP(LEFT($A9,3),Paramétres!$A:$D,4)),0)) -> 18387.283 | AA9: =IF(Z9<$N9,Z9,$N9)-IF(AA$1<=$U9,0,IF(AA$1>IF($U9<2022,2022,$U9),IF(AA$1-IF($U9<2022,2022,$U9)=1,IF(Z9<$N9,Z9,$N9)*VLOOKUP(LEFT($A9,3),Paramétres!$A:$D,3,0),IF(Z9<$N9,Z9,$N9)*VLOOKUP(LEFT($A9,3),Paramétres!$A:$D,4)),0)) -> 17467.919 | AB9: =IF(AA9<$N9,AA9,$N9)-IF(AB$1<=$U9,0,IF(AB$1>IF($U9<2022,2022,$U9),IF(AB$1-IF($U9<2022,2022,$U9)=1,IF(AA9<$N9,AA9,$N9)*VLOOKUP(LEFT($A9,3),Paramétres!$A:$D,3,0),IF(AA9<$N9,AA9,$N9)*VLOOKUP(LEFT($A9,3),Paramétres!$A:$D,4)),0)) -> 16594.523 | AC9: =IF(AB9<$N9,AB9,$N9)-IF(AC$1<=$U9,0,IF(AC$1>IF($U9<2022,2022,$U9),IF(AC$1-IF($U9<2022,2022,$U9)=1,IF(AB9<$N9,AB9,$N9)*VLOOKUP(LEFT($A9,3),Paramétres!$A:$D,3,0),IF(AB9<$N9,AB9,$N9)*VLOOKUP(LEFT($A9,3),Paramétres!$A:$D,4)),0)) -> 15764.797 | AD9: =IF(AC9<$N9,AC9,$N9)-IF(AD$1<=$U9,0,IF(AD$1>IF($U9<2022,2022,$U9),IF(AD$1-IF($U9<2022,2022,$U9)=1,IF(AC9<$N9,AC9,$N9)*VLOOKUP(LEFT($A9,3),Paramétres!$A:$D,3,0),IF(AC9<$N9,AC9,$N9)*VLOOKUP(LEFT($A9,3),Paramétres!$A:$D,4)),0)) -> 14976.557 | AE9: =IF(AD9<$N9,AD9,$N9)-IF(AE$1<=$U9,0,IF(AE$1>IF($U9<2022,2022,$U9),IF(AE$1-IF($U9<2022,2022,$U9)=1,IF(AD9<$N9,AD9,$N9)*VLOOKUP(LEFT($A9,3),Paramétres!$A:$D,3,0),IF(AD9<$N9,AD9,$N9)*VLOOKUP(LEFT($A9,3),Paramétres!$A:$D,4)),0)) -> 14227.729 | ... AK9: =IF(AJ9<$N9,AJ9,$N9)-IF(AK$1<=$U9,0,IF(AK$1>IF($U9<2022,2022,$U9),IF(AK$1-IF($U9<2022,2022,$U9)=1,IF(AJ9<$N9,AJ9,$N9)*VLOOKUP(LEFT($A9,3),Paramétres!$A:$D,3,0),IF(AJ9<$N9,AJ9,$N9)*VLOOKUP(LEFT($A9,3),Paramétres!$A:$D,4)),0)) -> 10458.688
A10: BEN 09 | D10: BENNE | E10: FIAT | F10: DUCATO | J10: 43770 | K10: 22574.76 | M10: =T_BASE[[#This Row],[VALEUR ACHAT]] -> 22574.76 | N10: =T_BASE[[#This Row],[MONTANT PEC APRES AMORT.]] -> 22574.76 | O10: 63 | P10: 45566 | Q10: 177 | R10: 2868.26 | S10: 120 | T10: =$O10/12 -> 5.25 | U10: =YEAR(J10) -> 2019 | V10: =T_BASE[[#This Row],[ANNEE ACQT]]+T_BASE[[#This Row],[AMORT.]] -> 2024.25 | W10: =$N10-IF(W$1<=$V10,0,IF(W$1>IF($V10<2022,2022,$V10),IF(W$1-IF($V10<2022,2022,$V10)=1,$N10*VLOOKUP(LEFT($A10,3),Paramétres!A:D,3,0),$N10*VLOOKUP(LEFT($A10,3),Paramétres!A:D,4)),0)) -> 21446.022 | X10: =IF(W10<$N10,W10,$N10)-IF(X$1<=$U10,0,IF(X$1>IF($U10<2022,2022,$U10),IF(X$1-IF($U10<2022,2022,$U10)=1,IF(W10<$N10,W10,$N10)*VLOOKUP(LEFT($A10,3),Paramétres!$A:$D,3,0),IF(W10<$N10,W10,$N10)*VLOOKUP(LEFT($A10,3),Paramétres!$A:$D,4)),0)) -> 20373.721 | Y10: =IF(X10<$N10,X10,$N10)-IF(Y$1<=$U10,0,IF(Y$1>IF($U10<2022,2022,$U10),IF(Y$1-IF($U10<2022,2022,$U10)=1,IF(X10<$N10,X10,$N10)*VLOOKUP(LEFT($A10,3),Paramétres!$A:$D,3,0),IF(X10<$N10,X10,$N10)*VLOOKUP(LEFT($A10,3),Paramétres!$A:$D,4)),0)) -> 19355.035 | Z10: =IF(Y10<$N10,Y10,$N10)-IF(Z$1<=$U10,0,IF(Z$1>IF($U10<2022,2022,$U10),IF(Z$1-IF($U10<2022,2022,$U10)=1,IF(Y10<$N10,Y10,$N10)*VLOOKUP(LEFT($A10,3),Paramétres!$A:$D,3,0),IF(Y10<$N10,Y10,$N10)*VLOOKUP(LEFT($A10,3),Paramétres!$A:$D,4)),0)) -> 18387.283 | AA10: =IF(Z10<$N10,Z10,$N10)-IF(AA$1<=$U10,0,IF(AA$1>IF($U10<2022,2022,$U10),IF(AA$1-IF($U10<2022,2022,$U10)=1,IF(Z10<$N10,Z10,$N10)*VLOOKUP(LEFT($A10,3),Paramétres!$A:$D,3,0),IF(Z10<$N10,Z10,$N10)*VLOOKUP(LEFT($A10,3),Paramétres!$A:$D,4)),0)) -> 17467.919 | AB10: =IF(AA10<$N10,AA10,$N10)-IF(AB$1<=$U10,0,IF(AB$1>IF($U10<2022,2022,$U10),IF(AB$1-IF($U10<2022,2022,$U10)=1,IF(AA10<$N10,AA10,$N10)*VLOOKUP(LEFT($A10,3),Paramétres!$A:$D,3,0),IF(AA10<$N10,AA10,$N10)*VLOOKUP(LEFT($A10,3),Paramétres!$A:$D,4)),0)) -> 16594.523 | AC10: =IF(AB10<$N10,AB10,$N10)-IF(AC$1<=$U10,0,IF(AC$1>IF($U10<2022,2022,$U10),IF(AC$1-IF($U10<2022,2022,$U10)=1,IF(AB10<$N10,AB10,$N10)*VLOOKUP(LEFT($A10,3),Paramétres!$A:$D,3,0),IF(AB10<$N10,AB10,$N10)*VLOOKUP(LEFT($A10,3),Paramétres!$A:$D,4)),0)) -> 15764.797 | AD10: =IF(AC10<$N10,AC10,$N10)-IF(AD$1<=$U10,0,IF(AD$1>IF($U10<2022,2022,$U10),IF(AD$1-IF($U10<2022,2022,$U10)=1,IF(AC10<$N10,AC10,$N10)*VLOOKUP(LEFT($A10,3),Paramétres!$A:$D,3,0),IF(AC10<$N10,AC10,$N10)*VLOOKUP(LEFT($A10,3),Paramétres!$A:$D,4)),0)) -> 14976.557 | AE10: =IF(AD10<$N10,AD10,$N10)-IF(AE$1<=$U10,0,IF(AE$1>IF($U10<2022,2022,$U10),IF(AE$1-IF($U10<2022,2022,$U10)=1,IF(AD10<$N10,AD10,$N10)*VLOOKUP(LEFT($A10,3),Paramétres!$A:$D,3,0),IF(AD10<$N10,AD10,$N10)*VLOOKUP(LEFT($A10,3),Paramétres!$A:$D,4)),0)) -> 14227.729 | ... AK10: =IF(AJ10<$N10,AJ10,$N10)-IF(AK$1<=$U10,0,IF(AK$1>IF($U10<2022,2022,$U10),IF(AK$1-IF($U10<2022,2022,$U10)=1,IF(AJ10<$N10,AJ10,$N10)*VLOOKUP(LEFT($A10,3),Paramétres!$A:$D,3,0),IF(AJ10<$N10,AJ10,$N10)*VLOOKUP(LEFT($A10,3),Paramétres!$A:$D,4)),0)) -> 10458.688
A11: BEN 10 | D11: BENNE | E11: FIAT | F11: DUCATO | J11: 44298 | K11: 24584 | M11: =T_BASE[[#This Row],[VALEUR ACHAT]] -> 24584 | N11: =T_BASE[[#This Row],[MONTANT PEC APRES AMORT.]] -> 24584 | O11: 60 | P11: 46093 | Q11: 523.8 | R11: 3058 | S11: 120 | T11: =$O11/12 -> 5 | U11: =YEAR(J11) -> 2021 | V11: =T_BASE[[#This Row],[ANNEE ACQT]]+T_BASE[[#This Row],[AMORT.]] -> 2026 | W11: =$N11-IF(W$1<=$V11,0,IF(W$1>IF($V11<2022,2022,$V11),IF(W$1-IF($V11<2022,2022,$V11)=1,$N11*VLOOKUP(LEFT($A11,3),Paramétres!A:D,3,0),$N11*VLOOKUP(LEFT($A11,3),Paramétres!A:D,4)),0)) -> 23354.8 | X11: =IF(W11<$N11,W11,$N11)-IF(X$1<=$U11,0,IF(X$1>IF($U11<2022,2022,$U11),IF(X$1-IF($U11<2022,2022,$U11)=1,IF(W11<$N11,W11,$N11)*VLOOKUP(LEFT($A11,3),Paramétres!$A:$D,3,0),IF(W11<$N11,W11,$N11)*VLOOKUP(LEFT($A11,3),Paramétres!$A:$D,4)),0)) -> 22187.06 | Y11: =IF(X11<$N11,X11,$N11)-IF(Y$1<=$U11,0,IF(Y$1>IF($U11<2022,2022,$U11),IF(Y$1-IF($U11<2022,2022,$U11)=1,IF(X11<$N11,X11,$N11)*VLOOKUP(LEFT($A11,3),Paramétres!$A:$D,3,0),IF(X11<$N11,X11,$N11)*VLOOKUP(LEFT($A11,3),Paramétres!$A:$D,4)),0)) -> 21077.707 | Z11: =IF(Y11<$N11,Y11,$N11)-IF(Z$1<=$U11,0,IF(Z$1>IF($U11<2022,2022,$U11),IF(Z$1-IF($U11<2022,2022,$U11)=1,IF(Y11<$N11,Y11,$N11)*VLOOKUP(LEFT($A11,3),Paramétres!$A:$D,3,0),IF(Y11<$N11,Y11,$N11)*VLOOKUP(LEFT($A11,3),Paramétres!$A:$D,4)),0)) -> 20023.822 | AA11: =IF(Z11<$N11,Z11,$N11)-IF(AA$1<=$U11,0,IF(AA$1>IF($U11<2022,2022,$U11),IF(AA$1-IF($U11<2022,2022,$U11)=1,IF(Z11<$N11,Z11,$N11)*VLOOKUP(LEFT($A11,3),Paramétres!$A:$D,3,0),IF(Z11<$N11,Z11,$N11)*VLOOKUP(LEFT($A11,3),Paramétres!$A:$D,4)),0)) -> 19022.631 | AB11: =IF(AA11<$N11,AA11,$N11)-IF(AB$1<=$U11,0,IF(AB$1>IF($U11<2022,2022,$U11),IF(AB$1-IF($U11<2022,2022,$U11)=1,IF(AA11<$N11,AA11,$N11)*VLOOKUP(LEFT($A11,3),Paramétres!$A:$D,3,0),IF(AA11<$N11,AA11,$N11)*VLOOKUP(LEFT($A11,3),Paramétres!$A:$D,4)),0)) -> 18071.499 | AC11: =IF(AB11<$N11,AB11,$N11)-IF(AC$1<=$U11,0,IF(AC$1>IF($U11<2022,2022,$U11),IF(AC$1-IF($U11<2022,2022,$U11)=1,IF(AB11<$N11,AB11,$N11)*VLOOKUP(LEFT($A11,3),Paramétres!$A:$D,3,0),IF(AB11<$N11,AB11,$N11)*VLOOKUP(LEFT($A11,3),Paramétres!$A:$D,4)),0)) -> 17167.924 | AD11: =IF(AC11<$N11,AC11,$N11)-IF(AD$1<=$U11,0,IF(AD$1>IF($U11<2022,2022,$U11),IF(AD$1-IF($U11<2022,2022,$U11)=1,IF(AC11<$N11,AC11,$N11)*VLOOKUP(LEFT($A11,3),Paramétres!$A:$D,3,0),IF(AC11<$N11,AC11,$N11)*VLOOKUP(LEFT($A11,3),Paramétres!$A:$D,4)),0)) -> 16309.528 | AE11: =IF(AD11<$N11,AD11,$N11)-IF(AE$1<=$U11,0,IF(AE$1>IF($U11<2022,2022,$U11),IF(AE$1-IF($U11<2022,2022,$U11)=1,IF(AD11<$N11,AD11,$N11)*VLOOKUP(LEFT($A11,3),Paramétres!$A:$D,3,0),IF(AD11<$N11,AD11,$N11)*VLOOKUP(LEFT($A11,3),Paramétres!$A:$D,4)),0)) -> 15494.051 | ... AK11: =IF(AJ11<$N11,AJ11,$N11)-IF(AK$1<=$U11,0,IF(AK$1>IF($U11<2022,2022,$U11),IF(AK$1-IF($U11<2022,2022,$U11)=1,IF(AJ11<$N11,AJ11,$N11)*VLOOKUP(LEFT($A11,3),Paramétres!$A:$D,3,0),IF(AJ11<$N11,AJ11,$N11)*VLOOKUP(LEFT($A11,3),Paramétres!$A:$D,4)),0)) -> 11389.552
A12: BEN 11 | D12: BENNE | E12: FIAT | F12: DUCATO | J12: 44298 | K12: 24584 | M12: =T_BASE[[#This Row],[VALEUR ACHAT]] -> 24584 | N12: =T_BASE[[#This Row],[MONTANT PEC APRES AMORT.]] -> 24584 | O12: 60 | P12: 46093 | Q12: 523.8 | R12: 3058 | S12: 120 | T12: =$O12/12 -> 5 | U12: =YEAR(J12) -> 2021 | V12: =T_BASE[[#This Row],[ANNEE ACQT]]+T_BASE[[#This Row],[AMORT.]] -> 2026 | W12: =$N12-IF(W$1<=$V12,0,IF(W$1>IF($V12<2022,2022,$V12),IF(W$1-IF($V12<2022,2022,$V12)=1,$N12*VLOOKUP(LEFT($A12,3),Paramétres!A:D,3,0),$N12*VLOOKUP(LEFT($A12,3),Paramétres!A:D,4)),0)) -> 23354.8 | X12: =IF(W12<$N12,W12,$N12)-IF(X$1<=$U12,0,IF(X$1>IF($U12<2022,2022,$U12),IF(X$1-IF($U12<2022,2022,$U12)=1,IF(W12<$N12,W12,$N12)*VLOOKUP(LEFT($A12,3),Paramétres!$A:$D,3,0),IF(W12<$N12,W12,$N12)*VLOOKUP(LEFT($A12,3),Paramétres!$A:$D,4)),0)) -> 22187.06 | Y12: =IF(X12<$N12,X12,$N12)-IF(Y$1<=$U12,0,IF(Y$1>IF($U12<2022,2022,$U12),IF(Y$1-IF($U12<2022,2022,$U12)=1,IF(X12<$N12,X12,$N12)*VLOOKUP(LEFT($A12,3),Paramétres!$A:$D,3,0),IF(X12<$N12,X12,$N12)*VLOOKUP(LEFT($A12,3),Paramétres!$A:$D,4)),0)) -> 21077.707 | Z12: =IF(Y12<$N12,Y12,$N12)-IF(Z$1<=$U12,0,IF(Z$1>IF($U12<2022,2022,$U12),IF(Z$1-IF($U12<2022,2022,$U12)=1,IF(Y12<$N12,Y12,$N12)*VLOOKUP(LEFT($A12,3),Paramétres!$A:$D,3,0),IF(Y12<$N12,Y12,$N12)*VLOOKUP(LEFT($A12,3),Paramétres!$A:$D,4)),0)) -> 20023.822 | AA12: =IF(Z12<$N12,Z12,$N12)-IF(AA$1<=$U12,0,IF(AA$1>IF($U12<2022,2022,$U12),IF(AA$1-IF($U12<2022,2022,$U12)=1,IF(Z12<$N12,Z12,$N12)*VLOOKUP(LEFT($A12,3),Paramétres!$A:$D,3,0),IF(Z12<$N12,Z12,$N12)*VLOOKUP(LEFT($A12,3),Paramétres!$A:$D,4)),0)) -> 19022.631 | AB12: =IF(AA12<$N12,AA12,$N12)-IF(AB$1<=$U12,0,IF(AB$1>IF($U12<2022,2022,$U12),IF(AB$1-IF($U12<2022,2022,$U12)=1,IF(AA12<$N12,AA12,$N12)*VLOOKUP(LEFT($A12,3),Paramétres!$A:$D,3,0),IF(AA12<$N12,AA12,$N12)*VLOOKUP(LEFT($A12,3),Paramétres!$A:$D,4)),0)) -> 18071.499 | AC12: =IF(AB12<$N12,AB12,$N12)-IF(AC$1<=$U12,0,IF(AC$1>IF($U12<2022,2022,$U12),IF(AC$1-IF($U12<2022,2022,$U12)=1,IF(AB12<$N12,AB12,$N12)*VLOOKUP(LEFT($A12,3),Paramétres!$A:$D,3,0),IF(AB12<$N12,AB12,$N12)*VLOOKUP(LEFT($A12,3),Paramétres!$A:$D,4)),0)) -> 17167.924 | AD12: =IF(AC12<$N12,AC12,$N12)-IF(AD$1<=$U12,0,IF(AD$1>IF($U12<2022,2022,$U12),IF(AD$1-IF($U12<2022,2022,$U12)=1,IF(AC12<$N12,AC12,$N12)*VLOOKUP(LEFT($A12,3),Paramétres!$A:$D,3,0),IF(AC12<$N12,AC12,$N12)*VLOOKUP(LEFT($A12,3),Paramétres!$A:$D,4)),0)) -> 16309.528 | AE12: =IF(AD12<$N12,AD12,$N12)-IF(AE$1<=$U12,0,IF(AE$1>IF($U12<2022,2022,$U12),IF(AE$1-IF($U12<2022,2022,$U12)=1,IF(AD12<$N12,AD12,$N12)*VLOOKUP(LEFT($A12,3),Paramétres!$A:$D,3,0),IF(AD12<$N12,AD12,$N12)*VLOOKUP(LEFT($A12,3),Paramétres!$A:$D,4)),0)) -> 15494.051 | ... AK12: =IF(AJ12<$N12,AJ12,$N12)-IF(AK$1<=$U12,0,IF(AK$1>IF($U12<2022,2022,$U12),IF(AK$1-IF($U12<2022,2022,$U12)=1,IF(AJ12<$N12,AJ12,$N12)*VLOOKUP(LEFT($A12,3),Paramétres!$A:$D,3,0),IF(AJ12<$N12,AJ12,$N12)*VLOOKUP(LEFT($A12,3),Paramétres!$A:$D,4)),0)) -> 11389.552
A13: BEN 12 | D13: BENNE | E13: RENAULT | F13: MASTER | J13: 44847 | K13: 37497 | M13: =T_BASE[[#This Row],[VALEUR ACHAT]] -> 37497 | N13: =T_BASE[[#This Row],[MONTANT PEC APRES AMORT.]] -> 37497 | O13: 60 | Q13: 582 | R13: 0 | S13: 120 | T13: =$O13/12 -> 5 | U13: =YEAR(J13) -> 2022 | V13: =T_BASE[[#This Row],[ANNEE ACQT]]+T_BASE[[#This Row],[AMORT.]] -> 2027 | W13: =$N13-IF(W$1<=$V13,0,IF(W$1>IF($V13<2022,2022,$V13),IF(W$1-IF($V13<2022,2022,$V13)=1,$N13*VLOOKUP(LEFT($A13,3),Paramétres!A:D,3,0),$N13*VLOOKUP(LEFT($A13,3),Paramétres!A:D,4)),0)) -> 35622.15 | X13: =IF(W13<$N13,W13,$N13)-IF(X$1<=$U13,0,IF(X$1>IF($U13<2022,2022,$U13),IF(X$1-IF($U13<2022,2022,$U13)=1,IF(W13<$N13,W13,$N13)*VLOOKUP(LEFT($A13,3),Paramétres!$A:$D,3,0),IF(W13<$N13,W13,$N13)*VLOOKUP(LEFT($A13,3),Paramétres!$A:$D,4)),0)) -> 33841.043 | Y13: =IF(X13<$N13,X13,$N13)-IF(Y$1<=$U13,0,IF(Y$1>IF($U13<2022,2022,$U13),IF(Y$1-IF($U13<2022,2022,$U13)=1,IF(X13<$N13,X13,$N13)*VLOOKUP(LEFT($A13,3),Paramétres!$A:$D,3,0),IF(X13<$N13,X13,$N13)*VLOOKUP(LEFT($A13,3),Paramétres!$A:$D,4)),0)) -> 32148.99 | Z13: =IF(Y13<$N13,Y13,$N13)-IF(Z$1<=$U13,0,IF(Z$1>IF($U13<2022,2022,$U13),IF(Z$1-IF($U13<2022,2022,$U13)=1,IF(Y13<$N13,Y13,$N13)*VLOOKUP(LEFT($A13,3),Paramétres!$A:$D,3,0),IF(Y13<$N13,Y13,$N13)*VLOOKUP(LEFT($A13,3),Paramétres!$A:$D,4)),0)) -> 30541.541 | AA13: =IF(Z13<$N13,Z13,$N13)-IF(AA$1<=$U13,0,IF(AA$1>IF($U13<2022,2022,$U13),IF(AA$1-IF($U13<2022,2022,$U13)=1,IF(Z13<$N13,Z13,$N13)*VLOOKUP(LEFT($A13,3),Paramétres!$A:$D,3,0),IF(Z13<$N13,Z13,$N13)*VLOOKUP(LEFT($A13,3),Paramétres!$A:$D,4)),0)) -> 29014.464 | AB13: =IF(AA13<$N13,AA13,$N13)-IF(AB$1<=$U13,0,IF(AB$1>IF($U13<2022,2022,$U13),IF(AB$1-IF($U13<2022,2022,$U13)=1,IF(AA13<$N13,AA13,$N13)*VLOOKUP(LEFT($A13,3),Paramétres!$A:$D,3,0),IF(AA13<$N13,AA13,$N13)*VLOOKUP(LEFT($A13,3),Paramétres!$A:$D,4)),0)) -> 27563.741 | AC13: =IF(AB13<$N13,AB13,$N13)-IF(AC$1<=$U13,0,IF(AC$1>IF($U13<2022,2022,$U13),IF(AC$1-IF($U13<2022,2022,$U13)=1,IF(AB13<$N13,AB13,$N13)*VLOOKUP(LEFT($A13,3),Paramétres!$A:$D,3,0),IF(AB13<$N13,AB13,$N13)*VLOOKUP(LEFT($A13,3),Paramétres!$A:$D,4)),0)) -> 26185.554 | AD13: =IF(AC13<$N13,AC13,$N13)-IF(AD$1<=$U13,0,IF(AD$1>IF($U13<2022,2022,$U13),IF(AD$1-IF($U13<2022,2022,$U13)=1,IF(AC13<$N13,AC13,$N13)*VLOOKUP(LEFT($A13,3),Paramétres!$A:$D,3,0),IF(AC13<$N13,AC13,$N13)*VLOOKUP(LEFT($A13,3),Paramétres!$A:$D,4)),0)) -> 24876.276 | AE13: =IF(AD13<$N13,AD13,$N13)-IF(AE$1<=$U13,0,IF(AE$1>IF($U13<2022,2022,$U13),IF(AE$1-IF($U13<2022,2022,$U13)=1,IF(AD13<$N13,AD13,$N13)*VLOOKUP(LEFT($A13,3),Paramétres!$A:$D,3,0),IF(AD13<$N13,AD13,$N13)*VLOOKUP(LEFT($A13,3),Paramétres!$A:$D,4)),0)) -> 23632.462 | ... AK13: =IF(AJ13<$N13,AJ13,$N13)-IF(AK$1<=$U13,0,IF(AK$1>IF($U13<2022,2022,$U13),IF(AK$1-IF($U13<2022,2022,$U13)=1,IF(AJ13<$N13,AJ13,$N13)*VLOOKUP(LEFT($A13,3),Paramétres!$A:$D,3,0),IF(AJ13<$N13,AJ13,$N13)*VLOOKUP(LEFT($A13,3),Paramétres!$A:$D,4)),0)) -> 17372.031
A14: BEN 13 | D14: BENNE | E14: PIAGGIO | F14: PORTER NP6 | J14: 44834 | K14: 28330 | M14: =T_BASE[[#This Row],[VALEUR ACHAT]] -> 28330 | N14: =T_BASE[[#This Row],[MONTANT PEC APRES AMORT.]] -> 28330 | O14: 60 | P14: 46629 | Q14: 495 | R14: 111.6 | S14: 120 | T14: =$O14/12 -> 5 | U14: =YEAR(J14) -> 2022 | V14: =T_BASE[[#This Row],[ANNEE ACQT]]+T_BASE[[#This Row],[AMORT.]] -> 2027 | W14: =$N14-IF(W$1<=$V14,0,IF(W$1>IF($V14<2022,2022,$V14),IF(W$1-IF($V14<2022,2022,$V14)=1,$N14*VLOOKUP(LEFT($A14,3),Paramétres!A:D,3,0),$N14*VLOOKUP(LEFT($A14,3),Paramétres!A:D,4)),0)) -> 26913.5 | X14: =IF(W14<$N14,W14,$N14)-IF(X$1<=$U14,0,IF(X$1>IF($U14<2022,2022,$U14),IF(X$1-IF($U14<2022,2022,$U14)=1,IF(W14<$N14,W14,$N14)*VLOOKUP(LEFT($A14,3),Paramétres!$A:$D,3,0),IF(W14<$N14,W14,$N14)*VLOOKUP(LEFT($A14,3),Paramétres!$A:$D,4)),0)) -> 25567.825 | Y14: =IF(X14<$N14,X14,$N14)-IF(Y$1<=$U14,0,IF(Y$1>IF($U14<2022,2022,$U14),IF(Y$1-IF($U14<2022,2022,$U14)=1,IF(X14<$N14,X14,$N14)*VLOOKUP(LEFT($A14,3),Paramétres!$A:$D,3,0),IF(X14<$N14,X14,$N14)*VLOOKUP(LEFT($A14,3),Paramétres!$A:$D,4)),0)) -> 24289.434 | Z14: =IF(Y14<$N14,Y14,$N14)-IF(Z$1<=$U14,0,IF(Z$1>IF($U14<2022,2022,$U14),IF(Z$1-IF($U14<2022,2022,$U14)=1,IF(Y14<$N14,Y14,$N14)*VLOOKUP(LEFT($A14,3),Paramétres!$A:$D,3,0),IF(Y14<$N14,Y14,$N14)*VLOOKUP(LEFT($A14,3),Paramétres!$A:$D,4)),0)) -> 23074.962 | AA14: =IF(Z14<$N14,Z14,$N14)-IF(AA$1<=$U14,0,IF(AA$1>IF($U14<2022,2022,$U14),IF(AA$1-IF($U14<2022,2022,$U14)=1,IF(Z14<$N14,Z14,$N14)*VLOOKUP(LEFT($A14,3),Paramétres!$A:$D,3,0),IF(Z14<$N14,Z14,$N14)*VLOOKUP(LEFT($A14,3),Paramétres!$A:$D,4)),0)) -> 21921.214 | AB14: =IF(AA14<$N14,AA14,$N14)-IF(AB$1<=$U14,0,IF(AB$1>IF($U14<2022,2022,$U14),IF(AB$1-IF($U14<2022,2022,$U14)=1,IF(AA14<$N14,AA14,$N14)*VLOOKUP(LEFT($A14,3),Paramétres!$A:$D,3,0),IF(AA14<$N14,AA14,$N14)*VLOOKUP(LEFT($A14,3),Paramétres!$A:$D,4)),0)) -> 20825.153 | AC14: =IF(AB14<$N14,AB14,$N14)-IF(AC$1<=$U14,0,IF(AC$1>IF($U14<2022,2022,$U14),IF(AC$1-IF($U14<2022,2022,$U14)=1,IF(AB14<$N14,AB14,$N14)*VLOOKUP(LEFT($A14,3),Paramétres!$A:$D,3,0),IF(AB14<$N14,AB14,$N14)*VLOOKUP(LEFT($A14,3),Paramétres!$A:$D,4)),0)) -> 19783.896 | AD14: =IF(AC14<$N14,AC14,$N14)-IF(AD$1<=$U14,0,IF(AD$1>IF($U14<2022,2022,$U14),IF(AD$1-IF($U14<2022,2022,$U14)=1,IF(AC14<$N14,AC14,$N14)*VLOOKUP(LEFT($A14,3),Paramétres!$A:$D,3,0),IF(AC14<$N14,AC14,$N14)*VLOOKUP(LEFT($A14,3),Paramétres!$A:$D,4)),0)) -> 18794.701 | AE14: =IF(AD14<$N14,AD14,$N14)-IF(AE$1<=$U14,0,IF(AE$1>IF($U14<2022,2022,$U14),IF(AE$1-IF($U14<2022,2022,$U14)=1,IF(AD14<$N14,AD14,$N14)*VLOOKUP(LEFT($A14,3),Paramétres!$A:$D,3,0),IF(AD14<$N14,AD14,$N14)*VLOOKUP(LEFT($A14,3),Paramétres!$A:$D,4)),0)) -> 17854.966 | ... AK14: =IF(AJ14<$N14,AJ14,$N14)-IF(AK$1<=$U14,0,IF(AK$1>IF($U14<2022,2022,$U14),IF(AK$1-IF($U14<2022,2022,$U14)=1,IF(AJ14<$N14,AJ14,$N14)*VLOOKUP(LEFT($A14,3),Paramétres!$A:$D,3,0),IF(AJ14<$N14,AJ14,$N14)*VLOOKUP(LEFT($A14,3),Paramétres!$A:$D,4)),0)) -> 13125.041
A15: BEN 14 | D15: BENNE | E15: RENAULT | F15: MASTER | M15: =T_BASE[[#This Row],[VALEUR ACHAT]] -> 0 | N15: =T_BASE[[#This Row],[MONTANT PEC APRES AMORT.]] -> 0 | R15: 0 | S15: 120 | T15: =$O15/12 -> 0 | U15: =YEAR(J15) -> 1900 | V15: =T_BASE[[#This Row],[ANNEE ACQT]]+T_BASE[[#This Row],[AMORT.]] -> 1900 | W15: =$N15-IF(W$1<=$V15,0,IF(W$1>IF($V15<2022,2022,$V15),IF(W$1-IF($V15<2022,2022,$V15)=1,$N15*VLOOKUP(LEFT($A15,3),Paramétres!A:D,3,0),$N15*VLOOKUP(LEFT($A15,3),Paramétres!A:D,4)),0)) -> 0 | X15: =IF(W15<$N15,W15,$N15)-IF(X$1<=$U15,0,IF(X$1>IF($U15<2022,2022,$U15),IF(X$1-IF($U15<2022,2022,$U15)=1,IF(W15<$N15,W15,$N15)*VLOOKUP(LEFT($A15,3),Paramétres!$A:$D,3,0),IF(W15<$N15,W15,$N15)*VLOOKUP(LEFT($A15,3),Paramétres!$A:$D,4)),0)) -> 0 | Y15: =IF(X15<$N15,X15,$N15)-IF(Y$1<=$U15,0,IF(Y$1>IF($U15<2022,2022,$U15),IF(Y$1-IF($U15<2022,2022,$U15)=1,IF(X15<$N15,X15,$N15)*VLOOKUP(LEFT($A15,3),Paramétres!$A:$D,3,0),IF(X15<$N15,X15,$N15)*VLOOKUP(LEFT($A15,3),Paramétres!$A:$D,4)),0)) -> 0 | Z15: =IF(Y15<$N15,Y15,$N15)-IF(Z$1<=$U15,0,IF(Z$1>IF($U15<2022,2022,$U15),IF(Z$1-IF($U15<2022,2022,$U15)=1,IF(Y15<$N15,Y15,$N15)*VLOOKUP(LEFT($A15,3),Paramétres!$A:$D,3,0),IF(Y15<$N15,Y15,$N15)*VLOOKUP(LEFT($A15,3),Paramétres!$A:$D,4)),0)) -> 0 | AA15: =IF(Z15<$N15,Z15,$N15)-IF(AA$1<=$U15,0,IF(AA$1>IF($U15<2022,2022,$U15),IF(AA$1-IF($U15<2022,2022,$U15)=1,IF(Z15<$N15,Z15,$N15)*VLOOKUP(LEFT($A15,3),Paramétres!$A:$D,3,0),IF(Z15<$N15,Z15,$N15)*VLOOKUP(LEFT($A15,3),Paramétres!$A:$D,4)),0)) -> 0 | AB15: =IF(AA15<$N15,AA15,$N15)-IF(AB$1<=$U15,0,IF(AB$1>IF($U15<2022,2022,$U15),IF(AB$1-IF($U15<2022,2022,$U15)=1,IF(AA15<$N15,AA15,$N15)*VLOOKUP(LEFT($A15,3),Paramétres!$A:$D,3,0),IF(AA15<$N15,AA15,$N15)*VLOOKUP(LEFT($A15,3),Paramétres!$A:$D,4)),0)) -> 0 | AC15: =IF(AB15<$N15,AB15,$N15)-IF(AC$1<=$U15,0,IF(AC$1>IF($U15<2022,2022,$U15),IF(AC$1-IF($U15<2022,2022,$U15)=1,IF(AB15<$N15,AB15,$N15)*VLOOKUP(LEFT($A15,3),Paramétres!$A:$D,3,0),IF(AB15<$N15,AB15,$N15)*VLOOKUP(LEFT($A15,3),Paramétres!$A:$D,4)),0)) -> 0 | AD15: =IF(AC15<$N15,AC15,$N15)-IF(AD$1<=$U15,0,IF(AD$1>IF($U15<2022,2022,$U15),IF(AD$1-IF($U15<2022,2022,$U15)=1,IF(AC15<$N15,AC15,$N15)*VLOOKUP(LEFT($A15,3),Paramétres!$A:$D,3,0),IF(AC15<$N15,AC15,$N15)*VLOOKUP(LEFT($A15,3),Paramétres!$A:$D,4)),0)) -> 0 | AE15: =IF(AD15<$N15,AD15,$N15)-IF(AE$1<=$U15,0,IF(AE$1>IF($U15<2022,2022,$U15),IF(AE$1-IF($U15<2022,2022,$U15)=1,IF(AD15<$N15,AD15,$N15)*VLOOKUP(LEFT($A15,3),Paramétres!$A:$D,3,0),IF(AD15<$N15,AD15,$N15)*VLOOKUP(LEFT($A15,3),Paramétres!$A:$D,4)),0)) -> 0 | ... AK15: =IF(AJ15<$N15,AJ15,$N15)-IF(AK$1<=$U15,0,IF(AK$1>IF($U15<2022,2022,$U15),IF(AK$1-IF($U15<2022,2022,$U15)=1,IF(AJ15<$N15,AJ15,$N15)*VLOOKUP(LEFT($A15,3),Paramétres!$A:$D,3,0),IF(AJ15<$N15,AJ15,$N15)*VLOOKUP(LEFT($A15,3),Paramétres!$A:$D,4)),0)) -> 0
A16: BEN 15 | D16: BENNE | E16: RENAULT | F16: MASTER | M16: =T_BASE[[#This Row],[VALEUR ACHAT]] -> 0 | N16: =T_BASE[[#This Row],[MONTANT PEC APRES AMORT.]] -> 0 | R16: 0 | S16: 120 | T16: =$O16/12 -> 0 | U16: =YEAR(J16) -> 1900 | V16: =T_BASE[[#This Row],[ANNEE ACQT]]+T_BASE[[#This Row],[AMORT.]] -> 1900 | W16: =$N16-IF(W$1<=$V16,0,IF(W$1>IF($V16<2022,2022,$V16),IF(W$1-IF($V16<2022,2022,$V16)=1,$N16*VLOOKUP(LEFT($A16,3),Paramétres!A:D,3,0),$N16*VLOOKUP(LEFT($A16,3),Paramétres!A:D,4)),0)) -> 0 | X16: =IF(W16<$N16,W16,$N16)-IF(X$1<=$U16,0,IF(X$1>IF($U16<2022,2022,$U16),IF(X$1-IF($U16<2022,2022,$U16)=1,IF(W16<$N16,W16,$N16)*VLOOKUP(LEFT($A16,3),Paramétres!$A:$D,3,0),IF(W16<$N16,W16,$N16)*VLOOKUP(LEFT($A16,3),Paramétres!$A:$D,4)),0)) -> 0 | Y16: =IF(X16<$N16,X16,$N16)-IF(Y$1<=$U16,0,IF(Y$1>IF($U16<2022,2022,$U16),IF(Y$1-IF($U16<2022,2022,$U16)=1,IF(X16<$N16,X16,$N16)*VLOOKUP(LEFT($A16,3),Paramétres!$A:$D,3,0),IF(X16<$N16,X16,$N16)*VLOOKUP(LEFT($A16,3),Paramétres!$A:$D,4)),0)) -> 0 | Z16: =IF(Y16<$N16,Y16,$N16)-IF(Z$1<=$U16,0,IF(Z$1>IF($U16<2022,2022,$U16),IF(Z$1-IF($U16<2022,2022,$U16)=1,IF(Y16<$N16,Y16,$N16)*VLOOKUP(LEFT($A16,3),Paramétres!$A:$D,3,0),IF(Y16<$N16,Y16,$N16)*VLOOKUP(LEFT($A16,3),Paramétres!$A:$D,4)),0)) -> 0 | AA16: =IF(Z16<$N16,Z16,$N16)-IF(AA$1<=$U16,0,IF(AA$1>IF($U16<2022,2022,$U16),IF(AA$1-IF($U16<2022,2022,$U16)=1,IF(Z16<$N16,Z16,$N16)*VLOOKUP(LEFT($A16,3),Paramétres!$A:$D,3,0),IF(Z16<$N16,Z16,$N16)*VLOOKUP(LEFT($A16,3),Paramétres!$A:$D,4)),0)) -> 0 | AB16: =IF(AA16<$N16,AA16,$N16)-IF(AB$1<=$U16,0,IF(AB$1>IF($U16<2022,2022,$U16),IF(AB$1-IF($U16<2022,2022,$U16)=1,IF(AA16<$N16,AA16,$N16)*VLOOKUP(LEFT($A16,3),Paramétres!$A:$D,3,0),IF(AA16<$N16,AA16,$N16)*VLOOKUP(LEFT($A16,3),Paramétres!$A:$D,4)),0)) -> 0 | AC16: =IF(AB16<$N16,AB16,$N16)-IF(AC$1<=$U16,0,IF(AC$1>IF($U16<2022,2022,$U16),IF(AC$1-IF($U16<2022,2022,$U16)=1,IF(AB16<$N16,AB16,$N16)*VLOOKUP(LEFT($A16,3),Paramétres!$A:$D,3,0),IF(AB16<$N16,AB16,$N16)*VLOOKUP(LEFT($A16,3),Paramétres!$A:$D,4)),0)) -> 0 | AD16: =IF(AC16<$N16,AC16,$N16)-IF(AD$1<=$U16,0,IF(AD$1>IF($U16<2022,2022,$U16),IF(AD$1-IF($U16<2022,2022,$U16)=1,IF(AC16<$N16,AC16,$N16)*VLOOKUP(LEFT($A16,3),Paramétres!$A:$D,3,0),IF(AC16<$N16,AC16,$N16)*VLOOKUP(LEFT($A16,3),Paramétres!$A:$D,4)),0)) -> 0 | AE16: =IF(AD16<$N16,AD16,$N16)-IF(AE$1<=$U16,0,IF(AE$1>IF($U16<2022,2022,$U16),IF(AE$1-IF($U16<2022,2022,$U16)=1,IF(AD16<$N16,AD16,$N16)*VLOOKUP(LEFT($A16,3),Paramétres!$A:$D,3,0),IF(AD16<$N16,AD16,$N16)*VLOOKUP(LEFT($A16,3),Paramétres!$A:$D,4)),0)) -> 0 | ... AK16: =IF(AJ16<$N16,AJ16,$N16)-IF(AK$1<=$U16,0,IF(AK$1>IF($U16<2022,2022,$U16),IF(AK$1-IF($U16<2022,2022,$U16)=1,IF(AJ16<$N16,AJ16,$N16)*VLOOKUP(LEFT($A16,3),Paramétres!$A:$D,3,0),IF(AJ16<$N16,AJ16,$N16)*VLOOKUP(LEFT($A16,3),Paramétres!$A:$D,4)),0)) -> 0
A17: BEN 16 | D17: BENNE | M17: =T_BASE[[#This Row],[VALEUR ACHAT]] -> 0 | N17: =T_BASE[[#This Row],[MONTANT PEC APRES AMORT.]] -> 0 | R17: 0 | S17: 120 | T17: =$O17/12 -> 0 | U17: =YEAR(J17) -> 1900 | V17: =T_BASE[[#This Row],[ANNEE ACQT]]+T_BASE[[#This Row],[AMORT.]] -> 1900 | W17: =$N17-IF(W$1<=$V17,0,IF(W$1>IF($V17<2022,2022,$V17),IF(W$1-IF($V17<2022,2022,$V17)=1,$N17*VLOOKUP(LEFT($A17,3),Paramétres!A:D,3,0),$N17*VLOOKUP(LEFT($A17,3),Paramétres!A:D,4)),0)) -> 0 | X17: =IF(W17<$N17,W17,$N17)-IF(X$1<=$U17,0,IF(X$1>IF($U17<2022,2022,$U17),IF(X$1-IF($U17<2022,2022,$U17)=1,IF(W17<$N17,W17,$N17)*VLOOKUP(LEFT($A17,3),Paramétres!$A:$D,3,0),IF(W17<$N17,W17,$N17)*VLOOKUP(LEFT($A17,3),Paramétres!$A:$D,4)),0)) -> 0 | Y17: =IF(X17<$N17,X17,$N17)-IF(Y$1<=$U17,0,IF(Y$1>IF($U17<2022,2022,$U17),IF(Y$1-IF($U17<2022,2022,$U17)=1,IF(X17<$N17,X17,$N17)*VLOOKUP(LEFT($A17,3),Paramétres!$A:$D,3,0),IF(X17<$N17,X17,$N17)*VLOOKUP(LEFT($A17,3),Paramétres!$A:$D,4)),0)) -> 0 | Z17: =IF(Y17<$N17,Y17,$N17)-IF(Z$1<=$U17,0,IF(Z$1>IF($U17<2022,2022,$U17),IF(Z$1-IF($U17<2022,2022,$U17)=1,IF(Y17<$N17,Y17,$N17)*VLOOKUP(LEFT($A17,3),Paramétres!$A:$D,3,0),IF(Y17<$N17,Y17,$N17)*VLOOKUP(LEFT($A17,3),Paramétres!$A:$D,4)),0)) -> 0 | AA17: =IF(Z17<$N17,Z17,$N17)-IF(AA$1<=$U17,0,IF(AA$1>IF($U17<2022,2022,$U17),IF(AA$1-IF($U17<2022,2022,$U17)=1,IF(Z17<$N17,Z17,$N17)*VLOOKUP(LEFT($A17,3),Paramétres!$A:$D,3,0),IF(Z17<$N17,Z17,$N17)*VLOOKUP(LEFT($A17,3),Paramétres!$A:$D,4)),0)) -> 0 | AB17: =IF(AA17<$N17,AA17,$N17)-IF(AB$1<=$U17,0,IF(AB$1>IF($U17<2022,2022,$U17),IF(AB$1-IF($U17<2022,2022,$U17)=1,IF(AA17<$N17,AA17,$N17)*VLOOKUP(LEFT($A17,3),Paramétres!$A:$D,3,0),IF(AA17<$N17,AA17,$N17)*VLOOKUP(LEFT($A17,3),Paramétres!$A:$D,4)),0)) -> 0 | AC17: =IF(AB17<$N17,AB17,$N17)-IF(AC$1<=$U17,0,IF(AC$1>IF($U17<2022,2022,$U17),IF(AC$1-IF($U17<2022,2022,$U17)=1,IF(AB17<$N17,AB17,$N17)*VLOOKUP(LEFT($A17,3),Paramétres!$A:$D,3,0),IF(AB17<$N17,AB17,$N17)*VLOOKUP(LEFT($A17,3),Paramétres!$A:$D,4)),0)) -> 0 | AD17: =IF(AC17<$N17,AC17,$N17)-IF(AD$1<=$U17,0,IF(AD$1>IF($U17<2022,2022,$U17),IF(AD$1-IF($U17<2022,2022,$U17)=1,IF(AC17<$N17,AC17,$N17)*VLOOKUP(LEFT($A17,3),Paramétres!$A:$D,3,0),IF(AC17<$N17,AC17,$N17)*VLOOKUP(LEFT($A17,3),Paramétres!$A:$D,4)),0)) -> 0 | AE17: =IF(AD17<$N17,AD17,$N17)-IF(AE$1<=$U17,0,IF(AE$1>IF($U17<2022,2022,$U17),IF(AE$1-IF($U17<2022,2022,$U17)=1,IF(AD17<$N17,AD17,$N17)*VLOOKUP(LEFT($A17,3),Paramétres!$A:$D,3,0),IF(AD17<$N17,AD17,$N17)*VLOOKUP(LEFT($A17,3),Paramétres!$A:$D,4)),0)) -> 0 | ... AK17: =IF(AJ17<$N17,AJ17,$N17)-IF(AK$1<=$U17,0,IF(AK$1>IF($U17<2022,2022,$U17),IF(AK$1-IF($U17<2022,2022,$U17)=1,IF(AJ17<$N17,AJ17,$N17)*VLOOKUP(LEFT($A17,3),Paramétres!$A:$D,3,0),IF(AJ17<$N17,AJ17,$N17)*VLOOKUP(LEFT($A17,3),Paramétres!$A:$D,4)),0)) -> 0
A18: VL 001 | D18: VEHICULE LEGER | E18: RENAULT | F18: CLIO | J18: 42753 | K18: 1900 | L18: cédé le 31/12/2021 | M18: =T_BASE[[#This Row],[VALEUR ACHAT]] -> 1900 | N18: =T_BASE[[#This Row],[MONTANT PEC APRES AMORT.]] -> 1900 | O18: 36 | P18: 44561 | Q18: 445.5 | R18: 0 | S18: 120 | T18: =$O18/12 -> 3 | U18: =YEAR(J18) -> 2017 | V18: =T_BASE[[#This Row],[ANNEE ACQT]]+T_BASE[[#This Row],[AMORT.]] -> 2020 | W18: =$N18-IF(W$1<=$V18,0,IF(W$1>IF($V18<2022,2022,$V18),IF(W$1-IF($V18<2022,2022,$V18)=1,$N18*VLOOKUP(LEFT($A18,3),Paramétres!A:D,3,0),$N18*VLOOKUP(LEFT($A18,3),Paramétres!A:D,4)),0)) -> 1890.5 | X18: =IF(W18<$N18,W18,$N18)-IF(X$1<=$U18,0,IF(X$1>IF($U18<2022,2022,$U18),IF(X$1-IF($U18<2022,2022,$U18)=1,IF(W18<$N18,W18,$N18)*VLOOKUP(LEFT($A18,3),Paramétres!$A:$D,3,0),IF(W18<$N18,W18,$N18)*VLOOKUP(LEFT($A18,3),Paramétres!$A:$D,4)),0)) -> 1758.165 | Y18: =IF(X18<$N18,X18,$N18)-IF(Y$1<=$U18,0,IF(Y$1>IF($U18<2022,2022,$U18),IF(Y$1-IF($U18<2022,2022,$U18)=1,IF(X18<$N18,X18,$N18)*VLOOKUP(LEFT($A18,3),Paramétres!$A:$D,3,0),IF(X18<$N18,X18,$N18)*VLOOKUP(LEFT($A18,3),Paramétres!$A:$D,4)),0)) -> 1635.0934 | Z18: =IF(Y18<$N18,Y18,$N18)-IF(Z$1<=$U18,0,IF(Z$1>IF($U18<2022,2022,$U18),IF(Z$1-IF($U18<2022,2022,$U18)=1,IF(Y18<$N18,Y18,$N18)*VLOOKUP(LEFT($A18,3),Paramétres!$A:$D,3,0),IF(Y18<$N18,Y18,$N18)*VLOOKUP(LEFT($A18,3),Paramétres!$A:$D,4)),0)) -> 1520.6369 | AA18: =IF(Z18<$N18,Z18,$N18)-IF(AA$1<=$U18,0,IF(AA$1>IF($U18<2022,2022,$U18),IF(AA$1-IF($U18<2022,2022,$U18)=1,IF(Z18<$N18,Z18,$N18)*VLOOKUP(LEFT($A18,3),Paramétres!$A:$D,3,0),IF(Z18<$N18,Z18,$N18)*VLOOKUP(LEFT($A18,3),Paramétres!$A:$D,4)),0)) -> 1414.1923 | AB18: =IF(AA18<$N18,AA18,$N18)-IF(AB$1<=$U18,0,IF(AB$1>IF($U18<2022,2022,$U18),IF(AB$1-IF($U18<2022,2022,$U18)=1,IF(AA18<$N18,AA18,$N18)*VLOOKUP(LEFT($A18,3),Paramétres!$A:$D,3,0),IF(AA18<$N18,AA18,$N18)*VLOOKUP(LEFT($A18,3),Paramétres!$A:$D,4)),0)) -> 1315.1989 | AC18: =IF(AB18<$N18,AB18,$N18)-IF(AC$1<=$U18,0,IF(AC$1>IF($U18<2022,2022,$U18),IF(AC$1-IF($U18<2022,2022,$U18)=1,IF(AB18<$N18,AB18,$N18)*VLOOKUP(LEFT($A18,3),Paramétres!$A:$D,3,0),IF(AB18<$N18,AB18,$N18)*VLOOKUP(LEFT($A18,3),Paramétres!$A:$D,4)),0)) -> 1223.1349 | AD18: =IF(AC18<$N18,AC18,$N18)-IF(AD$1<=$U18,0,IF(AD$1>IF($U18<2022,2022,$U18),IF(AD$1-IF($U18<2022,2022,$U18)=1,IF(AC18<$N18,AC18,$N18)*VLOOKUP(LEFT($A18,3),Paramétres!$A:$D,3,0),IF(AC18<$N18,AC18,$N18)*VLOOKUP(LEFT($A18,3),Paramétres!$A:$D,4)),0)) -> 1137.5155 | AE18: =IF(AD18<$N18,AD18,$N18)-IF(AE$1<=$U18,0,IF(AE$1>IF($U18<2022,2022,$U18),IF(AE$1-IF($U18<2022,2022,$U18)=1,IF(AD18<$N18,AD18,$N18)*VLOOKUP(LEFT($A18,3),Paramétres!$A:$D,3,0),IF(AD18<$N18,AD18,$N18)*VLOOKUP(LEFT($A18,3),Paramétres!$A:$D,4)),0)) -> 1057.8894 | ... AK18: =IF(AJ18<$N18,AJ18,$N18)-IF(AK$1<=$U18,0,IF(AK$1>IF($U18<2022,2022,$U18),IF(AK$1-IF($U18<2022,2022,$U18)=1,IF(AJ18<$N18,AJ18,$N18)*VLOOKUP(LEFT($A18,3),Paramétres!$A:$D,3,0),IF(AJ18<$N18,AJ18,$N18)*VLOOKUP(LEFT($A18,3),Paramétres!$A:$D,4)),0)) -> 684.44406
A19: VL 002 | D19: VEHICULE LEGER | E19: RENAULT | F19: KANGOO | J19: 42856 | K19: 5495 | L19: cédé le 18/06/2021 | M19: =T_BASE[[#This Row],[VALEUR ACHAT]] -> 5495 | N19: =T_BASE[[#This Row],[MONTANT PEC APRES AMORT.]] -> 5495 | O19: 48 | P19: 44290 | Q19: 445.5 | R19: 0 | S19: 120 | T19: =$O19/12 -> 4 | U19: =YEAR(J19) -> 2017 | V19: =T_BASE[[#This Row],[ANNEE ACQT]]+T_BASE[[#This Row],[AMORT.]] -> 2021 | W19: =$N19-IF(W$1<=$V19,0,IF(W$1>IF($V19<2022,2022,$V19),IF(W$1-IF($V19<2022,2022,$V19)=1,$N19*VLOOKUP(LEFT($A19,3),Paramétres!A:D,3,0),$N19*VLOOKUP(LEFT($A19,3),Paramétres!A:D,4)),0)) -> 5467.525 | X19: =IF(W19<$N19,W19,$N19)-IF(X$1<=$U19,0,IF(X$1>IF($U19<2022,2022,$U19),IF(X$1-IF($U19<2022,2022,$U19)=1,IF(W19<$N19,W19,$N19)*VLOOKUP(LEFT($A19,3),Paramétres!$A:$D,3,0),IF(W19<$N19,W19,$N19)*VLOOKUP(LEFT($A19,3),Paramétres!$A:$D,4)),0)) -> 5084.7982 | Y19: =IF(X19<$N19,X19,$N19)-IF(Y$1<=$U19,0,IF(Y$1>IF($U19<2022,2022,$U19),IF(Y$1-IF($U19<2022,2022,$U19)=1,IF(X19<$N19,X19,$N19)*VLOOKUP(LEFT($A19,3),Paramétres!$A:$D,3,0),IF(X19<$N19,X19,$N19)*VLOOKUP(LEFT($A19,3),Paramétres!$A:$D,4)),0)) -> 4728.8624 | Z19: =IF(Y19<$N19,Y19,$N19)-IF(Z$1<=$U19,0,IF(Z$1>IF($U19<2022,2022,$U19),IF(Z$1-IF($U19<2022,2022,$U19)=1,IF(Y19<$N19,Y19,$N19)*VLOOKUP(LEFT($A19,3),Paramétres!$A:$D,3,0),IF(Y19<$N19,Y19,$N19)*VLOOKUP(LEFT($A19,3),Paramétres!$A:$D,4)),0)) -> 4397.842 | AA19: =IF(Z19<$N19,Z19,$N19)-IF(AA$1<=$U19,0,IF(AA$1>IF($U19<2022,2022,$U19),IF(AA$1-IF($U19<2022,2022,$U19)=1,IF(Z19<$N19,Z19,$N19)*VLOOKUP(LEFT($A19,3),Paramétres!$A:$D,3,0),IF(Z19<$N19,Z19,$N19)*VLOOKUP(LEFT($A19,3),Paramétres!$A:$D,4)),0)) -> 4089.9931 | AB19: =IF(AA19<$N19,AA19,$N19)-IF(AB$1<=$U19,0,IF(AB$1>IF($U19<2022,2022,$U19),IF(AB$1-IF($U19<2022,2022,$U19)=1,IF(AA19<$N19,AA19,$N19)*VLOOKUP(LEFT($A19,3),Paramétres!$A:$D,3,0),IF(AA19<$N19,AA19,$N19)*VLOOKUP(LEFT($A19,3),Paramétres!$A:$D,4)),0)) -> 3803.6936 | AC19: =IF(AB19<$N19,AB19,$N19)-IF(AC$1<=$U19,0,IF(AC$1>IF($U19<2022,2022,$U19),IF(AC$1-IF($U19<2022,2022,$U19)=1,IF(AB19<$N19,AB19,$N19)*VLOOKUP(LEFT($A19,3),Paramétres!$A:$D,3,0),IF(AB19<$N19,AB19,$N19)*VLOOKUP(LEFT($A19,3),Paramétres!$A:$D,4)),0)) -> 3537.435 | AD19: =IF(AC19<$N19,AC19,$N19)-IF(AD$1<=$U19,0,IF(AD$1>IF($U19<2022,2022,$U19),IF(AD$1-IF($U19<2022,2022,$U19)=1,IF(AC19<$N19,AC19,$N19)*VLOOKUP(LEFT($A19,3),Paramétres!$A:$D,3,0),IF(AC19<$N19,AC19,$N19)*VLOOKUP(LEFT($A19,3),Paramétres!$A:$D,4)),0)) -> 3289.8146 | AE19: =IF(AD19<$N19,AD19,$N19)-IF(AE$1<=$U19,0,IF(AE$1>IF($U19<2022,2022,$U19),IF(AE$1-IF($U19<2022,2022,$U19)=1,IF(AD19<$N19,AD19,$N19)*VLOOKUP(LEFT($A19,3),Paramétres!$A:$D,3,0),IF(AD19<$N19,AD19,$N19)*VLOOKUP(LEFT($A19,3),Paramétres!$A:$D,4)),0)) -> 3059.5275 | ... AK19: =IF(AJ19<$N19,AJ19,$N19)-IF(AK$1<=$U19,0,IF(AK$1>IF($U19<2022,2022,$U19),IF(AK$1-IF($U19<2022,2022,$U19)=1,IF(AJ19<$N19,AJ19,$N19)*VLOOKUP(LEFT($A19,3),Paramétres!$A:$D,3,0),IF(AJ19<$N19,AJ19,$N19)*VLOOKUP(LEFT($A19,3),Paramétres!$A:$D,4)),0)) -> 1979.4843
A20: VL 003 | D20: VEHICULE LEGER | E20: PEUGEOT | F20: EXPERT | J20: 43069 | K20: 19906.9 | L20: cédé le 31/12/2021 | M20: =T_BASE[[#This Row],[VALEUR ACHAT]] -> 19906.9 | N20: =T_BASE[[#This Row],[MONTANT PEC APRES AMORT.]] -> 19906.9 | O20: 48 | P20: 44500 | Q20: 445.5 | R20: 0 | S20: 120 | T20: =$O20/12 -> 4 | U20: =YEAR(J20) -> 2017 | V20: =T_BASE[[#This Row],[ANNEE ACQT]]+T_BASE[[#This Row],[AMORT.]] -> 2021 | W20: =$N20-IF(W$1<=$V20,0,IF(W$1>IF($V20<2022,2022,$V20),IF(W$1-IF($V20<2022,2022,$V20)=1,$N20*VLOOKUP(LEFT($A20,3),Paramétres!A:D,3,0),$N20*VLOOKUP(LEFT($A20,3),Paramétres!A:D,4)),0)) -> 19807.365 | X20: =IF(W20<$N20,W20,$N20)-IF(X$1<=$U20,0,IF(X$1>IF($U20<2022,2022,$U20),IF(X$1-IF($U20<2022,2022,$U20)=1,IF(W20<$N20,W20,$N20)*VLOOKUP(LEFT($A20,3),Paramétres!$A:$D,3,0),IF(W20<$N20,W20,$N20)*VLOOKUP(LEFT($A20,3),Paramétres!$A:$D,4)),0)) -> 18420.85 | Y20: =IF(X20<$N20,X20,$N20)-IF(Y$1<=$U20,0,IF(Y$1>IF($U20<2022,2022,$U20),IF(Y$1-IF($U20<2022,2022,$U20)=1,IF(X20<$N20,X20,$N20)*VLOOKUP(LEFT($A20,3),Paramétres!$A:$D,3,0),IF(X20<$N20,X20,$N20)*VLOOKUP(LEFT($A20,3),Paramétres!$A:$D,4)),0)) -> 17131.39 | Z20: =IF(Y20<$N20,Y20,$N20)-IF(Z$1<=$U20,0,IF(Z$1>IF($U20<2022,2022,$U20),IF(Z$1-IF($U20<2022,2022,$U20)=1,IF(Y20<$N20,Y20,$N20)*VLOOKUP(LEFT($A20,3),Paramétres!$A:$D,3,0),IF(Y20<$N20,Y20,$N20)*VLOOKUP(LEFT($A20,3),Paramétres!$A:$D,4)),0)) -> 15932.193 | AA20: =IF(Z20<$N20,Z20,$N20)-IF(AA$1<=$U20,0,IF(AA$1>IF($U20<2022,2022,$U20),IF(AA$1-IF($U20<2022,2022,$U20)=1,IF(Z20<$N20,Z20,$N20)*VLOOKUP(LEFT($A20,3),Paramétres!$A:$D,3,0),IF(Z20<$N20,Z20,$N20)*VLOOKUP(LEFT($A20,3),Paramétres!$A:$D,4)),0)) -> 14816.94 | AB20: =IF(AA20<$N20,AA20,$N20)-IF(AB$1<=$U20,0,IF(AB$1>IF($U20<2022,2022,$U20),IF(AB$1-IF($U20<2022,2022,$U20)=1,IF(AA20<$N20,AA20,$N20)*VLOOKUP(LEFT($A20,3),Paramétres!$A:$D,3,0),IF(AA20<$N20,AA20,$N20)*VLOOKUP(LEFT($A20,3),Paramétres!$A:$D,4)),0)) -> 13779.754 | AC20: =IF(AB20<$N20,AB20,$N20)-IF(AC$1<=$U20,0,IF(AC$1>IF($U20<2022,2022,$U20),IF(AC$1-IF($U20<2022,2022,$U20)=1,IF(AB20<$N20,AB20,$N20)*VLOOKUP(LEFT($A20,3),Paramétres!$A:$D,3,0),IF(AB20<$N20,AB20,$N20)*VLOOKUP(LEFT($A20,3),Paramétres!$A:$D,4)),0)) -> 12815.171 | AD20: =IF(AC20<$N20,AC20,$N20)-IF(AD$1<=$U20,0,IF(AD$1>IF($U20<2022,2022,$U20),IF(AD$1-IF($U20<2022,2022,$U20)=1,IF(AC20<$N20,AC20,$N20)*VLOOKUP(LEFT($A20,3),Paramétres!$A:$D,3,0),IF(AC20<$N20,AC20,$N20)*VLOOKUP(LEFT($A20,3),Paramétres!$A:$D,4)),0)) -> 11918.109 | AE20: =IF(AD20<$N20,AD20,$N20)-IF(AE$1<=$U20,0,IF(AE$1>IF($U20<2022,2022,$U20),IF(AE$1-IF($U20<2022,2022,$U20)=1,IF(AD20<$N20,AD20,$N20)*VLOOKUP(LEFT($A20,3),Paramétres!$A:$D,3,0),IF(AD20<$N20,AD20,$N20)*VLOOKUP(LEFT($A20,3),Paramétres!$A:$D,4)),0)) -> 11083.841 | ... AK20: =IF(AJ20<$N20,AJ20,$N20)-IF(AK$1<=$U20,0,IF(AK$1>IF($U20<2022,2022,$U20),IF(AK$1-IF($U20<2022,2022,$U20)=1,IF(AJ20<$N20,AJ20,$N20)*VLOOKUP(LEFT($A20,3),Paramétres!$A:$D,3,0),IF(AJ20<$N20,AJ20,$N20)*VLOOKUP(LEFT($A20,3),Paramétres!$A:$D,4)),0)) -> 7171.1366
A21: VL 004 | D21: VEHICULE LEGER | E21: RENAULT | F21: MASTER | J21: 43553 | K21: 17306.67 | M21: =T_BASE[[#This Row],[VALEUR ACHAT]] -> 17306.67 | N21: =T_BASE[[#This Row],[MONTANT PEC APRES AMORT.]] -> 17306.67 | O21: 48 | P21: 45077 | Q21: 540 | R21: 0 | S21: 120 | T21: =$O21/12 -> 4 | U21: =YEAR(J21) -> 2019 | V21: =T_BASE[[#This Row],[ANNEE ACQT]]+T_BASE[[#This Row],[AMORT.]] -> 2023 | W21: =$N21-IF(W$1<=$V21,0,IF(W$1>IF($V21<2022,2022,$V21),IF(W$1-IF($V21<2022,2022,$V21)=1,$N21*VLOOKUP(LEFT($A21,3),Paramétres!A:D,3,0),$N21*VLOOKUP(LEFT($A21,3),Paramétres!A:D,4)),0)) -> 16095.203 | X21: =IF(W21<$N21,W21,$N21)-IF(X$1<=$U21,0,IF(X$1>IF($U21<2022,2022,$U21),IF(X$1-IF($U21<2022,2022,$U21)=1,IF(W21<$N21,W21,$N21)*VLOOKUP(LEFT($A21,3),Paramétres!$A:$D,3,0),IF(W21<$N21,W21,$N21)*VLOOKUP(LEFT($A21,3),Paramétres!$A:$D,4)),0)) -> 14968.539 | Y21: =IF(X21<$N21,X21,$N21)-IF(Y$1<=$U21,0,IF(Y$1>IF($U21<2022,2022,$U21),IF(Y$1-IF($U21<2022,2022,$U21)=1,IF(X21<$N21,X21,$N21)*VLOOKUP(LEFT($A21,3),Paramétres!$A:$D,3,0),IF(X21<$N21,X21,$N21)*VLOOKUP(LEFT($A21,3),Paramétres!$A:$D,4)),0)) -> 13920.741 | Z21: =IF(Y21<$N21,Y21,$N21)-IF(Z$1<=$U21,0,IF(Z$1>IF($U21<2022,2022,$U21),IF(Z$1-IF($U21<2022,2022,$U21)=1,IF(Y21<$N21,Y21,$N21)*VLOOKUP(LEFT($A21,3),Paramétres!$A:$D,3,0),IF(Y21<$N21,Y21,$N21)*VLOOKUP(LEFT($A21,3),Paramétres!$A:$D,4)),0)) -> 12946.289 | AA21: =IF(Z21<$N21,Z21,$N21)-IF(AA$1<=$U21,0,IF(AA$1>IF($U21<2022,2022,$U21),IF(AA$1-IF($U21<2022,2022,$U21)=1,IF(Z21<$N21,Z21,$N21)*VLOOKUP(LEFT($A21,3),Paramétres!$A:$D,3,0),IF(Z21<$N21,Z21,$N21)*VLOOKUP(LEFT($A21,3),Paramétres!$A:$D,4)),0)) -> 12040.049 | AB21: =IF(AA21<$N21,AA21,$N21)-IF(AB$1<=$U21,0,IF(AB$1>IF($U21<2022,2022,$U21),IF(AB$1-IF($U21<2022,2022,$U21)=1,IF(AA21<$N21,AA21,$N21)*VLOOKUP(LEFT($A21,3),Paramétres!$A:$D,3,0),IF(AA21<$N21,AA21,$N21)*VLOOKUP(LEFT($A21,3),Paramétres!$A:$D,4)),0)) -> 11197.246 | AC21: =IF(AB21<$N21,AB21,$N21)-IF(AC$1<=$U21,0,IF(AC$1>IF($U21<2022,2022,$U21),IF(AC$1-IF($U21<2022,2022,$U21)=1,IF(AB21<$N21,AB21,$N21)*VLOOKUP(LEFT($A21,3),Paramétres!$A:$D,3,0),IF(AB21<$N21,AB21,$N21)*VLOOKUP(LEFT($A21,3),Paramétres!$A:$D,4)),0)) -> 10413.438 | AD21: =IF(AC21<$N21,AC21,$N21)-IF(AD$1<=$U21,0,IF(AD$1>IF($U21<2022,2022,$U21),IF(AD$1-IF($U21<2022,2022,$U21)=1,IF(AC21<$N21,AC21,$N21)*VLOOKUP(LEFT($A21,3),Paramétres!$A:$D,3,0),IF(AC21<$N21,AC21,$N21)*VLOOKUP(LEFT($A21,3),Paramétres!$A:$D,4)),0)) -> 9684.4977 | AE21: =IF(AD21<$N21,AD21,$N21)-IF(AE$1<=$U21,0,IF(AE$1>IF($U21<2022,2022,$U21),IF(AE$1-IF($U21<2022,2022,$U21)=1,IF(AD21<$N21,AD21,$N21)*VLOOKUP(LEFT($A21,3),Paramétres!$A:$D,3,0),IF(AD21<$N21,AD21,$N21)*VLOOKUP(LEFT($A21,3),Paramétres!$A:$D,4)),0)) -> 9006.5829 | ... AK21: =IF(AJ21<$N21,AJ21,$N21)-IF(AK$1<=$U21,0,IF(AK$1>IF($U21<2022,2022,$U21),IF(AK$1-IF($U21<2022,2022,$U21)=1,IF(AJ21<$N21,AJ21,$N21)*VLOOKUP(LEFT($A21,3),Paramétres!$A:$D,3,0),IF(AJ21<$N21,AJ21,$N21)*VLOOKUP(LEFT($A21,3),Paramétres!$A:$D,4)),0)) -> 5827.1707
A22: VL 005 | D22: VEHICULE LEGER | E22: IVECO | F22: DAILY | J22: 43701 | K22: 23750 | M22: =T_BASE[[#This Row],[VALEUR ACHAT]] -> 23750 | N22: =T_BASE[[#This Row],[MONTANT PEC APRES AMORT.]] -> 23750 | O22: 62 | P22: 45540 | Q22: 585 | R22: 0 | S22: 120 | T22: =$O22/12 -> 5.1666667 | U22: =YEAR(J22) -> 2019 | V22: =T_BASE[[#This Row],[ANNEE ACQT]]+T_BASE[[#This Row],[AMORT.]] -> 2024.1667 | W22: =$N22-IF(W$1<=$V22,0,IF(W$1>IF($V22<2022,2022,$V22),IF(W$1-IF($V22<2022,2022,$V22)=1,$N22*VLOOKUP(LEFT($A22,3),Paramétres!A:D,3,0),$N22*VLOOKUP(LEFT($A22,3),Paramétres!A:D,4)),0)) -> 22087.5 | X22: =IF(W22<$N22,W22,$N22)-IF(X$1<=$U22,0,IF(X$1>IF($U22<2022,2022,$U22),IF(X$1-IF($U22<2022,2022,$U22)=1,IF(W22<$N22,W22,$N22)*VLOOKUP(LEFT($A22,3),Paramétres!$A:$D,3,0),IF(W22<$N22,W22,$N22)*VLOOKUP(LEFT($A22,3),Paramétres!$A:$D,4)),0)) -> 20541.375 | Y22: =IF(X22<$N22,X22,$N22)-IF(Y$1<=$U22,0,IF(Y$1>IF($U22<2022,2022,$U22),IF(Y$1-IF($U22<2022,2022,$U22)=1,IF(X22<$N22,X22,$N22)*VLOOKUP(LEFT($A22,3),Paramétres!$A:$D,3,0),IF(X22<$N22,X22,$N22)*VLOOKUP(LEFT($A22,3),Paramétres!$A:$D,4)),0)) -> 19103.479 | Z22: =IF(Y22<$N22,Y22,$N22)-IF(Z$1<=$U22,0,IF(Z$1>IF($U22<2022,2022,$U22),IF(Z$1-IF($U22<2022,2022,$U22)=1,IF(Y22<$N22,Y22,$N22)*VLOOKUP(LEFT($A22,3),Paramétres!$A:$D,3,0),IF(Y22<$N22,Y22,$N22)*VLOOKUP(LEFT($A22,3),Paramétres!$A:$D,4)),0)) -> 17766.235 | AA22: =IF(Z22<$N22,Z22,$N22)-IF(AA$1<=$U22,0,IF(AA$1>IF($U22<2022,2022,$U22),IF(AA$1-IF($U22<2022,2022,$U22)=1,IF(Z22<$N22,Z22,$N22)*VLOOKUP(LEFT($A22,3),Paramétres!$A:$D,3,0),IF(Z22<$N22,Z22,$N22)*VLOOKUP(LEFT($A22,3),Paramétres!$A:$D,4)),0)) -> 16522.599 | AB22: =IF(AA22<$N22,AA22,$N22)-IF(AB$1<=$U22,0,IF(AB$1>IF($U22<2022,2022,$U22),IF(AB$1-IF($U22<2022,2022,$U22)=1,IF(AA22<$N22,AA22,$N22)*VLOOKUP(LEFT($A22,3),Paramétres!$A:$D,3,0),IF(AA22<$N22,AA22,$N22)*VLOOKUP(LEFT($A22,3),Paramétres!$A:$D,4)),0)) -> 15366.017 | AC22: =IF(AB22<$N22,AB22,$N22)-IF(AC$1<=$U22,0,IF(AC$1>IF($U22<2022,2022,$U22),IF(AC$1-IF($U22<2022,2022,$U22)=1,IF(AB22<$N22,AB22,$N22)*VLOOKUP(LEFT($A22,3),Paramétres!$A:$D,3,0),IF(AB22<$N22,AB22,$N22)*VLOOKUP(LEFT($A22,3),Paramétres!$A:$D,4)),0)) -> 14290.396 | AD22: =IF(AC22<$N22,AC22,$N22)-IF(AD$1<=$U22,0,IF(AD$1>IF($U22<2022,2022,$U22),IF(AD$1-IF($U22<2022,2022,$U22)=1,IF(AC22<$N22,AC22,$N22)*VLOOKUP(LEFT($A22,3),Paramétres!$A:$D,3,0),IF(AC22<$N22,AC22,$N22)*VLOOKUP(LEFT($A22,3),Paramétres!$A:$D,4)),0)) -> 13290.068 | AE22: =IF(AD22<$N22,AD22,$N22)-IF(AE$1<=$U22,0,IF(AE$1>IF($U22<2022,2022,$U22),IF(AE$1-IF($U22<2022,2022,$U22)=1,IF(AD22<$N22,AD22,$N22)*VLOOKUP(LEFT($A22,3),Paramétres!$A:$D,3,0),IF(AD22<$N22,AD22,$N22)*VLOOKUP(LEFT($A22,3),Paramétres!$A:$D,4)),0)) -> 12359.763 | ... AK22: =IF(AJ22<$N22,AJ22,$N22)-IF(AK$1<=$U22,0,IF(AK$1>IF($U22<2022,2022,$U22),IF(AK$1-IF($U22<2022,2022,$U22)=1,IF(AJ22<$N22,AJ22,$N22)*VLOOKUP(LEFT($A22,3),Paramétres!$A:$D,3,0),IF(AJ22<$N22,AJ22,$N22)*VLOOKUP(LEFT($A22,3),Paramétres!$A:$D,4)),0)) -> 7996.6455
A23: VL 006 | D23: VEHICULE LEGER | E23: RENAULT | F23: CLIO | J23: 43929 | K23: 4302.79 | M23: =T_BASE[[#This Row],[VALEUR ACHAT]] -> 4302.79 | N23: =T_BASE[[#This Row],[MONTANT PEC APRES AMORT.]] -> 4302.79 | O23: 48 | P23: 45448 | Q23: 396 | R23: 0 | S23: 120 | T23: =$O23/12 -> 4 | U23: =YEAR(J23) -> 2020 | V23: =T_BASE[[#This Row],[ANNEE ACQT]]+T_BASE[[#This Row],[AMORT.]] -> 2024 | W23: =$N23-IF(W$1<=$V23,0,IF(W$1>IF($V23<2022,2022,$V23),IF(W$1-IF($V23<2022,2022,$V23)=1,$N23*VLOOKUP(LEFT($A23,3),Paramétres!A:D,3,0),$N23*VLOOKUP(LEFT($A23,3),Paramétres!A:D,4)),0)) -> 4001.5947 | X23: =IF(W23<$N23,W23,$N23)-IF(X$1<=$U23,0,IF(X$1>IF($U23<2022,2022,$U23),IF(X$1-IF($U23<2022,2022,$U23)=1,IF(W23<$N23,W23,$N23)*VLOOKUP(LEFT($A23,3),Paramétres!$A:$D,3,0),IF(W23<$N23,W23,$N23)*VLOOKUP(LEFT($A23,3),Paramétres!$A:$D,4)),0)) -> 3721.4831 | Y23: =IF(X23<$N23,X23,$N23)-IF(Y$1<=$U23,0,IF(Y$1>IF($U23<2022,2022,$U23),IF(Y$1-IF($U23<2022,2022,$U23)=1,IF(X23<$N23,X23,$N23)*VLOOKUP(LEFT($A23,3),Paramétres!$A:$D,3,0),IF(X23<$N23,X23,$N23)*VLOOKUP(LEFT($A23,3),Paramétres!$A:$D,4)),0)) -> 3460.9793 | Z23: =IF(Y23<$N23,Y23,$N23)-IF(Z$1<=$U23,0,IF(Z$1>IF($U23<2022,2022,$U23),IF(Z$1-IF($U23<2022,2022,$U23)=1,IF(Y23<$N23,Y23,$N23)*VLOOKUP(LEFT($A23,3),Paramétres!$A:$D,3,0),IF(Y23<$N23,Y23,$N23)*VLOOKUP(LEFT($A23,3),Paramétres!$A:$D,4)),0)) -> 3218.7107 | AA23: =IF(Z23<$N23,Z23,$N23)-IF(AA$1<=$U23,0,IF(AA$1>IF($U23<2022,2022,$U23),IF(AA$1-IF($U23<2022,2022,$U23)=1,IF(Z23<$N23,Z23,$N23)*VLOOKUP(LEFT($A23,3),Paramétres!$A:$D,3,0),IF(Z23<$N23,Z23,$N23)*VLOOKUP(LEFT($A23,3),Paramétres!$A:$D,4)),0)) -> 2993.401 | AB23: =IF(AA23<$N23,AA23,$N23)-IF(AB$1<=$U23,0,IF(AB$1>IF($U23<2022,2022,$U23),IF(AB$1-IF($U23<2022,2022,$U23)=1,IF(AA23<$N23,AA23,$N23)*VLOOKUP(LEFT($A23,3),Paramétres!$A:$D,3,0),IF(AA23<$N23,AA23,$N23)*VLOOKUP(LEFT($A23,3),Paramétres!$A:$D,4)),0)) -> 2783.8629 | AC23: =IF(AB23<$N23,AB23,$N23)-IF(AC$1<=$U23,0,IF(AC$1>IF($U23<2022,2022,$U23),IF(AC$1-IF($U23<2022,2022,$U23)=1,IF(AB23<$N23,AB23,$N23)*VLOOKUP(LEFT($A23,3),Paramétres!$A:$D,3,0),IF(AB23<$N23,AB23,$N23)*VLOOKUP(LEFT($A23,3),Paramétres!$A:$D,4)),0)) -> 2588.9925 | AD23: =IF(AC23<$N23,AC23,$N23)-IF(AD$1<=$U23,0,IF(AD$1>IF($U23<2022,2022,$U23),IF(AD$1-IF($U23<2022,2022,$U23)=1,IF(AC23<$N23,AC23,$N23)*VLOOKUP(LEFT($A23,3),Paramétres!$A:$D,3,0),IF(AC23<$N23,AC23,$N23)*VLOOKUP(LEFT($A23,3),Paramétres!$A:$D,4)),0)) -> 2407.763 | AE23: =IF(AD23<$N23,AD23,$N23)-IF(AE$1<=$U23,0,IF(AE$1>IF($U23<2022,2022,$U23),IF(AE$1-IF($U23<2022,2022,$U23)=1,IF(AD23<$N23,AD23,$N23)*VLOOKUP(LEFT($A23,3),Paramétres!$A:$D,3,0),IF(AD23<$N23,AD23,$N23)*VLOOKUP(LEFT($A23,3),Paramétres!$A:$D,4)),0)) -> 2239.2196 | ... AK23: =IF(AJ23<$N23,AJ23,$N23)-IF(AK$1<=$U23,0,IF(AK$1>IF($U23<2022,2022,$U23),IF(AK$1-IF($U23<2022,2022,$U23)=1,IF(AJ23<$N23,AJ23,$N23)*VLOOKUP(LEFT($A23,3),Paramétres!$A:$D,3,0),IF(AJ23<$N23,AJ23,$N23)*VLOOKUP(LEFT($A23,3),Paramétres!$A:$D,4)),0)) -> 1448.7531
A24: VL 007 | D24: VEHICULE LEGER | E24: FIAT | F24: TALENTO | J24: 44279 | K24: 21541.88 | M24: =T_BASE[[#This Row],[VALEUR ACHAT]] -> 21541.88 | N24: =T_BASE[[#This Row],[MONTANT PEC APRES AMORT.]] -> 21541.88 | O24: 48 | P24: 45728 | Q24: 445.5 | R24: 0 | S24: 120 | T24: =$O24/12 -> 4 | U24: =YEAR(J24) -> 2021 | V24: =T_BASE[[#This Row],[ANNEE ACQT]]+T_BASE[[#This Row],[AMORT.]] -> 2025 | W24: =$N24-IF(W$1<=$V24,0,IF(W$1>IF($V24<2022,2022,$V24),IF(W$1-IF($V24<2022,2022,$V24)=1,$N24*VLOOKUP(LEFT($A24,3),Paramétres!A:D,3,0),$N24*VLOOKUP(LEFT($A24,3),Paramétres!A:D,4)),0)) -> 20033.948 | X24: =IF(W24<$N24,W24,$N24)-IF(X$1<=$U24,0,IF(X$1>IF($U24<2022,2022,$U24),IF(X$1-IF($U24<2022,2022,$U24)=1,IF(W24<$N24,W24,$N24)*VLOOKUP(LEFT($A24,3),Paramétres!$A:$D,3,0),IF(W24<$N24,W24,$N24)*VLOOKUP(LEFT($A24,3),Paramétres!$A:$D,4)),0)) -> 18631.572 | Y24: =IF(X24<$N24,X24,$N24)-IF(Y$1<=$U24,0,IF(Y$1>IF($U24<2022,2022,$U24),IF(Y$1-IF($U24<2022,2022,$U24)=1,IF(X24<$N24,X24,$N24)*VLOOKUP(LEFT($A24,3),Paramétres!$A:$D,3,0),IF(X24<$N24,X24,$N24)*VLOOKUP(LEFT($A24,3),Paramétres!$A:$D,4)),0)) -> 17327.362 | Z24: =IF(Y24<$N24,Y24,$N24)-IF(Z$1<=$U24,0,IF(Z$1>IF($U24<2022,2022,$U24),IF(Z$1-IF($U24<2022,2022,$U24)=1,IF(Y24<$N24,Y24,$N24)*VLOOKUP(LEFT($A24,3),Paramétres!$A:$D,3,0),IF(Y24<$N24,Y24,$N24)*VLOOKUP(LEFT($A24,3),Paramétres!$A:$D,4)),0)) -> 16114.447 | AA24: =IF(Z24<$N24,Z24,$N24)-IF(AA$1<=$U24,0,IF(AA$1>IF($U24<2022,2022,$U24),IF(AA$1-IF($U24<2022,2022,$U24)=1,IF(Z24<$N24,Z24,$N24)*VLOOKUP(LEFT($A24,3),Paramétres!$A:$D,3,0),IF(Z24<$N24,Z24,$N24)*VLOOKUP(LEFT($A24,3),Paramétres!$A:$D,4)),0)) -> 14986.435 | AB24: =IF(AA24<$N24,AA24,$N24)-IF(AB$1<=$U24,0,IF(AB$1>IF($U24<2022,2022,$U24),IF(AB$1-IF($U24<2022,2022,$U24)=1,IF(AA24<$N24,AA24,$N24)*VLOOKUP(LEFT($A24,3),Paramétres!$A:$D,3,0),IF(AA24<$N24,AA24,$N24)*VLOOKUP(LEFT($A24,3),Paramétres!$A:$D,4)),0)) -> 13937.385 | AC24: =IF(AB24<$N24,AB24,$N24)-IF(AC$1<=$U24,0,IF(AC$1>IF($U24<2022,2022,$U24),IF(AC$1-IF($U24<2022,2022,$U24)=1,IF(AB24<$N24,AB24,$N24)*VLOOKUP(LEFT($A24,3),Paramétres!$A:$D,3,0),IF(AB24<$N24,AB24,$N24)*VLOOKUP(LEFT($A24,3),Paramétres!$A:$D,4)),0)) -> 12961.768 | AD24: =IF(AC24<$N24,AC24,$N24)-IF(AD$1<=$U24,0,IF(AD$1>IF($U24<2022,2022,$U24),IF(AD$1-IF($U24<2022,2022,$U24)=1,IF(AC24<$N24,AC24,$N24)*VLOOKUP(LEFT($A24,3),Paramétres!$A:$D,3,0),IF(AC24<$N24,AC24,$N24)*VLOOKUP(LEFT($A24,3),Paramétres!$A:$D,4)),0)) -> 12054.444 | AE24: =IF(AD24<$N24,AD24,$N24)-IF(AE$1<=$U24,0,IF(AE$1>IF($U24<2022,2022,$U24),IF(AE$1-IF($U24<2022,2022,$U24)=1,IF(AD24<$N24,AD24,$N24)*VLOOKUP(LEFT($A24,3),Paramétres!$A:$D,3,0),IF(AD24<$N24,AD24,$N24)*VLOOKUP(LEFT($A24,3),Paramétres!$A:$D,4)),0)) -> 11210.633 | ... AK24: =IF(AJ24<$N24,AJ24,$N24)-IF(AK$1<=$U24,0,IF(AK$1>IF($U24<2022,2022,$U24),IF(AK$1-IF($U24<2022,2022,$U24)=1,IF(AJ24<$N24,AJ24,$N24)*VLOOKUP(LEFT($A24,3),Paramétres!$A:$D,3,0),IF(AJ24<$N24,AJ24,$N24)*VLOOKUP(LEFT($A24,3),Paramétres!$A:$D,4)),0)) -> 7253.1696
A25: VL 008 | D25: VEHICULE LEGER | E25: TOYOTA | F25: PRAOCE CITY | J25: 44535 | K25: 17799.16 | M25: =T_BASE[[#This Row],[VALEUR ACHAT]] -> 17799.16 | N25: =T_BASE[[#This Row],[MONTANT PEC APRES AMORT.]] -> 17799.16 | O25: 48 | P25: 45959 | Q25: 445.5 | R25: 0 | S25: 120 | T25: =$O25/12 -> 4 | U25: =YEAR(J25) -> 2021 | V25: =T_BASE[[#This Row],[ANNEE ACQT]]+T_BASE[[#This Row],[AMORT.]] -> 2025 | W25: =$N25-IF(W$1<=$V25,0,IF(W$1>IF($V25<2022,2022,$V25),IF(W$1-IF($V25<2022,2022,$V25)=1,$N25*VLOOKUP(LEFT($A25,3),Paramétres!A:D,3,0),$N25*VLOOKUP(LEFT($A25,3),Paramétres!A:D,4)),0)) -> 16553.219 | X25: =IF(W25<$N25,W25,$N25)-IF(X$1<=$U25,0,IF(X$1>IF($U25<2022,2022,$U25),IF(X$1-IF($U25<2022,2022,$U25)=1,IF(W25<$N25,W25,$N25)*VLOOKUP(LEFT($A25,3),Paramétres!$A:$D,3,0),IF(W25<$N25,W25,$N25)*VLOOKUP(LEFT($A25,3),Paramétres!$A:$D,4)),0)) -> 15394.493 | Y25: =IF(X25<$N25,X25,$N25)-IF(Y$1<=$U25,0,IF(Y$1>IF($U25<2022,2022,$U25),IF(Y$1-IF($U25<2022,2022,$U25)=1,IF(X25<$N25,X25,$N25)*VLOOKUP(LEFT($A25,3),Paramétres!$A:$D,3,0),IF(X25<$N25,X25,$N25)*VLOOKUP(LEFT($A25,3),Paramétres!$A:$D,4)),0)) -> 14316.879 | Z25: =IF(Y25<$N25,Y25,$N25)-IF(Z$1<=$U25,0,IF(Z$1>IF($U25<2022,2022,$U25),IF(Z$1-IF($U25<2022,2022,$U25)=1,IF(Y25<$N25,Y25,$N25)*VLOOKUP(LEFT($A25,3),Paramétres!$A:$D,3,0),IF(Y25<$N25,Y25,$N25)*VLOOKUP(LEFT($A25,3),Paramétres!$A:$D,4)),0)) -> 13314.697 | AA25: =IF(Z25<$N25,Z25,$N25)-IF(AA$1<=$U25,0,IF(AA$1>IF($U25<2022,2022,$U25),IF(AA$1-IF($U25<2022,2022,$U25)=1,IF(Z25<$N25,Z25,$N25)*VLOOKUP(LEFT($A25,3),Paramétres!$A:$D,3,0),IF(Z25<$N25,Z25,$N25)*VLOOKUP(LEFT($A25,3),Paramétres!$A:$D,4)),0)) -> 12382.669 | AB25: =IF(AA25<$N25,AA25,$N25)-IF(AB$1<=$U25,0,IF(AB$1>IF($U25<2022,2022,$U25),IF(AB$1-IF($U25<2022,2022,$U25)=1,IF(AA25<$N25,AA25,$N25)*VLOOKUP(LEFT($A25,3),Paramétres!$A:$D,3,0),IF(AA25<$N25,AA25,$N25)*VLOOKUP(LEFT($A25,3),Paramétres!$A:$D,4)),0)) -> 11515.882 | AC25: =IF(AB25<$N25,AB25,$N25)-IF(AC$1<=$U25,0,IF(AC$1>IF($U25<2022,2022,$U25),IF(AC$1-IF($U25<2022,2022,$U25)=1,IF(AB25<$N25,AB25,$N25)*VLOOKUP(LEFT($A25,3),Paramétres!$A:$D,3,0),IF(AB25<$N25,AB25,$N25)*VLOOKUP(LEFT($A25,3),Paramétres!$A:$D,4)),0)) -> 10709.77 | AD25: =IF(AC25<$N25,AC25,$N25)-IF(AD$1<=$U25,0,IF(AD$1>IF($U25<2022,2022,$U25),IF(AD$1-IF($U25<2022,2022,$U25)=1,IF(AC25<$N25,AC25,$N25)*VLOOKUP(LEFT($A25,3),Paramétres!$A:$D,3,0),IF(AC25<$N25,AC25,$N25)*VLOOKUP(LEFT($A25,3),Paramétres!$A:$D,4)),0)) -> 9960.0862 | AE25: =IF(AD25<$N25,AD25,$N25)-IF(AE$1<=$U25,0,IF(AE$1>IF($U25<2022,2022,$U25),IF(AE$1-IF($U25<2022,2022,$U25)=1,IF(AD25<$N25,AD25,$N25)*VLOOKUP(LEFT($A25,3),Paramétres!$A:$D,3,0),IF(AD25<$N25,AD25,$N25)*VLOOKUP(LEFT($A25,3),Paramétres!$A:$D,4)),0)) -> 9262.8801 | ... AK25: =IF(AJ25<$N25,AJ25,$N25)-IF(AK$1<=$U25,0,IF(AK$1>IF($U25<2022,2022,$U25),IF(AK$1-IF($U25<2022,2022,$U25)=1,IF(AJ25<$N25,AJ25,$N25)*VLOOKUP(LEFT($A25,3),Paramétres!$A:$D,3,0),IF(AJ25<$N25,AJ25,$N25)*VLOOKUP(LEFT($A25,3),Paramétres!$A:$D,4)),0)) -> 5992.9925
A26: VL 009 | D26: VEHICULE LEGER | E26: TOYOTA | F26: YARIS | J26: 44376 | K26: 22801.28 | M26: =T_BASE[[#This Row],[VALEUR ACHAT]] -> 22801.28 | N26: =T_BASE[[#This Row],[MONTANT PEC APRES AMORT.]] -> 22801.28 | O26: 49 | Q26: 180 | R26: 0 | S26: 120 | T26: =$O26/12 -> 4.0833333 | U26: =YEAR(J26) -> 2021 | V26: =T_BASE[[#This Row],[ANNEE ACQT]]+T_BASE[[#This Row],[AMORT.]] -> 2025.0833 | W26: =$N26-IF(W$1<=$V26,0,IF(W$1>IF($V26<2022,2022,$V26),IF(W$1-IF($V26<2022,2022,$V26)=1,$N26*VLOOKUP(LEFT($A26,3),Paramétres!A:D,3,0),$N26*VLOOKUP(LEFT($A26,3),Paramétres!A:D,4)),0)) -> 21205.19 | X26: =IF(W26<$N26,W26,$N26)-IF(X$1<=$U26,0,IF(X$1>IF($U26<2022,2022,$U26),IF(X$1-IF($U26<2022,2022,$U26)=1,IF(W26<$N26,W26,$N26)*VLOOKUP(LEFT($A26,3),Paramétres!$A:$D,3,0),IF(W26<$N26,W26,$N26)*VLOOKUP(LEFT($A26,3),Paramétres!$A:$D,4)),0)) -> 19720.827 | Y26: =IF(X26<$N26,X26,$N26)-IF(Y$1<=$U26,0,IF(Y$1>IF($U26<2022,2022,$U26),IF(Y$1-IF($U26<2022,2022,$U26)=1,IF(X26<$N26,X26,$N26)*VLOOKUP(LEFT($A26,3),Paramétres!$A:$D,3,0),IF(X26<$N26,X26,$N26)*VLOOKUP(LEFT($A26,3),Paramétres!$A:$D,4)),0)) -> 18340.369 | Z26: =IF(Y26<$N26,Y26,$N26)-IF(Z$1<=$U26,0,IF(Z$1>IF($U26<2022,2022,$U26),IF(Z$1-IF($U26<2022,2022,$U26)=1,IF(Y26<$N26,Y26,$N26)*VLOOKUP(LEFT($A26,3),Paramétres!$A:$D,3,0),IF(Y26<$N26,Y26,$N26)*VLOOKUP(LEFT($A26,3),Paramétres!$A:$D,4)),0)) -> 17056.543 | AA26: =IF(Z26<$N26,Z26,$N26)-IF(AA$1<=$U26,0,IF(AA$1>IF($U26<2022,2022,$U26),IF(AA$1-IF($U26<2022,2022,$U26)=1,IF(Z26<$N26,Z26,$N26)*VLOOKUP(LEFT($A26,3),Paramétres!$A:$D,3,0),IF(Z26<$N26,Z26,$N26)*VLOOKUP(LEFT($A26,3),Paramétres!$A:$D,4)),0)) -> 15862.585 | AB26: =IF(AA26<$N26,AA26,$N26)-IF(AB$1<=$U26,0,IF(AB$1>IF($U26<2022,2022,$U26),IF(AB$1-IF($U26<2022,2022,$U26)=1,IF(AA26<$N26,AA26,$N26)*VLOOKUP(LEFT($A26,3),Paramétres!$A:$D,3,0),IF(AA26<$N26,AA26,$N26)*VLOOKUP(LEFT($A26,3),Paramétres!$A:$D,4)),0)) -> 14752.204 | AC26: =IF(AB26<$N26,AB26,$N26)-IF(AC$1<=$U26,0,IF(AC$1>IF($U26<2022,2022,$U26),IF(AC$1-IF($U26<2022,2022,$U26)=1,IF(AB26<$N26,AB26,$N26)*VLOOKUP(LEFT($A26,3),Paramétres!$A:$D,3,0),IF(AB26<$N26,AB26,$N26)*VLOOKUP(LEFT($A26,3),Paramétres!$A:$D,4)),0)) -> 13719.55 | AD26: =IF(AC26<$N26,AC26,$N26)-IF(AD$1<=$U26,0,IF(AD$1>IF($U26<2022,2022,$U26),IF(AD$1-IF($U26<2022,2022,$U26)=1,IF(AC26<$N26,AC26,$N26)*VLOOKUP(LEFT($A26,3),Paramétres!$A:$D,3,0),IF(AC26<$N26,AC26,$N26)*VLOOKUP(LEFT($A26,3),Paramétres!$A:$D,4)),0)) -> 12759.182 | AE26: =IF(AD26<$N26,AD26,$N26)-IF(AE$1<=$U26,0,IF(AE$1>IF($U26<2022,2022,$U26),IF(AE$1-IF($U26<2022,2022,$U26)=1,IF(AD26<$N26,AD26,$N26)*VLOOKUP(LEFT($A26,3),Paramétres!$A:$D,3,0),IF(AD26<$N26,AD26,$N26)*VLOOKUP(LEFT($A26,3),Paramétres!$A:$D,4)),0)) -> 11866.039 | ... AK26: =IF(AJ26<$N26,AJ26,$N26)-IF(AK$1<=$U26,0,IF(AK$1>IF($U26<2022,2022,$U26),IF(AK$1-IF($U26<2022,2022,$U26)=1,IF(AJ26<$N26,AJ26,$N26)*VLOOKUP(LEFT($A26,3),Paramétres!$A:$D,3,0),IF(AJ26<$N26,AJ26,$N26)*VLOOKUP(LEFT($A26,3),Paramétres!$A:$D,4)),0)) -> 7677.2106
A27: VL 010 | D27: VEHICULE LEGER | E27: RENAULT | F27: ZOE | J27: 44999 | K27: 22918.96 | M27: =T_BASE[[#This Row],[VALEUR ACHAT]] -> 22918.96 | N27: =T_BASE[[#This Row],[MONTANT PEC APRES AMORT.]] -> 22918.96 | O27: 60 | R27: 0 | S27: 120 | T27: =$O27/12 -> 5 | U27: =YEAR(J27) -> 2023 | V27: =T_BASE[[#This Row],[ANNEE ACQT]]+T_BASE[[#This Row],[AMORT.]] -> 2028 | W27: =$N27-IF(W$1<=$V27,0,IF(W$1>IF($V27<2022,2022,$V27),IF(W$1-IF($V27<2022,2022,$V27)=1,$N27*VLOOKUP(LEFT($A27,3),Paramétres!A:D,3,0),$N27*VLOOKUP(LEFT($A27,3),Paramétres!A:D,4)),0)) -> 21314.633 | X27: =IF(W27<$N27,W27,$N27)-IF(X$1<=$U27,0,IF(X$1>IF($U27<2022,2022,$U27),IF(X$1-IF($U27<2022,2022,$U27)=1,IF(W27<$N27,W27,$N27)*VLOOKUP(LEFT($A27,3),Paramétres!$A:$D,3,0),IF(W27<$N27,W27,$N27)*VLOOKUP(LEFT($A27,3),Paramétres!$A:$D,4)),0)) -> 21208.06 | Y27: =IF(X27<$N27,X27,$N27)-IF(Y$1<=$U27,0,IF(Y$1>IF($U27<2022,2022,$U27),IF(Y$1-IF($U27<2022,2022,$U27)=1,IF(X27<$N27,X27,$N27)*VLOOKUP(LEFT($A27,3),Paramétres!$A:$D,3,0),IF(X27<$N27,X27,$N27)*VLOOKUP(LEFT($A27,3),Paramétres!$A:$D,4)),0)) -> 19723.495 | Z27: =IF(Y27<$N27,Y27,$N27)-IF(Z$1<=$U27,0,IF(Z$1>IF($U27<2022,2022,$U27),IF(Z$1-IF($U27<2022,2022,$U27)=1,IF(Y27<$N27,Y27,$N27)*VLOOKUP(LEFT($A27,3),Paramétres!$A:$D,3,0),IF(Y27<$N27,Y27,$N27)*VLOOKUP(LEFT($A27,3),Paramétres!$A:$D,4)),0)) -> 18342.851 | AA27: =IF(Z27<$N27,Z27,$N27)-IF(AA$1<=$U27,0,IF(AA$1>IF($U27<2022,2022,$U27),IF(AA$1-IF($U27<2022,2022,$U27)=1,IF(Z27<$N27,Z27,$N27)*VLOOKUP(LEFT($A27,3),Paramétres!$A:$D,3,0),IF(Z27<$N27,Z27,$N27)*VLOOKUP(LEFT($A27,3),Paramétres!$A:$D,4)),0)) -> 17058.851 | AB27: =IF(AA27<$N27,AA27,$N27)-IF(AB$1<=$U27,0,IF(AB$1>IF($U27<2022,2022,$U27),IF(AB$1-IF($U27<2022,2022,$U27)=1,IF(AA27<$N27,AA27,$N27)*VLOOKUP(LEFT($A27,3),Paramétres!$A:$D,3,0),IF(AA27<$N27,AA27,$N27)*VLOOKUP(LEFT($A27,3),Paramétres!$A:$D,4)),0)) -> 15864.732 | AC27: =IF(AB27<$N27,AB27,$N27)-IF(AC$1<=$U27,0,IF(AC$1>IF($U27<2022,2022,$U27),IF(AC$1-IF($U27<2022,2022,$U27)=1,IF(AB27<$N27,AB27,$N27)*VLOOKUP(LEFT($A27,3),Paramétres!$A:$D,3,0),IF(AB27<$N27,AB27,$N27)*VLOOKUP(LEFT($A27,3),Paramétres!$A:$D,4)),0)) -> 14754.2 | AD27: =IF(AC27<$N27,AC27,$N27)-IF(AD$1<=$U27,0,IF(AD$1>IF($U27<2022,2022,$U27),IF(AD$1-IF($U27<2022,2022,$U27)=1,IF(AC27<$N27,AC27,$N27)*VLOOKUP(LEFT($A27,3),Paramétres!$A:$D,3,0),IF(AC27<$N27,AC27,$N27)*VLOOKUP(LEFT($A27,3),Paramétres!$A:$D,4)),0)) -> 13721.406 | AE27: =IF(AD27<$N27,AD27,$N27)-IF(AE$1<=$U27,0,IF(AE$1>IF($U27<2022,2022,$U27),IF(AE$1-IF($U27<2022,2022,$U27)=1,IF(AD27<$N27,AD27,$N27)*VLOOKUP(LEFT($A27,3),Paramétres!$A:$D,3,0),IF(AD27<$N27,AD27,$N27)*VLOOKUP(LEFT($A27,3),Paramétres!$A:$D,4)),0)) -> 12760.908 | ... AK27: =IF(AJ27<$N27,AJ27,$N27)-IF(AK$1<=$U27,0,IF(AK$1>IF($U27<2022,2022,$U27),IF(AK$1-IF($U27<2022,2022,$U27)=1,IF(AJ27<$N27,AJ27,$N27)*VLOOKUP(LEFT($A27,3),Paramétres!$A:$D,3,0),IF(AJ27<$N27,AJ27,$N27)*VLOOKUP(LEFT($A27,3),Paramétres!$A:$D,4)),0)) -> 8256.1822
A28: VL 011 | D28: VEHICULE LEGER | E28: TOYOTA | F28: HILUX | J28: 42885 | K28: 28533.4 | M28: =T_BASE[[#This Row],[VALEUR ACHAT]] -> 28533.4 | N28: =T_BASE[[#This Row],[MONTANT PEC APRES AMORT.]] -> 28533.4 | O28: 66 | P28: 44867 | Q28: 405 | R28: 0 | S28: 120 | T28: =$O28/12 -> 5.5 | U28: =YEAR(J28) -> 2017 | V28: =T_BASE[[#This Row],[ANNEE ACQT]]+T_BASE[[#This Row],[AMORT.]] -> 2022.5 | W28: =$N28-IF(W$1<=$V28,0,IF(W$1>IF($V28<2022,2022,$V28),IF(W$1-IF($V28<2022,2022,$V28)=1,$N28*VLOOKUP(LEFT($A28,3),Paramétres!A:D,3,0),$N28*VLOOKUP(LEFT($A28,3),Paramétres!A:D,4)),0)) -> 26536.062 | X28: =IF(W28<$N28,W28,$N28)-IF(X$1<=$U28,0,IF(X$1>IF($U28<2022,2022,$U28),IF(X$1-IF($U28<2022,2022,$U28)=1,IF(W28<$N28,W28,$N28)*VLOOKUP(LEFT($A28,3),Paramétres!$A:$D,3,0),IF(W28<$N28,W28,$N28)*VLOOKUP(LEFT($A28,3),Paramétres!$A:$D,4)),0)) -> 24678.538 | Y28: =IF(X28<$N28,X28,$N28)-IF(Y$1<=$U28,0,IF(Y$1>IF($U28<2022,2022,$U28),IF(Y$1-IF($U28<2022,2022,$U28)=1,IF(X28<$N28,X28,$N28)*VLOOKUP(LEFT($A28,3),Paramétres!$A:$D,3,0),IF(X28<$N28,X28,$N28)*VLOOKUP(LEFT($A28,3),Paramétres!$A:$D,4)),0)) -> 22951.04 | Z28: =IF(Y28<$N28,Y28,$N28)-IF(Z$1<=$U28,0,IF(Z$1>IF($U28<2022,2022,$U28),IF(Z$1-IF($U28<2022,2022,$U28)=1,IF(Y28<$N28,Y28,$N28)*VLOOKUP(LEFT($A28,3),Paramétres!$A:$D,3,0),IF(Y28<$N28,Y28,$N28)*VLOOKUP(LEFT($A28,3),Paramétres!$A:$D,4)),0)) -> 21344.467 | AA28: =IF(Z28<$N28,Z28,$N28)-IF(AA$1<=$U28,0,IF(AA$1>IF($U28<2022,2022,$U28),IF(AA$1-IF($U28<2022,2022,$U28)=1,IF(Z28<$N28,Z28,$N28)*VLOOKUP(LEFT($A28,3),Paramétres!$A:$D,3,0),IF(Z28<$N28,Z28,$N28)*VLOOKUP(LEFT($A28,3),Paramétres!$A:$D,4)),0)) -> 19850.355 | AB28: =IF(AA28<$N28,AA28,$N28)-IF(AB$1<=$U28,0,IF(AB$1>IF($U28<2022,2022,$U28),IF(AB$1-IF($U28<2022,2022,$U28)=1,IF(AA28<$N28,AA28,$N28)*VLOOKUP(LEFT($A28,3),Paramétres!$A:$D,3,0),IF(AA28<$N28,AA28,$N28)*VLOOKUP(LEFT($A28,3),Paramétres!$A:$D,4)),0)) -> 18460.83 | AC28: =IF(AB28<$N28,AB28,$N28)-IF(AC$1<=$U28,0,IF(AC$1>IF($U28<2022,2022,$U28),IF(AC$1-IF($U28<2022,2022,$U28)=1,IF(AB28<$N28,AB28,$N28)*VLOOKUP(LEFT($A28,3),Paramétres!$A:$D,3,0),IF(AB28<$N28,AB28,$N28)*VLOOKUP(LEFT($A28,3),Paramétres!$A:$D,4)),0)) -> 17168.572 | AD28: =IF(AC28<$N28,AC28,$N28)-IF(AD$1<=$U28,0,IF(AD$1>IF($U28<2022,2022,$U28),IF(AD$1-IF($U28<2022,2022,$U28)=1,IF(AC28<$N28,AC28,$N28)*VLOOKUP(LEFT($A28,3),Paramétres!$A:$D,3,0),IF(AC28<$N28,AC28,$N28)*VLOOKUP(LEFT($A28,3),Paramétres!$A:$D,4)),0)) -> 15966.772 | AE28: =IF(AD28<$N28,AD28,$N28)-IF(AE$1<=$U28,0,IF(AE$1>IF($U28<2022,2022,$U28),IF(AE$1-IF($U28<2022,2022,$U28)=1,IF(AD28<$N28,AD28,$N28)*VLOOKUP(LEFT($A28,3),Paramétres!$A:$D,3,0),IF(AD28<$N28,AD28,$N28)*VLOOKUP(LEFT($A28,3),Paramétres!$A:$D,4)),0)) -> 14849.098 | ... AK28: =IF(AJ28<$N28,AJ28,$N28)-IF(AK$1<=$U28,0,IF(AK$1>IF($U28<2022,2022,$U28),IF(AK$1-IF($U28<2022,2022,$U28)=1,IF(AJ28<$N28,AJ28,$N28)*VLOOKUP(LEFT($A28,3),Paramétres!$A:$D,3,0),IF(AJ28<$N28,AJ28,$N28)*VLOOKUP(LEFT($A28,3),Paramétres!$A:$D,4)),0)) -> 9607.2204
A29: REM XX | D29: REMORQUE | E29: LIDER | F29: CADIX | M29: =T_BASE[[#This Row],[VALEUR ACHAT]] -> 0 | N29: =T_BASE[[#This Row],[MONTANT PEC APRES AMORT.]] -> 0 | R29: 0 | S29: 80 | T29: =$O29/12 -> 0 | U29: =YEAR(J29) -> 1900 | V29: =T_BASE[[#This Row],[ANNEE ACQT]]+T_BASE[[#This Row],[AMORT.]] -> 1900 | W29: =$N29-IF(W$1<=$V29,0,IF(W$1>IF($V29<2022,2022,$V29),IF(W$1-IF($V29<2022,2022,$V29)=1,$N29*VLOOKUP(LEFT($A29,3),Paramétres!A:D,3,0),$N29*VLOOKUP(LEFT($A29,3),Paramétres!A:D,4)),0)) -> 0 | X29: =IF(W29<$N29,W29,$N29)-IF(X$1<=$U29,0,IF(X$1>IF($U29<2022,2022,$U29),IF(X$1-IF($U29<2022,2022,$U29)=1,IF(W29<$N29,W29,$N29)*VLOOKUP(LEFT($A29,3),Paramétres!$A:$D,3,0),IF(W29<$N29,W29,$N29)*VLOOKUP(LEFT($A29,3),Paramétres!$A:$D,4)),0)) -> 0 | Y29: =IF(X29<$N29,X29,$N29)-IF(Y$1<=$U29,0,IF(Y$1>IF($U29<2022,2022,$U29),IF(Y$1-IF($U29<2022,2022,$U29)=1,IF(X29<$N29,X29,$N29)*VLOOKUP(LEFT($A29,3),Paramétres!$A:$D,3,0),IF(X29<$N29,X29,$N29)*VLOOKUP(LEFT($A29,3),Paramétres!$A:$D,4)),0)) -> 0 | Z29: =IF(Y29<$N29,Y29,$N29)-IF(Z$1<=$U29,0,IF(Z$1>IF($U29<2022,2022,$U29),IF(Z$1-IF($U29<2022,2022,$U29)=1,IF(Y29<$N29,Y29,$N29)*VLOOKUP(LEFT($A29,3),Paramétres!$A:$D,3,0),IF(Y29<$N29,Y29,$N29)*VLOOKUP(LEFT($A29,3),Paramétres!$A:$D,4)),0)) -> 0 | AA29: =IF(Z29<$N29,Z29,$N29)-IF(AA$1<=$U29,0,IF(AA$1>IF($U29<2022,2022,$U29),IF(AA$1-IF($U29<2022,2022,$U29)=1,IF(Z29<$N29,Z29,$N29)*VLOOKUP(LEFT($A29,3),Paramétres!$A:$D,3,0),IF(Z29<$N29,Z29,$N29)*VLOOKUP(LEFT($A29,3),Paramétres!$A:$D,4)),0)) -> 0 | AB29: =IF(AA29<$N29,AA29,$N29)-IF(AB$1<=$U29,0,IF(AB$1>IF($U29<2022,2022,$U29),IF(AB$1-IF($U29<2022,2022,$U29)=1,IF(AA29<$N29,AA29,$N29)*VLOOKUP(LEFT($A29,3),Paramétres!$A:$D,3,0),IF(AA29<$N29,AA29,$N29)*VLOOKUP(LEFT($A29,3),Paramétres!$A:$D,4)),0)) -> 0 | AC29: =IF(AB29<$N29,AB29,$N29)-IF(AC$1<=$U29,0,IF(AC$1>IF($U29<2022,2022,$U29),IF(AC$1-IF($U29<2022,2022,$U29)=1,IF(AB29<$N29,AB29,$N29)*VLOOKUP(LEFT($A29,3),Paramétres!$A:$D,3,0),IF(AB29<$N29,AB29,$N29)*VLOOKUP(LEFT($A29,3),Paramétres!$A:$D,4)),0)) -> 0 | AD29: =IF(AC29<$N29,AC29,$N29)-IF(AD$1<=$U29,0,IF(AD$1>IF($U29<2022,2022,$U29),IF(AD$1-IF($U29<2022,2022,$U29)=1,IF(AC29<$N29,AC29,$N29)*VLOOKUP(LEFT($A29,3),Paramétres!$A:$D,3,0),IF(AC29<$N29,AC29,$N29)*VLOOKUP(LEFT($A29,3),Paramétres!$A:$D,4)),0)) -> 0 | AE29: =IF(AD29<$N29,AD29,$N29)-IF(AE$1<=$U29,0,IF(AE$1>IF($U29<2022,2022,$U29),IF(AE$1-IF($U29<2022,2022,$U29)=1,IF(AD29<$N29,AD29,$N29)*VLOOKUP(LEFT($A29,3),Paramétres!$A:$D,3,0),IF(AD29<$N29,AD29,$N29)*VLOOKUP(LEFT($A29,3),Paramétres!$A:$D,4)),0)) -> 0 | ... AK29: =IF(AJ29<$N29,AJ29,$N29)-IF(AK$1<=$U29,0,IF(AK$1>IF($U29<2022,2022,$U29),IF(AK$1-IF($U29<2022,2022,$U29)=1,IF(AJ29<$N29,AJ29,$N29)*VLOOKUP(LEFT($A29,3),Paramétres!$A:$D,3,0),IF(AJ29<$N29,AJ29,$N29)*VLOOKUP(LEFT($A29,3),Paramétres!$A:$D,4)),0)) -> 0
A30: REM 01 | D30: REMORQUE | E30: LIDER | F30: GRILLAGE | K30: 1200 | M30: =T_BASE[[#This Row],[VALEUR ACHAT]] -> 1200 | N30: =T_BASE[[#This Row],[MONTANT PEC APRES AMORT.]] -> 1200 | R30: 0 | S30: 80 | T30: =$O30/12 -> 0 | U30: =YEAR(J30) -> 1900 | V30: =T_BASE[[#This Row],[ANNEE ACQT]]+T_BASE[[#This Row],[AMORT.]] -> 1900 | W30: =$N30-IF(W$1<=$V30,0,IF(W$1>IF($V30<2022,2022,$V30),IF(W$1-IF($V30<2022,2022,$V30)=1,$N30*VLOOKUP(LEFT($A30,3),Paramétres!A:D,3,0),$N30*VLOOKUP(LEFT($A30,3),Paramétres!A:D,4)),0)) -> 1194 | X30: =IF(W30<$N30,W30,$N30)-IF(X$1<=$U30,0,IF(X$1>IF($U30<2022,2022,$U30),IF(X$1-IF($U30<2022,2022,$U30)=1,IF(W30<$N30,W30,$N30)*VLOOKUP(LEFT($A30,3),Paramétres!$A:$D,3,0),IF(W30<$N30,W30,$N30)*VLOOKUP(LEFT($A30,3),Paramétres!$A:$D,4)),0)) -> 1110.42 | Y30: =IF(X30<$N30,X30,$N30)-IF(Y$1<=$U30,0,IF(Y$1>IF($U30<2022,2022,$U30),IF(Y$1-IF($U30<2022,2022,$U30)=1,IF(X30<$N30,X30,$N30)*VLOOKUP(LEFT($A30,3),Paramétres!$A:$D,3,0),IF(X30<$N30,X30,$N30)*VLOOKUP(LEFT($A30,3),Paramétres!$A:$D,4)),0)) -> 1032.6906 | Z30: =IF(Y30<$N30,Y30,$N30)-IF(Z$1<=$U30,0,IF(Z$1>IF($U30<2022,2022,$U30),IF(Z$1-IF($U30<2022,2022,$U30)=1,IF(Y30<$N30,Y30,$N30)*VLOOKUP(LEFT($A30,3),Paramétres!$A:$D,3,0),IF(Y30<$N30,Y30,$N30)*VLOOKUP(LEFT($A30,3),Paramétres!$A:$D,4)),0)) -> 960.40226 | AA30: =IF(Z30<$N30,Z30,$N30)-IF(AA$1<=$U30,0,IF(AA$1>IF($U30<2022,2022,$U30),IF(AA$1-IF($U30<2022,2022,$U30)=1,IF(Z30<$N30,Z30,$N30)*VLOOKUP(LEFT($A30,3),Paramétres!$A:$D,3,0),IF(Z30<$N30,Z30,$N30)*VLOOKUP(LEFT($A30,3),Paramétres!$A:$D,4)),0)) -> 893.1741 | AB30: =IF(AA30<$N30,AA30,$N30)-IF(AB$1<=$U30,0,IF(AB$1>IF($U30<2022,2022,$U30),IF(AB$1-IF($U30<2022,2022,$U30)=1,IF(AA30<$N30,AA30,$N30)*VLOOKUP(LEFT($A30,3),Paramétres!$A:$D,3,0),IF(AA30<$N30,AA30,$N30)*VLOOKUP(LEFT($A30,3),Paramétres!$A:$D,4)),0)) -> 830.65191 | AC30: =IF(AB30<$N30,AB30,$N30)-IF(AC$1<=$U30,0,IF(AC$1>IF($U30<2022,2022,$U30),IF(AC$1-IF($U30<2022,2022,$U30)=1,IF(AB30<$N30,AB30,$N30)*VLOOKUP(LEFT($A30,3),Paramétres!$A:$D,3,0),IF(AB30<$N30,AB30,$N30)*VLOOKUP(LEFT($A30,3),Paramétres!$A:$D,4)),0)) -> 772.50628 | AD30: =IF(AC30<$N30,AC30,$N30)-IF(AD$1<=$U30,0,IF(AD$1>IF($U30<2022,2022,$U30),IF(AD$1-IF($U30<2022,2022,$U30)=1,IF(AC30<$N30,AC30,$N30)*VLOOKUP(LEFT($A30,3),Paramétres!$A:$D,3,0),IF(AC30<$N30,AC30,$N30)*VLOOKUP(LEFT($A30,3),Paramétres!$A:$D,4)),0)) -> 718.43084 | AE30: =IF(AD30<$N30,AD30,$N30)-IF(AE$1<=$U30,0,IF(AE$1>IF($U30<2022,2022,$U30),IF(AE$1-IF($U30<2022,2022,$U30)=1,IF(AD30<$N30,AD30,$N30)*VLOOKUP(LEFT($A30,3),Paramétres!$A:$D,3,0),IF(AD30<$N30,AD30,$N30)*VLOOKUP(LEFT($A30,3),Paramétres!$A:$D,4)),0)) -> 668.14068 | ... AK30: =IF(AJ30<$N30,AJ30,$N30)-IF(AK$1<=$U30,0,IF(AK$1>IF($U30<2022,2022,$U30),IF(AK$1-IF($U30<2022,2022,$U30)=1,IF(AJ30<$N30,AJ30,$N30)*VLOOKUP(LEFT($A30,3),Paramétres!$A:$D,3,0),IF(AJ30<$N30,AJ30,$N30)*VLOOKUP(LEFT($A30,3),Paramétres!$A:$D,4)),0)) -> 432.28046
A31: REM 02 | D31: REMORQUE | E31: ECIM | F31: TRI BENNE | K31: 1024.25 | M31: =T_BASE[[#This Row],[VALEUR ACHAT]] -> 1024.25 | N31: =T_BASE[[#This Row],[MONTANT PEC APRES AMORT.]] -> 1024.25 | R31: 0 | S31: 80 | T31: =$O31/12 -> 0 | U31: =YEAR(J31) -> 1900 | V31: =T_BASE[[#This Row],[ANNEE ACQT]]+T_BASE[[#This Row],[AMORT.]] -> 1900 | W31: =$N31-IF(W$1<=$V31,0,IF(W$1>IF($V31<2022,2022,$V31),IF(W$1-IF($V31<2022,2022,$V31)=1,$N31*VLOOKUP(LEFT($A31,3),Paramétres!A:D,3,0),$N31*VLOOKUP(LEFT($A31,3),Paramétres!A:D,4)),0)) -> 1019.1287 | X31: =IF(W31<$N31,W31,$N31)-IF(X$1<=$U31,0,IF(X$1>IF($U31<2022,2022,$U31),IF(X$1-IF($U31<2022,2022,$U31)=1,IF(W31<$N31,W31,$N31)*VLOOKUP(LEFT($A31,3),Paramétres!$A:$D,3,0),IF(W31<$N31,W31,$N31)*VLOOKUP(LEFT($A31,3),Paramétres!$A:$D,4)),0)) -> 947.78974 | Y31: =IF(X31<$N31,X31,$N31)-IF(Y$1<=$U31,0,IF(Y$1>IF($U31<2022,2022,$U31),IF(Y$1-IF($U31<2022,2022,$U31)=1,IF(X31<$N31,X31,$N31)*VLOOKUP(LEFT($A31,3),Paramétres!$A:$D,3,0),IF(X31<$N31,X31,$N31)*VLOOKUP(LEFT($A31,3),Paramétres!$A:$D,4)),0)) -> 881.44446 | Z31: =IF(Y31<$N31,Y31,$N31)-IF(Z$1<=$U31,0,IF(Z$1>IF($U31<2022,2022,$U31),IF(Z$1-IF($U31<2022,2022,$U31)=1,IF(Y31<$N31,Y31,$N31)*VLOOKUP(LEFT($A31,3),Paramétres!$A:$D,3,0),IF(Y31<$N31,Y31,$N31)*VLOOKUP(LEFT($A31,3),Paramétres!$A:$D,4)),0)) -> 819.74334 | AA31: =IF(Z31<$N31,Z31,$N31)-IF(AA$1<=$U31,0,IF(AA$1>IF($U31<2022,2022,$U31),IF(AA$1-IF($U31<2022,2022,$U31)=1,IF(Z31<$N31,Z31,$N31)*VLOOKUP(LEFT($A31,3),Paramétres!$A:$D,3,0),IF(Z31<$N31,Z31,$N31)*VLOOKUP(LEFT($A31,3),Paramétres!$A:$D,4)),0)) -> 762.36131 | AB31: =IF(AA31<$N31,AA31,$N31)-IF(AB$1<=$U31,0,IF(AB$1>IF($U31<2022,2022,$U31),IF(AB$1-IF($U31<2022,2022,$U31)=1,IF(AA31<$N31,AA31,$N31)*VLOOKUP(LEFT($A31,3),Paramétres!$A:$D,3,0),IF(AA31<$N31,AA31,$N31)*VLOOKUP(LEFT($A31,3),Paramétres!$A:$D,4)),0)) -> 708.99602 | AC31: =IF(AB31<$N31,AB31,$N31)-IF(AC$1<=$U31,0,IF(AC$1>IF($U31<2022,2022,$U31),IF(AC$1-IF($U31<2022,2022,$U31)=1,IF(AB31<$N31,AB31,$N31)*VLOOKUP(LEFT($A31,3),Paramétres!$A:$D,3,0),IF(AB31<$N31,AB31,$N31)*VLOOKUP(LEFT($A31,3),Paramétres!$A:$D,4)),0)) -> 659.3663 | AD31: =IF(AC31<$N31,AC31,$N31)-IF(AD$1<=$U31,0,IF(AD$1>IF($U31<2022,2022,$U31),IF(AD$1-IF($U31<2022,2022,$U31)=1,IF(AC31<$N31,AC31,$N31)*VLOOKUP(LEFT($A31,3),Paramétres!$A:$D,3,0),IF(AC31<$N31,AC31,$N31)*VLOOKUP(LEFT($A31,3),Paramétres!$A:$D,4)),0)) -> 613.21066 | AE31: =IF(AD31<$N31,AD31,$N31)-IF(AE$1<=$U31,0,IF(AE$1>IF($U31<2022,2022,$U31),IF(AE$1-IF($U31<2022,2022,$U31)=1,IF(AD31<$N31,AD31,$N31)*VLOOKUP(LEFT($A31,3),Paramétres!$A:$D,3,0),IF(AD31<$N31,AD31,$N31)*VLOOKUP(LEFT($A31,3),Paramétres!$A:$D,4)),0)) -> 570.28591 | ... AK31: =IF(AJ31<$N31,AJ31,$N31)-IF(AK$1<=$U31,0,IF(AK$1>IF($U31<2022,2022,$U31),IF(AK$1-IF($U31<2022,2022,$U31)=1,IF(AJ31<$N31,AJ31,$N31)*VLOOKUP(LEFT($A31,3),Paramétres!$A:$D,3,0),IF(AJ31<$N31,AJ31,$N31)*VLOOKUP(LEFT($A31,3),Paramétres!$A:$D,4)),0)) -> 368.96939
A32: REM 03 | D32: REMORQUE | E32: LIDER | F32: GRD PLATEAU | K32: 4329 | M32: =T_BASE[[#This Row],[VALEUR ACHAT]] -> 4329 | N32: =T_BASE[[#This Row],[MONTANT PEC APRES AMORT.]] -> 4329 | O32: 60 | R32: 0 | S32: 80 | T32: =$O32/12 -> 5 | U32: =YEAR(J32) -> 1900 | V32: =T_BASE[[#This Row],[ANNEE ACQT]]+T_BASE[[#This Row],[AMORT.]] -> 1905 | W32: =$N32-IF(W$1<=$V32,0,IF(W$1>IF($V32<2022,2022,$V32),IF(W$1-IF($V32<2022,2022,$V32)=1,$N32*VLOOKUP(LEFT($A32,3),Paramétres!A:D,3,0),$N32*VLOOKUP(LEFT($A32,3),Paramétres!A:D,4)),0)) -> 4307.355 | X32: =IF(W32<$N32,W32,$N32)-IF(X$1<=$U32,0,IF(X$1>IF($U32<2022,2022,$U32),IF(X$1-IF($U32<2022,2022,$U32)=1,IF(W32<$N32,W32,$N32)*VLOOKUP(LEFT($A32,3),Paramétres!$A:$D,3,0),IF(W32<$N32,W32,$N32)*VLOOKUP(LEFT($A32,3),Paramétres!$A:$D,4)),0)) -> 4005.8401 | Y32: =IF(X32<$N32,X32,$N32)-IF(Y$1<=$U32,0,IF(Y$1>IF($U32<2022,2022,$U32),IF(Y$1-IF($U32<2022,2022,$U32)=1,IF(X32<$N32,X32,$N32)*VLOOKUP(LEFT($A32,3),Paramétres!$A:$D,3,0),IF(X32<$N32,X32,$N32)*VLOOKUP(LEFT($A32,3),Paramétres!$A:$D,4)),0)) -> 3725.4313 | Z32: =IF(Y32<$N32,Y32,$N32)-IF(Z$1<=$U32,0,IF(Z$1>IF($U32<2022,2022,$U32),IF(Z$1-IF($U32<2022,2022,$U32)=1,IF(Y32<$N32,Y32,$N32)*VLOOKUP(LEFT($A32,3),Paramétres!$A:$D,3,0),IF(Y32<$N32,Y32,$N32)*VLOOKUP(LEFT($A32,3),Paramétres!$A:$D,4)),0)) -> 3464.6511 | AA32: =IF(Z32<$N32,Z32,$N32)-IF(AA$1<=$U32,0,IF(AA$1>IF($U32<2022,2022,$U32),IF(AA$1-IF($U32<2022,2022,$U32)=1,IF(Z32<$N32,Z32,$N32)*VLOOKUP(LEFT($A32,3),Paramétres!$A:$D,3,0),IF(Z32<$N32,Z32,$N32)*VLOOKUP(LEFT($A32,3),Paramétres!$A:$D,4)),0)) -> 3222.1256 | AB32: =IF(AA32<$N32,AA32,$N32)-IF(AB$1<=$U32,0,IF(AB$1>IF($U32<2022,2022,$U32),IF(AB$1-IF($U32<2022,2022,$U32)=1,IF(AA32<$N32,AA32,$N32)*VLOOKUP(LEFT($A32,3),Paramétres!$A:$D,3,0),IF(AA32<$N32,AA32,$N32)*VLOOKUP(LEFT($A32,3),Paramétres!$A:$D,4)),0)) -> 2996.5768 | AC32: =IF(AB32<$N32,AB32,$N32)-IF(AC$1<=$U32,0,IF(AC$1>IF($U32<2022,2022,$U32),IF(AC$1-IF($U32<2022,2022,$U32)=1,IF(AB32<$N32,AB32,$N32)*VLOOKUP(LEFT($A32,3),Paramétres!$A:$D,3,0),IF(AB32<$N32,AB32,$N32)*VLOOKUP(LEFT($A32,3),Paramétres!$A:$D,4)),0)) -> 2786.8164 | AD32: =IF(AC32<$N32,AC32,$N32)-IF(AD$1<=$U32,0,IF(AD$1>IF($U32<2022,2022,$U32),IF(AD$1-IF($U32<2022,2022,$U32)=1,IF(AC32<$N32,AC32,$N32)*VLOOKUP(LEFT($A32,3),Paramétres!$A:$D,3,0),IF(AC32<$N32,AC32,$N32)*VLOOKUP(LEFT($A32,3),Paramétres!$A:$D,4)),0)) -> 2591.7393 | AE32: =IF(AD32<$N32,AD32,$N32)-IF(AE$1<=$U32,0,IF(AE$1>IF($U32<2022,2022,$U32),IF(AE$1-IF($U32<2022,2022,$U32)=1,IF(AD32<$N32,AD32,$N32)*VLOOKUP(LEFT($A32,3),Paramétres!$A:$D,3,0),IF(AD32<$N32,AD32,$N32)*VLOOKUP(LEFT($A32,3),Paramétres!$A:$D,4)),0)) -> 2410.3175 | ... AK32: =IF(AJ32<$N32,AJ32,$N32)-IF(AK$1<=$U32,0,IF(AK$1>IF($U32<2022,2022,$U32),IF(AK$1-IF($U32<2022,2022,$U32)=1,IF(AJ32<$N32,AJ32,$N32)*VLOOKUP(LEFT($A32,3),Paramétres!$A:$D,3,0),IF(AJ32<$N32,AJ32,$N32)*VLOOKUP(LEFT($A32,3),Paramétres!$A:$D,4)),0)) -> 1559.4518
A33: REM 04 | D33: REMORQUE | E33: LIDER | F33: PETIT PLATEAU | M33: =T_BASE[[#This Row],[VALEUR ACHAT]] -> 0 | N33: =T_BASE[[#This Row],[MONTANT PEC APRES AMORT.]] -> 0 | R33: 0 | S33: 80 | T33: =$O33/12 -> 0 | U33: =YEAR(J33) -> 1900 | V33: =T_BASE[[#This Row],[ANNEE ACQT]]+T_BASE[[#This Row],[AMORT.]] -> 1900 | W33: =$N33-IF(W$1<=$V33,0,IF(W$1>IF($V33<2022,2022,$V33),IF(W$1-IF($V33<2022,2022,$V33)=1,$N33*VLOOKUP(LEFT($A33,3),Paramétres!A:D,3,0),$N33*VLOOKUP(LEFT($A33,3),Paramétres!A:D,4)),0)) -> 0 | X33: =IF(W33<$N33,W33,$N33)-IF(X$1<=$U33,0,IF(X$1>IF($U33<2022,2022,$U33),IF(X$1-IF($U33<2022,2022,$U33)=1,IF(W33<$N33,W33,$N33)*VLOOKUP(LEFT($A33,3),Paramétres!$A:$D,3,0),IF(W33<$N33,W33,$N33)*VLOOKUP(LEFT($A33,3),Paramétres!$A:$D,4)),0)) -> 0 | Y33: =IF(X33<$N33,X33,$N33)-IF(Y$1<=$U33,0,IF(Y$1>IF($U33<2022,2022,$U33),IF(Y$1-IF($U33<2022,2022,$U33)=1,IF(X33<$N33,X33,$N33)*VLOOKUP(LEFT($A33,3),Paramétres!$A:$D,3,0),IF(X33<$N33,X33,$N33)*VLOOKUP(LEFT($A33,3),Paramétres!$A:$D,4)),0)) -> 0 | Z33: =IF(Y33<$N33,Y33,$N33)-IF(Z$1<=$U33,0,IF(Z$1>IF($U33<2022,2022,$U33),IF(Z$1-IF($U33<2022,2022,$U33)=1,IF(Y33<$N33,Y33,$N33)*VLOOKUP(LEFT($A33,3),Paramétres!$A:$D,3,0),IF(Y33<$N33,Y33,$N33)*VLOOKUP(LEFT($A33,3),Paramétres!$A:$D,4)),0)) -> 0 | AA33: =IF(Z33<$N33,Z33,$N33)-IF(AA$1<=$U33,0,IF(AA$1>IF($U33<2022,2022,$U33),IF(AA$1-IF($U33<2022,2022,$U33)=1,IF(Z33<$N33,Z33,$N33)*VLOOKUP(LEFT($A33,3),Paramétres!$A:$D,3,0),IF(Z33<$N33,Z33,$N33)*VLOOKUP(LEFT($A33,3),Paramétres!$A:$D,4)),0)) -> 0 | AB33: =IF(AA33<$N33,AA33,$N33)-IF(AB$1<=$U33,0,IF(AB$1>IF($U33<2022,2022,$U33),IF(AB$1-IF($U33<2022,2022,$U33)=1,IF(AA33<$N33,AA33,$N33)*VLOOKUP(LEFT($A33,3),Paramétres!$A:$D,3,0),IF(AA33<$N33,AA33,$N33)*VLOOKUP(LEFT($A33,3),Paramétres!$A:$D,4)),0)) -> 0 | AC33: =IF(AB33<$N33,AB33,$N33)-IF(AC$1<=$U33,0,IF(AC$1>IF($U33<2022,2022,$U33),IF(AC$1-IF($U33<2022,2022,$U33)=1,IF(AB33<$N33,AB33,$N33)*VLOOKUP(LEFT($A33,3),Paramétres!$A:$D,3,0),IF(AB33<$N33,AB33,$N33)*VLOOKUP(LEFT($A33,3),Paramétres!$A:$D,4)),0)) -> 0 | AD33: =IF(AC33<$N33,AC33,$N33)-IF(AD$1<=$U33,0,IF(AD$1>IF($U33<2022,2022,$U33),IF(AD$1-IF($U33<2022,2022,$U33)=1,IF(AC33<$N33,AC33,$N33)*VLOOKUP(LEFT($A33,3),Paramétres!$A:$D,3,0),IF(AC33<$N33,AC33,$N33)*VLOOKUP(LEFT($A33,3),Paramétres!$A:$D,4)),0)) -> 0 | AE33: =IF(AD33<$N33,AD33,$N33)-IF(AE$1<=$U33,0,IF(AE$1>IF($U33<2022,2022,$U33),IF(AE$1-IF($U33<2022,2022,$U33)=1,IF(AD33<$N33,AD33,$N33)*VLOOKUP(LEFT($A33,3),Paramétres!$A:$D,3,0),IF(AD33<$N33,AD33,$N33)*VLOOKUP(LEFT($A33,3),Paramétres!$A:$D,4)),0)) -> 0 | ... AK33: =IF(AJ33<$N33,AJ33,$N33)-IF(AK$1<=$U33,0,IF(AK$1>IF($U33<2022,2022,$U33),IF(AK$1-IF($U33<2022,2022,$U33)=1,IF(AJ33<$N33,AJ33,$N33)*VLOOKUP(LEFT($A33,3),Paramétres!$A:$D,3,0),IF(AJ33<$N33,AJ33,$N33)*VLOOKUP(LEFT($A33,3),Paramétres!$A:$D,4)),0)) -> 0
A34: REM 05 | D34: REMORQUE | E34: LIDER | F34: PETIT PLATEAU | K34: 2426 | M34: =T_BASE[[#This Row],[VALEUR ACHAT]] -> 2426 | N34: =T_BASE[[#This Row],[MONTANT PEC APRES AMORT.]] -> 2426 | O34: 24 | R34: 0 | S34: 80 | T34: =$O34/12 -> 2 | U34: =YEAR(J34) -> 1900 | V34: =T_BASE[[#This Row],[ANNEE ACQT]]+T_BASE[[#This Row],[AMORT.]] -> 1902 | W34: =$N34-IF(W$1<=$V34,0,IF(W$1>IF($V34<2022,2022,$V34),IF(W$1-IF($V34<2022,2022,$V34)=1,$N34*VLOOKUP(LEFT($A34,3),Paramétres!A:D,3,0),$N34*VLOOKUP(LEFT($A34,3),Paramétres!A:D,4)),0)) -> 2413.87 | X34: =IF(W34<$N34,W34,$N34)-IF(X$1<=$U34,0,IF(X$1>IF($U34<2022,2022,$U34),IF(X$1-IF($U34<2022,2022,$U34)=1,IF(W34<$N34,W34,$N34)*VLOOKUP(LEFT($A34,3),Paramétres!$A:$D,3,0),IF(W34<$N34,W34,$N34)*VLOOKUP(LEFT($A34,3),Paramétres!$A:$D,4)),0)) -> 2244.8991 | Y34: =IF(X34<$N34,X34,$N34)-IF(Y$1<=$U34,0,IF(Y$1>IF($U34<2022,2022,$U34),IF(Y$1-IF($U34<2022,2022,$U34)=1,IF(X34<$N34,X34,$N34)*VLOOKUP(LEFT($A34,3),Paramétres!$A:$D,3,0),IF(X34<$N34,X34,$N34)*VLOOKUP(LEFT($A34,3),Paramétres!$A:$D,4)),0)) -> 2087.7562 | Z34: =IF(Y34<$N34,Y34,$N34)-IF(Z$1<=$U34,0,IF(Z$1>IF($U34<2022,2022,$U34),IF(Z$1-IF($U34<2022,2022,$U34)=1,IF(Y34<$N34,Y34,$N34)*VLOOKUP(LEFT($A34,3),Paramétres!$A:$D,3,0),IF(Y34<$N34,Y34,$N34)*VLOOKUP(LEFT($A34,3),Paramétres!$A:$D,4)),0)) -> 1941.6132 | AA34: =IF(Z34<$N34,Z34,$N34)-IF(AA$1<=$U34,0,IF(AA$1>IF($U34<2022,2022,$U34),IF(AA$1-IF($U34<2022,2022,$U34)=1,IF(Z34<$N34,Z34,$N34)*VLOOKUP(LEFT($A34,3),Paramétres!$A:$D,3,0),IF(Z34<$N34,Z34,$N34)*VLOOKUP(LEFT($A34,3),Paramétres!$A:$D,4)),0)) -> 1805.7003 | AB34: =IF(AA34<$N34,AA34,$N34)-IF(AB$1<=$U34,0,IF(AB$1>IF($U34<2022,2022,$U34),IF(AB$1-IF($U34<2022,2022,$U34)=1,IF(AA34<$N34,AA34,$N34)*VLOOKUP(LEFT($A34,3),Paramétres!$A:$D,3,0),IF(AA34<$N34,AA34,$N34)*VLOOKUP(LEFT($A34,3),Paramétres!$A:$D,4)),0)) -> 1679.3013 | AC34: =IF(AB34<$N34,AB34,$N34)-IF(AC$1<=$U34,0,IF(AC$1>IF($U34<2022,2022,$U34),IF(AC$1-IF($U34<2022,2022,$U34)=1,IF(AB34<$N34,AB34,$N34)*VLOOKUP(LEFT($A34,3),Paramétres!$A:$D,3,0),IF(AB34<$N34,AB34,$N34)*VLOOKUP(LEFT($A34,3),Paramétres!$A:$D,4)),0)) -> 1561.7502 | AD34: =IF(AC34<$N34,AC34,$N34)-IF(AD$1<=$U34,0,IF(AD$1>IF($U34<2022,2022,$U34),IF(AD$1-IF($U34<2022,2022,$U34)=1,IF(AC34<$N34,AC34,$N34)*VLOOKUP(LEFT($A34,3),Paramétres!$A:$D,3,0),IF(AC34<$N34,AC34,$N34)*VLOOKUP(LEFT($A34,3),Paramétres!$A:$D,4)),0)) -> 1452.4277 | AE34: =IF(AD34<$N34,AD34,$N34)-IF(AE$1<=$U34,0,IF(AE$1>IF($U34<2022,2022,$U34),IF(AE$1-IF($U34<2022,2022,$U34)=1,IF(AD34<$N34,AD34,$N34)*VLOOKUP(LEFT($A34,3),Paramétres!$A:$D,3,0),IF(AD34<$N34,AD34,$N34)*VLOOKUP(LEFT($A34,3),Paramétres!$A:$D,4)),0)) -> 1350.7577 | ... AK34: =IF(AJ34<$N34,AJ34,$N34)-IF(AK$1<=$U34,0,IF(AK$1>IF($U34<2022,2022,$U34),IF(AK$1-IF($U34<2022,2022,$U34)=1,IF(AJ34<$N34,AJ34,$N34)*VLOOKUP(LEFT($A34,3),Paramétres!$A:$D,3,0),IF(AJ34<$N34,AJ34,$N34)*VLOOKUP(LEFT($A34,3),Paramétres!$A:$D,4)),0)) -> 873.927
A35: REM 06 | D35: REMORQUE | E35: LIDER | F35: PETIT PLATEAU | K35: 2400 | M35: =T_BASE[[#This Row],[VALEUR ACHAT]] -> 2400 | N35: =T_BASE[[#This Row],[MONTANT PEC APRES AMORT.]] -> 2400 | O35: 12 | R35: 0 | S35: 80 | T35: =$O35/12 -> 1 | U35: =YEAR(J35) -> 1900 | V35: =T_BASE[[#This Row],[ANNEE ACQT]]+T_BASE[[#This Row],[AMORT.]] -> 1901 | W35: =$N35-IF(W$1<=$V35,0,IF(W$1>IF($V35<2022,2022,$V35),IF(W$1-IF($V35<2022,2022,$V35)=1,$N35*VLOOKUP(LEFT($A35,3),Paramétres!A:D,3,0),$N35*VLOOKUP(LEFT($A35,3),Paramétres!A:D,4)),0)) -> 2388 | X35: =IF(W35<$N35,W35,$N35)-IF(X$1<=$U35,0,IF(X$1>IF($U35<2022,2022,$U35),IF(X$1-IF($U35<2022,2022,$U35)=1,IF(W35<$N35,W35,$N35)*VLOOKUP(LEFT($A35,3),Paramétres!$A:$D,3,0),IF(W35<$N35,W35,$N35)*VLOOKUP(LEFT($A35,3),Paramétres!$A:$D,4)),0)) -> 2220.84 | Y35: =IF(X35<$N35,X35,$N35)-IF(Y$1<=$U35,0,IF(Y$1>IF($U35<2022,2022,$U35),IF(Y$1-IF($U35<2022,2022,$U35)=1,IF(X35<$N35,X35,$N35)*VLOOKUP(LEFT($A35,3),Paramétres!$A:$D,3,0),IF(X35<$N35,X35,$N35)*VLOOKUP(LEFT($A35,3),Paramétres!$A:$D,4)),0)) -> 2065.3812 | Z35: =IF(Y35<$N35,Y35,$N35)-IF(Z$1<=$U35,0,IF(Z$1>IF($U35<2022,2022,$U35),IF(Z$1-IF($U35<2022,2022,$U35)=1,IF(Y35<$N35,Y35,$N35)*VLOOKUP(LEFT($A35,3),Paramétres!$A:$D,3,0),IF(Y35<$N35,Y35,$N35)*VLOOKUP(LEFT($A35,3),Paramétres!$A:$D,4)),0)) -> 1920.8045 | AA35: =IF(Z35<$N35,Z35,$N35)-IF(AA$1<=$U35,0,IF(AA$1>IF($U35<2022,2022,$U35),IF(AA$1-IF($U35<2022,2022,$U35)=1,IF(Z35<$N35,Z35,$N35)*VLOOKUP(LEFT($A35,3),Paramétres!$A:$D,3,0),IF(Z35<$N35,Z35,$N35)*VLOOKUP(LEFT($A35,3),Paramétres!$A:$D,4)),0)) -> 1786.3482 | AB35: =IF(AA35<$N35,AA35,$N35)-IF(AB$1<=$U35,0,IF(AB$1>IF($U35<2022,2022,$U35),IF(AB$1-IF($U35<2022,2022,$U35)=1,IF(AA35<$N35,AA35,$N35)*VLOOKUP(LEFT($A35,3),Paramétres!$A:$D,3,0),IF(AA35<$N35,AA35,$N35)*VLOOKUP(LEFT($A35,3),Paramétres!$A:$D,4)),0)) -> 1661.3038 | AC35: =IF(AB35<$N35,AB35,$N35)-IF(AC$1<=$U35,0,IF(AC$1>IF($U35<2022,2022,$U35),IF(AC$1-IF($U35<2022,2022,$U35)=1,IF(AB35<$N35,AB35,$N35)*VLOOKUP(LEFT($A35,3),Paramétres!$A:$D,3,0),IF(AB35<$N35,AB35,$N35)*VLOOKUP(LEFT($A35,3),Paramétres!$A:$D,4)),0)) -> 1545.0126 | AD35: =IF(AC35<$N35,AC35,$N35)-IF(AD$1<=$U35,0,IF(AD$1>IF($U35<2022,2022,$U35),IF(AD$1-IF($U35<2022,2022,$U35)=1,IF(AC35<$N35,AC35,$N35)*VLOOKUP(LEFT($A35,3),Paramétres!$A:$D,3,0),IF(AC35<$N35,AC35,$N35)*VLOOKUP(LEFT($A35,3),Paramétres!$A:$D,4)),0)) -> 1436.8617 | AE35: =IF(AD35<$N35,AD35,$N35)-IF(AE$1<=$U35,0,IF(AE$1>IF($U35<2022,2022,$U35),IF(AE$1-IF($U35<2022,2022,$U35)=1,IF(AD35<$N35,AD35,$N35)*VLOOKUP(LEFT($A35,3),Paramétres!$A:$D,3,0),IF(AD35<$N35,AD35,$N35)*VLOOKUP(LEFT($A35,3),Paramétres!$A:$D,4)),0)) -> 1336.2814 | ... AK35: =IF(AJ35<$N35,AJ35,$N35)-IF(AK$1<=$U35,0,IF(AK$1>IF($U35<2022,2022,$U35),IF(AK$1-IF($U35<2022,2022,$U35)=1,IF(AJ35<$N35,AJ35,$N35)*VLOOKUP(LEFT($A35,3),Paramétres!$A:$D,3,0),IF(AJ35<$N35,AJ35,$N35)*VLOOKUP(LEFT($A35,3),Paramétres!$A:$D,4)),0)) -> 864.56092
A36: REM 07 | D36: REMORQUE | E36: LIDER | F36: GRILLAGE | K36: 875 | M36: =T_BASE[[#This Row],[VALEUR ACHAT]] -> 875 | N36: =T_BASE[[#This Row],[MONTANT PEC APRES AMORT.]] -> 875 | O36: 12 | R36: 0 | S36: 80 | T36: =$O36/12 -> 1 | U36: =YEAR(J36) -> 1900 | V36: =T_BASE[[#This Row],[ANNEE ACQT]]+T_BASE[[#This Row],[AMORT.]] -> 1901 | W36: =$N36-IF(W$1<=$V36,0,IF(W$1>IF($V36<2022,2022,$V36),IF(W$1-IF($V36<2022,2022,$V36)=1,$N36*VLOOKUP(LEFT($A36,3),Paramétres!A:D,3,0),$N36*VLOOKUP(LEFT($A36,3),Paramétres!A:D,4)),0)) -> 870.625 | X36: =IF(W36<$N36,W36,$N36)-IF(X$1<=$U36,0,IF(X$1>IF($U36<2022,2022,$U36),IF(X$1-IF($U36<2022,2022,$U36)=1,IF(W36<$N36,W36,$N36)*VLOOKUP(LEFT($A36,3),Paramétres!$A:$D,3,0),IF(W36<$N36,W36,$N36)*VLOOKUP(LEFT($A36,3),Paramétres!$A:$D,4)),0)) -> 809.68125 | Y36: =IF(X36<$N36,X36,$N36)-IF(Y$1<=$U36,0,IF(Y$1>IF($U36<2022,2022,$U36),IF(Y$1-IF($U36<2022,2022,$U36)=1,IF(X36<$N36,X36,$N36)*VLOOKUP(LEFT($A36,3),Paramétres!$A:$D,3,0),IF(X36<$N36,X36,$N36)*VLOOKUP(LEFT($A36,3),Paramétres!$A:$D,4)),0)) -> 753.00356 | Z36: =IF(Y36<$N36,Y36,$N36)-IF(Z$1<=$U36,0,IF(Z$1>IF($U36<2022,2022,$U36),IF(Z$1-IF($U36<2022,2022,$U36)=1,IF(Y36<$N36,Y36,$N36)*VLOOKUP(LEFT($A36,3),Paramétres!$A:$D,3,0),IF(Y36<$N36,Y36,$N36)*VLOOKUP(LEFT($A36,3),Paramétres!$A:$D,4)),0)) -> 700.29331 | AA36: =IF(Z36<$N36,Z36,$N36)-IF(AA$1<=$U36,0,IF(AA$1>IF($U36<2022,2022,$U36),IF(AA$1-IF($U36<2022,2022,$U36)=1,IF(Z36<$N36,Z36,$N36)*VLOOKUP(LEFT($A36,3),Paramétres!$A:$D,3,0),IF(Z36<$N36,Z36,$N36)*VLOOKUP(LEFT($A36,3),Paramétres!$A:$D,4)),0)) -> 651.27278 | AB36: =IF(AA36<$N36,AA36,$N36)-IF(AB$1<=$U36,0,IF(AB$1>IF($U36<2022,2022,$U36),IF(AB$1-IF($U36<2022,2022,$U36)=1,IF(AA36<$N36,AA36,$N36)*VLOOKUP(LEFT($A36,3),Paramétres!$A:$D,3,0),IF(AA36<$N36,AA36,$N36)*VLOOKUP(LEFT($A36,3),Paramétres!$A:$D,4)),0)) -> 605.68369 | AC36: =IF(AB36<$N36,AB36,$N36)-IF(AC$1<=$U36,0,IF(AC$1>IF($U36<2022,2022,$U36),IF(AC$1-IF($U36<2022,2022,$U36)=1,IF(AB36<$N36,AB36,$N36)*VLOOKUP(LEFT($A36,3),Paramétres!$A:$D,3,0),IF(AB36<$N36,AB36,$N36)*VLOOKUP(LEFT($A36,3),Paramétres!$A:$D,4)),0)) -> 563.28583 | AD36: =IF(AC36<$N36,AC36,$N36)-IF(AD$1<=$U36,0,IF(AD$1>IF($U36<2022,2022,$U36),IF(AD$1-IF($U36<2022,2022,$U36)=1,IF(AC36<$N36,AC36,$N36)*VLOOKUP(LEFT($A36,3),Paramétres!$A:$D,3,0),IF(AC36<$N36,AC36,$N36)*VLOOKUP(LEFT($A36,3),Paramétres!$A:$D,4)),0)) -> 523.85582 | AE36: =IF(AD36<$N36,AD36,$N36)-IF(AE$1<=$U36,0,IF(AE$1>IF($U36<2022,2022,$U36),IF(AE$1-IF($U36<2022,2022,$U36)=1,IF(AD36<$N36,AD36,$N36)*VLOOKUP(LEFT($A36,3),Paramétres!$A:$D,3,0),IF(AD36<$N36,AD36,$N36)*VLOOKUP(LEFT($A36,3),Paramétres!$A:$D,4)),0)) -> 487.18591 | ... AK36: =IF(AJ36<$N36,AJ36,$N36)-IF(AK$1<=$U36,0,IF(AK$1>IF($U36<2022,2022,$U36),IF(AK$1-IF($U36<2022,2022,$U36)=1,IF(AJ36<$N36,AJ36,$N36)*VLOOKUP(LEFT($A36,3),Paramétres!$A:$D,3,0),IF(AJ36<$N36,AJ36,$N36)*VLOOKUP(LEFT($A36,3),Paramétres!$A:$D,4)),0)) -> 315.2045
A37: REM 08 | D37: REMORQUE | E37: MECANOREM | F37: PLATEAU | M37: =T_BASE[[#This Row],[VALEUR ACHAT]] -> 0 | N37: =T_BASE[[#This Row],[MONTANT PEC APRES AMORT.]] -> 0 | R37: 0 | S37: 80 | T37: =$O37/12 -> 0 | U37: =YEAR(J37) -> 1900 | V37: =T_BASE[[#This Row],[ANNEE ACQT]]+T_BASE[[#This Row],[AMORT.]] -> 1900 | W37: =$N37-IF(W$1<=$V37,0,IF(W$1>IF($V37<2022,2022,$V37),IF(W$1-IF($V37<2022,2022,$V37)=1,$N37*VLOOKUP(LEFT($A37,3),Paramétres!A:D,3,0),$N37*VLOOKUP(LEFT($A37,3),Paramétres!A:D,4)),0)) -> 0 | X37: =IF(W37<$N37,W37,$N37)-IF(X$1<=$U37,0,IF(X$1>IF($U37<2022,2022,$U37),IF(X$1-IF($U37<2022,2022,$U37)=1,IF(W37<$N37,W37,$N37)*VLOOKUP(LEFT($A37,3),Paramétres!$A:$D,3,0),IF(W37<$N37,W37,$N37)*VLOOKUP(LEFT($A37,3),Paramétres!$A:$D,4)),0)) -> 0 | Y37: =IF(X37<$N37,X37,$N37)-IF(Y$1<=$U37,0,IF(Y$1>IF($U37<2022,2022,$U37),IF(Y$1-IF($U37<2022,2022,$U37)=1,IF(X37<$N37,X37,$N37)*VLOOKUP(LEFT($A37,3),Paramétres!$A:$D,3,0),IF(X37<$N37,X37,$N37)*VLOOKUP(LEFT($A37,3),Paramétres!$A:$D,4)),0)) -> 0 | Z37: =IF(Y37<$N37,Y37,$N37)-IF(Z$1<=$U37,0,IF(Z$1>IF($U37<2022,2022,$U37),IF(Z$1-IF($U37<2022,2022,$U37)=1,IF(Y37<$N37,Y37,$N37)*VLOOKUP(LEFT($A37,3),Paramétres!$A:$D,3,0),IF(Y37<$N37,Y37,$N37)*VLOOKUP(LEFT($A37,3),Paramétres!$A:$D,4)),0)) -> 0 | AA37: =IF(Z37<$N37,Z37,$N37)-IF(AA$1<=$U37,0,IF(AA$1>IF($U37<2022,2022,$U37),IF(AA$1-IF($U37<2022,2022,$U37)=1,IF(Z37<$N37,Z37,$N37)*VLOOKUP(LEFT($A37,3),Paramétres!$A:$D,3,0),IF(Z37<$N37,Z37,$N37)*VLOOKUP(LEFT($A37,3),Paramétres!$A:$D,4)),0)) -> 0 | AB37: =IF(AA37<$N37,AA37,$N37)-IF(AB$1<=$U37,0,IF(AB$1>IF($U37<2022,2022,$U37),IF(AB$1-IF($U37<2022,2022,$U37)=1,IF(AA37<$N37,AA37,$N37)*VLOOKUP(LEFT($A37,3),Paramétres!$A:$D,3,0),IF(AA37<$N37,AA37,$N37)*VLOOKUP(LEFT($A37,3),Paramétres!$A:$D,4)),0)) -> 0 | AC37: =IF(AB37<$N37,AB37,$N37)-IF(AC$1<=$U37,0,IF(AC$1>IF($U37<2022,2022,$U37),IF(AC$1-IF($U37<2022,2022,$U37)=1,IF(AB37<$N37,AB37,$N37)*VLOOKUP(LEFT($A37,3),Paramétres!$A:$D,3,0),IF(AB37<$N37,AB37,$N37)*VLOOKUP(LEFT($A37,3),Paramétres!$A:$D,4)),0)) -> 0 | AD37: =IF(AC37<$N37,AC37,$N37)-IF(AD$1<=$U37,0,IF(AD$1>IF($U37<2022,2022,$U37),IF(AD$1-IF($U37<2022,2022,$U37)=1,IF(AC37<$N37,AC37,$N37)*VLOOKUP(LEFT($A37,3),Paramétres!$A:$D,3,0),IF(AC37<$N37,AC37,$N37)*VLOOKUP(LEFT($A37,3),Paramétres!$A:$D,4)),0)) -> 0 | AE37: =IF(AD37<$N37,AD37,$N37)-IF(AE$1<=$U37,0,IF(AE$1>IF($U37<2022,2022,$U37),IF(AE$1-IF($U37<2022,2022,$U37)=1,IF(AD37<$N37,AD37,$N37)*VLOOKUP(LEFT($A37,3),Paramétres!$A:$D,3,0),IF(AD37<$N37,AD37,$N37)*VLOOKUP(LEFT($A37,3),Paramétres!$A:$D,4)),0)) -> 0 | ... AK37: =IF(AJ37<$N37,AJ37,$N37)-IF(AK$1<=$U37,0,IF(AK$1>IF($U37<2022,2022,$U37),IF(AK$1-IF($U37<2022,2022,$U37)=1,IF(AJ37<$N37,AJ37,$N37)*VLOOKUP(LEFT($A37,3),Paramétres!$A:$D,3,0),IF(AJ37<$N37,AJ37,$N37)*VLOOKUP(LEFT($A37,3),Paramétres!$A:$D,4)),0)) -> 0
A38: REM 09 | D38: REMORQUE | E38: MECANOREM | F38: PLATEAU | J38: 43903 | K38: 1158.33 | M38: =T_BASE[[#This Row],[VALEUR ACHAT]] -> 1158.33 | N38: =T_BASE[[#This Row],[MONTANT PEC APRES AMORT.]] -> 1158.33 | O38: 24 | R38: 0 | S38: 80 | T38: =$O38/12 -> 2 | U38: =YEAR(J38) -> 2020 | V38: =T_BASE[[#This Row],[ANNEE ACQT]]+T_BASE[[#This Row],[AMORT.]] -> 2022 | W38: =$N38-IF(W$1<=$V38,0,IF(W$1>IF($V38<2022,2022,$V38),IF(W$1-IF($V38<2022,2022,$V38)=1,$N38*VLOOKUP(LEFT($A38,3),Paramétres!A:D,3,0),$N38*VLOOKUP(LEFT($A38,3),Paramétres!A:D,4)),0)) -> 1152.5384 | X38: =IF(W38<$N38,W38,$N38)-IF(X$1<=$U38,0,IF(X$1>IF($U38<2022,2022,$U38),IF(X$1-IF($U38<2022,2022,$U38)=1,IF(W38<$N38,W38,$N38)*VLOOKUP(LEFT($A38,3),Paramétres!$A:$D,3,0),IF(W38<$N38,W38,$N38)*VLOOKUP(LEFT($A38,3),Paramétres!$A:$D,4)),0)) -> 1071.8607 | Y38: =IF(X38<$N38,X38,$N38)-IF(Y$1<=$U38,0,IF(Y$1>IF($U38<2022,2022,$U38),IF(Y$1-IF($U38<2022,2022,$U38)=1,IF(X38<$N38,X38,$N38)*VLOOKUP(LEFT($A38,3),Paramétres!$A:$D,3,0),IF(X38<$N38,X38,$N38)*VLOOKUP(LEFT($A38,3),Paramétres!$A:$D,4)),0)) -> 996.83042 | Z38: =IF(Y38<$N38,Y38,$N38)-IF(Z$1<=$U38,0,IF(Z$1>IF($U38<2022,2022,$U38),IF(Z$1-IF($U38<2022,2022,$U38)=1,IF(Y38<$N38,Y38,$N38)*VLOOKUP(LEFT($A38,3),Paramétres!$A:$D,3,0),IF(Y38<$N38,Y38,$N38)*VLOOKUP(LEFT($A38,3),Paramétres!$A:$D,4)),0)) -> 927.05229 | AA38: =IF(Z38<$N38,Z38,$N38)-IF(AA$1<=$U38,0,IF(AA$1>IF($U38<2022,2022,$U38),IF(AA$1-IF($U38<2022,2022,$U38)=1,IF(Z38<$N38,Z38,$N38)*VLOOKUP(LEFT($A38,3),Paramétres!$A:$D,3,0),IF(Z38<$N38,Z38,$N38)*VLOOKUP(LEFT($A38,3),Paramétres!$A:$D,4)),0)) -> 862.15863 | AB38: =IF(AA38<$N38,AA38,$N38)-IF(AB$1<=$U38,0,IF(AB$1>IF($U38<2022,2022,$U38),IF(AB$1-IF($U38<2022,2022,$U38)=1,IF(AA38<$N38,AA38,$N38)*VLOOKUP(LEFT($A38,3),Paramétres!$A:$D,3,0),IF(AA38<$N38,AA38,$N38)*VLOOKUP(LEFT($A38,3),Paramétres!$A:$D,4)),0)) -> 801.80753 | AC38: =IF(AB38<$N38,AB38,$N38)-IF(AC$1<=$U38,0,IF(AC$1>IF($U38<2022,2022,$U38),IF(AC$1-IF($U38<2022,2022,$U38)=1,IF(AB38<$N38,AB38,$N38)*VLOOKUP(LEFT($A38,3),Paramétres!$A:$D,3,0),IF(AB38<$N38,AB38,$N38)*VLOOKUP(LEFT($A38,3),Paramétres!$A:$D,4)),0)) -> 745.681 | AD38: =IF(AC38<$N38,AC38,$N38)-IF(AD$1<=$U38,0,IF(AD$1>IF($U38<2022,2022,$U38),IF(AD$1-IF($U38<2022,2022,$U38)=1,IF(AC38<$N38,AC38,$N38)*VLOOKUP(LEFT($A38,3),Paramétres!$A:$D,3,0),IF(AC38<$N38,AC38,$N38)*VLOOKUP(LEFT($A38,3),Paramétres!$A:$D,4)),0)) -> 693.48333 | AE38: =IF(AD38<$N38,AD38,$N38)-IF(AE$1<=$U38,0,IF(AE$1>IF($U38<2022,2022,$U38),IF(AE$1-IF($U38<2022,2022,$U38)=1,IF(AD38<$N38,AD38,$N38)*VLOOKUP(LEFT($A38,3),Paramétres!$A:$D,3,0),IF(AD38<$N38,AD38,$N38)*VLOOKUP(LEFT($A38,3),Paramétres!$A:$D,4)),0)) -> 644.9395 | ... AK38: =IF(AJ38<$N38,AJ38,$N38)-IF(AK$1<=$U38,0,IF(AK$1>IF($U38<2022,2022,$U38),IF(AK$1-IF($U38<2022,2022,$U38)=1,IF(AJ38<$N38,AJ38,$N38)*VLOOKUP(LEFT($A38,3),Paramétres!$A:$D,3,0),IF(AJ38<$N38,AJ38,$N38)*VLOOKUP(LEFT($A38,3),Paramétres!$A:$D,4)),0)) -> 417.26952
A39: REM 10 | D39: REMORQUE | E39: MECANOREM | F39: PLATEAU | J39: 44120 | K39: 1158.33 | M39: =T_BASE[[#This Row],[VALEUR ACHAT]] -> 1158.33 | N39: =T_BASE[[#This Row],[MONTANT PEC APRES AMORT.]] -> 1158.33 | O39: 24 | R39: 0 | S39: 80 | T39: =$O39/12 -> 2 | U39: =YEAR(J39) -> 2020 | V39: =T_BASE[[#This Row],[ANNEE ACQT]]+T_BASE[[#This Row],[AMORT.]] -> 2022 | W39: =$N39-IF(W$1<=$V39,0,IF(W$1>IF($V39<2022,2022,$V39),IF(W$1-IF($V39<2022,2022,$V39)=1,$N39*VLOOKUP(LEFT($A39,3),Paramétres!A:D,3,0),$N39*VLOOKUP(LEFT($A39,3),Paramétres!A:D,4)),0)) -> 1152.5384 | X39: =IF(W39<$N39,W39,$N39)-IF(X$1<=$U39,0,IF(X$1>IF($U39<2022,2022,$U39),IF(X$1-IF($U39<2022,2022,$U39)=1,IF(W39<$N39,W39,$N39)*VLOOKUP(LEFT($A39,3),Paramétres!$A:$D,3,0),IF(W39<$N39,W39,$N39)*VLOOKUP(LEFT($A39,3),Paramétres!$A:$D,4)),0)) -> 1071.8607 | Y39: =IF(X39<$N39,X39,$N39)-IF(Y$1<=$U39,0,IF(Y$1>IF($U39<2022,2022,$U39),IF(Y$1-IF($U39<2022,2022,$U39)=1,IF(X39<$N39,X39,$N39)*VLOOKUP(LEFT($A39,3),Paramétres!$A:$D,3,0),IF(X39<$N39,X39,$N39)*VLOOKUP(LEFT($A39,3),Paramétres!$A:$D,4)),0)) -> 996.83042 | Z39: =IF(Y39<$N39,Y39,$N39)-IF(Z$1<=$U39,0,IF(Z$1>IF($U39<2022,2022,$U39),IF(Z$1-IF($U39<2022,2022,$U39)=1,IF(Y39<$N39,Y39,$N39)*VLOOKUP(LEFT($A39,3),Paramétres!$A:$D,3,0),IF(Y39<$N39,Y39,$N39)*VLOOKUP(LEFT($A39,3),Paramétres!$A:$D,4)),0)) -> 927.05229 | AA39: =IF(Z39<$N39,Z39,$N39)-IF(AA$1<=$U39,0,IF(AA$1>IF($U39<2022,2022,$U39),IF(AA$1-IF($U39<2022,2022,$U39)=1,IF(Z39<$N39,Z39,$N39)*VLOOKUP(LEFT($A39,3),Paramétres!$A:$D,3,0),IF(Z39<$N39,Z39,$N39)*VLOOKUP(LEFT($A39,3),Paramétres!$A:$D,4)),0)) -> 862.15863 | AB39: =IF(AA39<$N39,AA39,$N39)-IF(AB$1<=$U39,0,IF(AB$1>IF($U39<2022,2022,$U39),IF(AB$1-IF($U39<2022,2022,$U39)=1,IF(AA39<$N39,AA39,$N39)*VLOOKUP(LEFT($A39,3),Paramétres!$A:$D,3,0),IF(AA39<$N39,AA39,$N39)*VLOOKUP(LEFT($A39,3),Paramétres!$A:$D,4)),0)) -> 801.80753 | AC39: =IF(AB39<$N39,AB39,$N39)-IF(AC$1<=$U39,0,IF(AC$1>IF($U39<2022,2022,$U39),IF(AC$1-IF($U39<2022,2022,$U39)=1,IF(AB39<$N39,AB39,$N39)*VLOOKUP(LEFT($A39,3),Paramétres!$A:$D,3,0),IF(AB39<$N39,AB39,$N39)*VLOOKUP(LEFT($A39,3),Paramétres!$A:$D,4)),0)) -> 745.681 | AD39: =IF(AC39<$N39,AC39,$N39)-IF(AD$1<=$U39,0,IF(AD$1>IF($U39<2022,2022,$U39),IF(AD$1-IF($U39<2022,2022,$U39)=1,IF(AC39<$N39,AC39,$N39)*VLOOKUP(LEFT($A39,3),Paramétres!$A:$D,3,0),IF(AC39<$N39,AC39,$N39)*VLOOKUP(LEFT($A39,3),Paramétres!$A:$D,4)),0)) -> 693.48333 | AE39: =IF(AD39<$N39,AD39,$N39)-IF(AE$1<=$U39,0,IF(AE$1>IF($U39<2022,2022,$U39),IF(AE$1-IF($U39<2022,2022,$U39)=1,IF(AD39<$N39,AD39,$N39)*VLOOKUP(LEFT($A39,3),Paramétres!$A:$D,3,0),IF(AD39<$N39,AD39,$N39)*VLOOKUP(LEFT($A39,3),Paramétres!$A:$D,4)),0)) -> 644.9395 | ... AK39: =IF(AJ39<$N39,AJ39,$N39)-IF(AK$1<=$U39,0,IF(AK$1>IF($U39<2022,2022,$U39),IF(AK$1-IF($U39<2022,2022,$U39)=1,IF(AJ39<$N39,AJ39,$N39)*VLOOKUP(LEFT($A39,3),Paramétres!$A:$D,3,0),IF(AJ39<$N39,AJ39,$N39)*VLOOKUP(LEFT($A39,3),Paramétres!$A:$D,4)),0)) -> 417.26952
A40: REM 11 | D40: REMORQUE | E40: SOGEWALOT | F40: PLATEAU | J40: 44138 | K40: 1525.01 | M40: =T_BASE[[#This Row],[VALEUR ACHAT]] -> 1525.01 | N40: =T_BASE[[#This Row],[MONTANT PEC APRES AMORT.]] -> 1525.01 | O40: 24 | R40: 0 | S40: 80 | T40: =$O40/12 -> 2 | U40: =YEAR(J40) -> 2020 | V40: =T_BASE[[#This Row],[ANNEE ACQT]]+T_BASE[[#This Row],[AMORT.]] -> 2022 | W40: =$N40-IF(W$1<=$V40,0,IF(W$1>IF($V40<2022,2022,$V40),IF(W$1-IF($V40<2022,2022,$V40)=1,$N40*VLOOKUP(LEFT($A40,3),Paramétres!A:D,3,0),$N40*VLOOKUP(LEFT($A40,3),Paramétres!A:D,4)),0)) -> 1517.3849 | X40: =IF(W40<$N40,W40,$N40)-IF(X$1<=$U40,0,IF(X$1>IF($U40<2022,2022,$U40),IF(X$1-IF($U40<2022,2022,$U40)=1,IF(W40<$N40,W40,$N40)*VLOOKUP(LEFT($A40,3),Paramétres!$A:$D,3,0),IF(W40<$N40,W40,$N40)*VLOOKUP(LEFT($A40,3),Paramétres!$A:$D,4)),0)) -> 1411.168 | Y40: =IF(X40<$N40,X40,$N40)-IF(Y$1<=$U40,0,IF(Y$1>IF($U40<2022,2022,$U40),IF(Y$1-IF($U40<2022,2022,$U40)=1,IF(X40<$N40,X40,$N40)*VLOOKUP(LEFT($A40,3),Paramétres!$A:$D,3,0),IF(X40<$N40,X40,$N40)*VLOOKUP(LEFT($A40,3),Paramétres!$A:$D,4)),0)) -> 1312.3862 | Z40: =IF(Y40<$N40,Y40,$N40)-IF(Z$1<=$U40,0,IF(Z$1>IF($U40<2022,2022,$U40),IF(Z$1-IF($U40<2022,2022,$U40)=1,IF(Y40<$N40,Y40,$N40)*VLOOKUP(LEFT($A40,3),Paramétres!$A:$D,3,0),IF(Y40<$N40,Y40,$N40)*VLOOKUP(LEFT($A40,3),Paramétres!$A:$D,4)),0)) -> 1220.5192 | AA40: =IF(Z40<$N40,Z40,$N40)-IF(AA$1<=$U40,0,IF(AA$1>IF($U40<2022,2022,$U40),IF(AA$1-IF($U40<2022,2022,$U40)=1,IF(Z40<$N40,Z40,$N40)*VLOOKUP(LEFT($A40,3),Paramétres!$A:$D,3,0),IF(Z40<$N40,Z40,$N40)*VLOOKUP(LEFT($A40,3),Paramétres!$A:$D,4)),0)) -> 1135.0829 | AB40: =IF(AA40<$N40,AA40,$N40)-IF(AB$1<=$U40,0,IF(AB$1>IF($U40<2022,2022,$U40),IF(AB$1-IF($U40<2022,2022,$U40)=1,IF(AA40<$N40,AA40,$N40)*VLOOKUP(LEFT($A40,3),Paramétres!$A:$D,3,0),IF(AA40<$N40,AA40,$N40)*VLOOKUP(LEFT($A40,3),Paramétres!$A:$D,4)),0)) -> 1055.6271 | AC40: =IF(AB40<$N40,AB40,$N40)-IF(AC$1<=$U40,0,IF(AC$1>IF($U40<2022,2022,$U40),IF(AC$1-IF($U40<2022,2022,$U40)=1,IF(AB40<$N40,AB40,$N40)*VLOOKUP(LEFT($A40,3),Paramétres!$A:$D,3,0),IF(AB40<$N40,AB40,$N40)*VLOOKUP(LEFT($A40,3),Paramétres!$A:$D,4)),0)) -> 981.73317 | AD40: =IF(AC40<$N40,AC40,$N40)-IF(AD$1<=$U40,0,IF(AD$1>IF($U40<2022,2022,$U40),IF(AD$1-IF($U40<2022,2022,$U40)=1,IF(AC40<$N40,AC40,$N40)*VLOOKUP(LEFT($A40,3),Paramétres!$A:$D,3,0),IF(AC40<$N40,AC40,$N40)*VLOOKUP(LEFT($A40,3),Paramétres!$A:$D,4)),0)) -> 913.01185 | AE40: =IF(AD40<$N40,AD40,$N40)-IF(AE$1<=$U40,0,IF(AE$1>IF($U40<2022,2022,$U40),IF(AE$1-IF($U40<2022,2022,$U40)=1,IF(AD40<$N40,AD40,$N40)*VLOOKUP(LEFT($A40,3),Paramétres!$A:$D,3,0),IF(AD40<$N40,AD40,$N40)*VLOOKUP(LEFT($A40,3),Paramétres!$A:$D,4)),0)) -> 849.10102 | ... AK40: =IF(AJ40<$N40,AJ40,$N40)-IF(AK$1<=$U40,0,IF(AK$1>IF($U40<2022,2022,$U40),IF(AK$1-IF($U40<2022,2022,$U40)=1,IF(AJ40<$N40,AJ40,$N40)*VLOOKUP(LEFT($A40,3),Paramétres!$A:$D,3,0),IF(AJ40<$N40,AJ40,$N40)*VLOOKUP(LEFT($A40,3),Paramétres!$A:$D,4)),0)) -> 549.36002
A41: REM 12 | D41: REMORQUE | E41: MECANOREM | F41: PLATEAU | J41: 44158 | K41: 1158.33 | M41: =T_BASE[[#This Row],[VALEUR ACHAT]] -> 1158.33 | N41: =T_BASE[[#This Row],[MONTANT PEC APRES AMORT.]] -> 1158.33 | O41: 24 | R41: 0 | S41: 80 | T41: =$O41/12 -> 2 | U41: =YEAR(J41) -> 2020 | V41: =T_BASE[[#This Row],[ANNEE ACQT]]+T_BASE[[#This Row],[AMORT.]] -> 2022 | W41: =$N41-IF(W$1<=$V41,0,IF(W$1>IF($V41<2022,2022,$V41),IF(W$1-IF($V41<2022,2022,$V41)=1,$N41*VLOOKUP(LEFT($A41,3),Paramétres!A:D,3,0),$N41*VLOOKUP(LEFT($A41,3),Paramétres!A:D,4)),0)) -> 1152.5384 | X41: =IF(W41<$N41,W41,$N41)-IF(X$1<=$U41,0,IF(X$1>IF($U41<2022,2022,$U41),IF(X$1-IF($U41<2022,2022,$U41)=1,IF(W41<$N41,W41,$N41)*VLOOKUP(LEFT($A41,3),Paramétres!$A:$D,3,0),IF(W41<$N41,W41,$N41)*VLOOKUP(LEFT($A41,3),Paramétres!$A:$D,4)),0)) -> 1071.8607 | Y41: =IF(X41<$N41,X41,$N41)-IF(Y$1<=$U41,0,IF(Y$1>IF($U41<2022,2022,$U41),IF(Y$1-IF($U41<2022,2022,$U41)=1,IF(X41<$N41,X41,$N41)*VLOOKUP(LEFT($A41,3),Paramétres!$A:$D,3,0),IF(X41<$N41,X41,$N41)*VLOOKUP(LEFT($A41,3),Paramétres!$A:$D,4)),0)) -> 996.83042 | Z41: =IF(Y41<$N41,Y41,$N41)-IF(Z$1<=$U41,0,IF(Z$1>IF($U41<2022,2022,$U41),IF(Z$1-IF($U41<2022,2022,$U41)=1,IF(Y41<$N41,Y41,$N41)*VLOOKUP(LEFT($A41,3),Paramétres!$A:$D,3,0),IF(Y41<$N41,Y41,$N41)*VLOOKUP(LEFT($A41,3),Paramétres!$A:$D,4)),0)) -> 927.05229 | AA41: =IF(Z41<$N41,Z41,$N41)-IF(AA$1<=$U41,0,IF(AA$1>IF($U41<2022,2022,$U41),IF(AA$1-IF($U41<2022,2022,$U41)=1,IF(Z41<$N41,Z41,$N41)*VLOOKUP(LEFT($A41,3),Paramétres!$A:$D,3,0),IF(Z41<$N41,Z41,$N41)*VLOOKUP(LEFT($A41,3),Paramétres!$A:$D,4)),0)) -> 862.15863 | AB41: =IF(AA41<$N41,AA41,$N41)-IF(AB$1<=$U41,0,IF(AB$1>IF($U41<2022,2022,$U41),IF(AB$1-IF($U41<2022,2022,$U41)=1,IF(AA41<$N41,AA41,$N41)*VLOOKUP(LEFT($A41,3),Paramétres!$A:$D,3,0),IF(AA41<$N41,AA41,$N41)*VLOOKUP(LEFT($A41,3),Paramétres!$A:$D,4)),0)) -> 801.80753 | AC41: =IF(AB41<$N41,AB41,$N41)-IF(AC$1<=$U41,0,IF(AC$1>IF($U41<2022,2022,$U41),IF(AC$1-IF($U41<2022,2022,$U41)=1,IF(AB41<$N41,AB41,$N41)*VLOOKUP(LEFT($A41,3),Paramétres!$A:$D,3,0),IF(AB41<$N41,AB41,$N41)*VLOOKUP(LEFT($A41,3),Paramétres!$A:$D,4)),0)) -> 745.681 | AD41: =IF(AC41<$N41,AC41,$N41)-IF(AD$1<=$U41,0,IF(AD$1>IF($U41<2022,2022,$U41),IF(AD$1-IF($U41<2022,2022,$U41)=1,IF(AC41<$N41,AC41,$N41)*VLOOKUP(LEFT($A41,3),Paramétres!$A:$D,3,0),IF(AC41<$N41,AC41,$N41)*VLOOKUP(LEFT($A41,3),Paramétres!$A:$D,4)),0)) -> 693.48333 | AE41: =IF(AD41<$N41,AD41,$N41)-IF(AE$1<=$U41,0,IF(AE$1>IF($U41<2022,2022,$U41),IF(AE$1-IF($U41<2022,2022,$U41)=1,IF(AD41<$N41,AD41,$N41)*VLOOKUP(LEFT($A41,3),Paramétres!$A:$D,3,0),IF(AD41<$N41,AD41,$N41)*VLOOKUP(LEFT($A41,3),Paramétres!$A:$D,4)),0)) -> 644.9395 | ... AK41: =IF(AJ41<$N41,AJ41,$N41)-IF(AK$1<=$U41,0,IF(AK$1>IF($U41<2022,2022,$U41),IF(AK$1-IF($U41<2022,2022,$U41)=1,IF(AJ41<$N41,AJ41,$N41)*VLOOKUP(LEFT($A41,3),Paramétres!$A:$D,3,0),IF(AJ41<$N41,AJ41,$N41)*VLOOKUP(LEFT($A41,3),Paramétres!$A:$D,4)),0)) -> 417.26952
A42: REM 13 | D42: REMORQUE | E42: MECANOREM | F42: PLATEAU | J42: 44370 | K42: 1316.67 | M42: =T_BASE[[#This Row],[VALEUR ACHAT]] -> 1316.67 | N42: =T_BASE[[#This Row],[MONTANT PEC APRES AMORT.]] -> 1316.67 | O42: 24 | R42: 0 | S42: 80 | T42: =$O42/12 -> 2 | U42: =YEAR(J42) -> 2021 | V42: =T_BASE[[#This Row],[ANNEE ACQT]]+T_BASE[[#This Row],[AMORT.]] -> 2023 | W42: =$N42-IF(W$1<=$V42,0,IF(W$1>IF($V42<2022,2022,$V42),IF(W$1-IF($V42<2022,2022,$V42)=1,$N42*VLOOKUP(LEFT($A42,3),Paramétres!A:D,3,0),$N42*VLOOKUP(LEFT($A42,3),Paramétres!A:D,4)),0)) -> 1224.5031 | X42: =IF(W42<$N42,W42,$N42)-IF(X$1<=$U42,0,IF(X$1>IF($U42<2022,2022,$U42),IF(X$1-IF($U42<2022,2022,$U42)=1,IF(W42<$N42,W42,$N42)*VLOOKUP(LEFT($A42,3),Paramétres!$A:$D,3,0),IF(W42<$N42,W42,$N42)*VLOOKUP(LEFT($A42,3),Paramétres!$A:$D,4)),0)) -> 1138.7879 | Y42: =IF(X42<$N42,X42,$N42)-IF(Y$1<=$U42,0,IF(Y$1>IF($U42<2022,2022,$U42),IF(Y$1-IF($U42<2022,2022,$U42)=1,IF(X42<$N42,X42,$N42)*VLOOKUP(LEFT($A42,3),Paramétres!$A:$D,3,0),IF(X42<$N42,X42,$N42)*VLOOKUP(LEFT($A42,3),Paramétres!$A:$D,4)),0)) -> 1059.0727 | Z42: =IF(Y42<$N42,Y42,$N42)-IF(Z$1<=$U42,0,IF(Z$1>IF($U42<2022,2022,$U42),IF(Z$1-IF($U42<2022,2022,$U42)=1,IF(Y42<$N42,Y42,$N42)*VLOOKUP(LEFT($A42,3),Paramétres!$A:$D,3,0),IF(Y42<$N42,Y42,$N42)*VLOOKUP(LEFT($A42,3),Paramétres!$A:$D,4)),0)) -> 984.93764 | AA42: =IF(Z42<$N42,Z42,$N42)-IF(AA$1<=$U42,0,IF(AA$1>IF($U42<2022,2022,$U42),IF(AA$1-IF($U42<2022,2022,$U42)=1,IF(Z42<$N42,Z42,$N42)*VLOOKUP(LEFT($A42,3),Paramétres!$A:$D,3,0),IF(Z42<$N42,Z42,$N42)*VLOOKUP(LEFT($A42,3),Paramétres!$A:$D,4)),0)) -> 915.99201 | AB42: =IF(AA42<$N42,AA42,$N42)-IF(AB$1<=$U42,0,IF(AB$1>IF($U42<2022,2022,$U42),IF(AB$1-IF($U42<2022,2022,$U42)=1,IF(AA42<$N42,AA42,$N42)*VLOOKUP(LEFT($A42,3),Paramétres!$A:$D,3,0),IF(AA42<$N42,AA42,$N42)*VLOOKUP(LEFT($A42,3),Paramétres!$A:$D,4)),0)) -> 851.87256 | AC42: =IF(AB42<$N42,AB42,$N42)-IF(AC$1<=$U42,0,IF(AC$1>IF($U42<2022,2022,$U42),IF(AC$1-IF($U42<2022,2022,$U42)=1,IF(AB42<$N42,AB42,$N42)*VLOOKUP(LEFT($A42,3),Paramétres!$A:$D,3,0),IF(AB42<$N42,AB42,$N42)*VLOOKUP(LEFT($A42,3),Paramétres!$A:$D,4)),0)) -> 792.24149 | AD42: =IF(AC42<$N42,AC42,$N42)-IF(AD$1<=$U42,0,IF(AD$1>IF($U42<2022,2022,$U42),IF(AD$1-IF($U42<2022,2022,$U42)=1,IF(AC42<$N42,AC42,$N42)*VLOOKUP(LEFT($A42,3),Paramétres!$A:$D,3,0),IF(AC42<$N42,AC42,$N42)*VLOOKUP(LEFT($A42,3),Paramétres!$A:$D,4)),0)) -> 736.78458 | AE42: =IF(AD42<$N42,AD42,$N42)-IF(AE$1<=$U42,0,IF(AE$1>IF($U42<2022,2022,$U42),IF(AE$1-IF($U42<2022,2022,$U42)=1,IF(AD42<$N42,AD42,$N42)*VLOOKUP(LEFT($A42,3),Paramétres!$A:$D,3,0),IF(AD42<$N42,AD42,$N42)*VLOOKUP(LEFT($A42,3),Paramétres!$A:$D,4)),0)) -> 685.20966 | ... AK42: =IF(AJ42<$N42,AJ42,$N42)-IF(AK$1<=$U42,0,IF(AK$1>IF($U42<2022,2022,$U42),IF(AK$1-IF($U42<2022,2022,$U42)=1,IF(AJ42<$N42,AJ42,$N42)*VLOOKUP(LEFT($A42,3),Paramétres!$A:$D,3,0),IF(AJ42<$N42,AJ42,$N42)*VLOOKUP(LEFT($A42,3),Paramétres!$A:$D,4)),0)) -> 443.32392
A43: REM 14 | D43: REMORQUE | E43: MECANOREM | F43: PLATEAU | J43: 44370 | K43: 1316.67 | M43: =T_BASE[[#This Row],[VALEUR ACHAT]] -> 1316.67 | N43: =T_BASE[[#This Row],[MONTANT PEC APRES AMORT.]] -> 1316.67 | O43: 24 | R43: 0 | S43: 80 | T43: =$O43/12 -> 2 | U43: =YEAR(J43) -> 2021 | V43: =T_BASE[[#This Row],[ANNEE ACQT]]+T_BASE[[#This Row],[AMORT.]] -> 2023 | W43: =$N43-IF(W$1<=$V43,0,IF(W$1>IF($V43<2022,2022,$V43),IF(W$1-IF($V43<2022,2022,$V43)=1,$N43*VLOOKUP(LEFT($A43,3),Paramétres!A:D,3,0),$N43*VLOOKUP(LEFT($A43,3),Paramétres!A:D,4)),0)) -> 1224.5031 | X43: =IF(W43<$N43,W43,$N43)-IF(X$1<=$U43,0,IF(X$1>IF($U43<2022,2022,$U43),IF(X$1-IF($U43<2022,2022,$U43)=1,IF(W43<$N43,W43,$N43)*VLOOKUP(LEFT($A43,3),Paramétres!$A:$D,3,0),IF(W43<$N43,W43,$N43)*VLOOKUP(LEFT($A43,3),Paramétres!$A:$D,4)),0)) -> 1138.7879 | Y43: =IF(X43<$N43,X43,$N43)-IF(Y$1<=$U43,0,IF(Y$1>IF($U43<2022,2022,$U43),IF(Y$1-IF($U43<2022,2022,$U43)=1,IF(X43<$N43,X43,$N43)*VLOOKUP(LEFT($A43,3),Paramétres!$A:$D,3,0),IF(X43<$N43,X43,$N43)*VLOOKUP(LEFT($A43,3),Paramétres!$A:$D,4)),0)) -> 1059.0727 | Z43: =IF(Y43<$N43,Y43,$N43)-IF(Z$1<=$U43,0,IF(Z$1>IF($U43<2022,2022,$U43),IF(Z$1-IF($U43<2022,2022,$U43)=1,IF(Y43<$N43,Y43,$N43)*VLOOKUP(LEFT($A43,3),Paramétres!$A:$D,3,0),IF(Y43<$N43,Y43,$N43)*VLOOKUP(LEFT($A43,3),Paramétres!$A:$D,4)),0)) -> 984.93764 | AA43: =IF(Z43<$N43,Z43,$N43)-IF(AA$1<=$U43,0,IF(AA$1>IF($U43<2022,2022,$U43),IF(AA$1-IF($U43<2022,2022,$U43)=1,IF(Z43<$N43,Z43,$N43)*VLOOKUP(LEFT($A43,3),Paramétres!$A:$D,3,0),IF(Z43<$N43,Z43,$N43)*VLOOKUP(LEFT($A43,3),Paramétres!$A:$D,4)),0)) -> 915.99201 | AB43: =IF(AA43<$N43,AA43,$N43)-IF(AB$1<=$U43,0,IF(AB$1>IF($U43<2022,2022,$U43),IF(AB$1-IF($U43<2022,2022,$U43)=1,IF(AA43<$N43,AA43,$N43)*VLOOKUP(LEFT($A43,3),Paramétres!$A:$D,3,0),IF(AA43<$N43,AA43,$N43)*VLOOKUP(LEFT($A43,3),Paramétres!$A:$D,4)),0)) -> 851.87256 | AC43: =IF(AB43<$N43,AB43,$N43)-IF(AC$1<=$U43,0,IF(AC$1>IF($U43<2022,2022,$U43),IF(AC$1-IF($U43<2022,2022,$U43)=1,IF(AB43<$N43,AB43,$N43)*VLOOKUP(LEFT($A43,3),Paramétres!$A:$D,3,0),IF(AB43<$N43,AB43,$N43)*VLOOKUP(LEFT($A43,3),Paramétres!$A:$D,4)),0)) -> 792.24149 | AD43: =IF(AC43<$N43,AC43,$N43)-IF(AD$1<=$U43,0,IF(AD$1>IF($U43<2022,2022,$U43),IF(AD$1-IF($U43<2022,2022,$U43)=1,IF(AC43<$N43,AC43,$N43)*VLOOKUP(LEFT($A43,3),Paramétres!$A:$D,3,0),IF(AC43<$N43,AC43,$N43)*VLOOKUP(LEFT($A43,3),Paramétres!$A:$D,4)),0)) -> 736.78458 | AE43: =IF(AD43<$N43,AD43,$N43)-IF(AE$1<=$U43,0,IF(AE$1>IF($U43<2022,2022,$U43),IF(AE$1-IF($U43<2022,2022,$U43)=1,IF(AD43<$N43,AD43,$N43)*VLOOKUP(LEFT($A43,3),Paramétres!$A:$D,3,0),IF(AD43<$N43,AD43,$N43)*VLOOKUP(LEFT($A43,3),Paramétres!$A:$D,4)),0)) -> 685.20966 | ... AK43: =IF(AJ43<$N43,AJ43,$N43)-IF(AK$1<=$U43,0,IF(AK$1>IF($U43<2022,2022,$U43),IF(AK$1-IF($U43<2022,2022,$U43)=1,IF(AJ43<$N43,AJ43,$N43)*VLOOKUP(LEFT($A43,3),Paramétres!$A:$D,3,0),IF(AJ43<$N43,AJ43,$N43)*VLOOKUP(LEFT($A43,3),Paramétres!$A:$D,4)),0)) -> 443.32392
A44: BRO 02 | D44: BROYEUR | E44: TIMBERWOLF | F44: TW230DHB | J44: 42885 | K44: 23900 | M44: =T_BASE[[#This Row],[VALEUR ACHAT]] -> 23900 | N44: =T_BASE[[#This Row],[MONTANT PEC APRES AMORT.]] -> 23900 | O44: 60 | R44: 0 | S44: 80 | T44: =$O44/12 -> 5 | U44: =YEAR(J44) -> 2017 | V44: =T_BASE[[#This Row],[ANNEE ACQT]]+T_BASE[[#This Row],[AMORT.]] -> 2022 | W44: =$N44-IF(W$1<=$V44,0,IF(W$1>IF($V44<2022,2022,$V44),IF(W$1-IF($V44<2022,2022,$V44)=1,$N44*VLOOKUP(LEFT($A44,3),Paramétres!A:D,3,0),$N44*VLOOKUP(LEFT($A44,3),Paramétres!A:D,4)),0)) -> 23780.5 | X44: =IF(W44<$N44,W44,$N44)-IF(X$1<=$U44,0,IF(X$1>IF($U44<2022,2022,$U44),IF(X$1-IF($U44<2022,2022,$U44)=1,IF(W44<$N44,W44,$N44)*VLOOKUP(LEFT($A44,3),Paramétres!$A:$D,3,0),IF(W44<$N44,W44,$N44)*VLOOKUP(LEFT($A44,3),Paramétres!$A:$D,4)),0)) -> 22591.475 | Y44: =IF(X44<$N44,X44,$N44)-IF(Y$1<=$U44,0,IF(Y$1>IF($U44<2022,2022,$U44),IF(Y$1-IF($U44<2022,2022,$U44)=1,IF(X44<$N44,X44,$N44)*VLOOKUP(LEFT($A44,3),Paramétres!$A:$D,3,0),IF(X44<$N44,X44,$N44)*VLOOKUP(LEFT($A44,3),Paramétres!$A:$D,4)),0)) -> 21461.901 | Z44: =IF(Y44<$N44,Y44,$N44)-IF(Z$1<=$U44,0,IF(Z$1>IF($U44<2022,2022,$U44),IF(Z$1-IF($U44<2022,2022,$U44)=1,IF(Y44<$N44,Y44,$N44)*VLOOKUP(LEFT($A44,3),Paramétres!$A:$D,3,0),IF(Y44<$N44,Y44,$N44)*VLOOKUP(LEFT($A44,3),Paramétres!$A:$D,4)),0)) -> 20388.806 | AA44: =IF(Z44<$N44,Z44,$N44)-IF(AA$1<=$U44,0,IF(AA$1>IF($U44<2022,2022,$U44),IF(AA$1-IF($U44<2022,2022,$U44)=1,IF(Z44<$N44,Z44,$N44)*VLOOKUP(LEFT($A44,3),Paramétres!$A:$D,3,0),IF(Z44<$N44,Z44,$N44)*VLOOKUP(LEFT($A44,3),Paramétres!$A:$D,4)),0)) -> 19369.366 | AB44: =IF(AA44<$N44,AA44,$N44)-IF(AB$1<=$U44,0,IF(AB$1>IF($U44<2022,2022,$U44),IF(AB$1-IF($U44<2022,2022,$U44)=1,IF(AA44<$N44,AA44,$N44)*VLOOKUP(LEFT($A44,3),Paramétres!$A:$D,3,0),IF(AA44<$N44,AA44,$N44)*VLOOKUP(LEFT($A44,3),Paramétres!$A:$D,4)),0)) -> 18400.898 | AC44: =IF(AB44<$N44,AB44,$N44)-IF(AC$1<=$U44,0,IF(AC$1>IF($U44<2022,2022,$U44),IF(AC$1-IF($U44<2022,2022,$U44)=1,IF(AB44<$N44,AB44,$N44)*VLOOKUP(LEFT($A44,3),Paramétres!$A:$D,3,0),IF(AB44<$N44,AB44,$N44)*VLOOKUP(LEFT($A44,3),Paramétres!$A:$D,4)),0)) -> 17480.853 | AD44: =IF(AC44<$N44,AC44,$N44)-IF(AD$1<=$U44,0,IF(AD$1>IF($U44<2022,2022,$U44),IF(AD$1-IF($U44<2022,2022,$U44)=1,IF(AC44<$N44,AC44,$N44)*VLOOKUP(LEFT($A44,3),Paramétres!$A:$D,3,0),IF(AC44<$N44,AC44,$N44)*VLOOKUP(LEFT($A44,3),Paramétres!$A:$D,4)),0)) -> 16606.81 | AE44: =IF(AD44<$N44,AD44,$N44)-IF(AE$1<=$U44,0,IF(AE$1>IF($U44<2022,2022,$U44),IF(AE$1-IF($U44<2022,2022,$U44)=1,IF(AD44<$N44,AD44,$N44)*VLOOKUP(LEFT($A44,3),Paramétres!$A:$D,3,0),IF(AD44<$N44,AD44,$N44)*VLOOKUP(LEFT($A44,3),Paramétres!$A:$D,4)),0)) -> 15776.47 | ... AK44: =IF(AJ44<$N44,AJ44,$N44)-IF(AK$1<=$U44,0,IF(AK$1>IF($U44<2022,2022,$U44),IF(AK$1-IF($U44<2022,2022,$U44)=1,IF(AJ44<$N44,AJ44,$N44)*VLOOKUP(LEFT($A44,3),Paramétres!$A:$D,3,0),IF(AJ44<$N44,AJ44,$N44)*VLOOKUP(LEFT($A44,3),Paramétres!$A:$D,4)),0)) -> 11597.155
A45: BRO 03 | D45: BROYEUR | E45: GREENMECH | F45: EVO165TD | J45: 44439 | K45: 28800 | M45: =T_BASE[[#This Row],[VALEUR ACHAT]] -> 28800 | N45: =T_BASE[[#This Row],[MONTANT PEC APRES AMORT.]] -> 28800 | O45: 48 | R45: 0 | S45: 80 | T45: =$O45/12 -> 4 | U45: =YEAR(J45) -> 2021 | V45: =T_BASE[[#This Row],[ANNEE ACQT]]+T_BASE[[#This Row],[AMORT.]] -> 2025 | W45: =$N45-IF(W$1<=$V45,0,IF(W$1>IF($V45<2022,2022,$V45),IF(W$1-IF($V45<2022,2022,$V45)=1,$N45*VLOOKUP(LEFT($A45,3),Paramétres!A:D,3,0),$N45*VLOOKUP(LEFT($A45,3),Paramétres!A:D,4)),0)) -> 27360 | X45: =IF(W45<$N45,W45,$N45)-IF(X$1<=$U45,0,IF(X$1>IF($U45<2022,2022,$U45),IF(X$1-IF($U45<2022,2022,$U45)=1,IF(W45<$N45,W45,$N45)*VLOOKUP(LEFT($A45,3),Paramétres!$A:$D,3,0),IF(W45<$N45,W45,$N45)*VLOOKUP(LEFT($A45,3),Paramétres!$A:$D,4)),0)) -> 25992 | Y45: =IF(X45<$N45,X45,$N45)-IF(Y$1<=$U45,0,IF(Y$1>IF($U45<2022,2022,$U45),IF(Y$1-IF($U45<2022,2022,$U45)=1,IF(X45<$N45,X45,$N45)*VLOOKUP(LEFT($A45,3),Paramétres!$A:$D,3,0),IF(X45<$N45,X45,$N45)*VLOOKUP(LEFT($A45,3),Paramétres!$A:$D,4)),0)) -> 24692.4 | Z45: =IF(Y45<$N45,Y45,$N45)-IF(Z$1<=$U45,0,IF(Z$1>IF($U45<2022,2022,$U45),IF(Z$1-IF($U45<2022,2022,$U45)=1,IF(Y45<$N45,Y45,$N45)*VLOOKUP(LEFT($A45,3),Paramétres!$A:$D,3,0),IF(Y45<$N45,Y45,$N45)*VLOOKUP(LEFT($A45,3),Paramétres!$A:$D,4)),0)) -> 23457.78 | AA45: =IF(Z45<$N45,Z45,$N45)-IF(AA$1<=$U45,0,IF(AA$1>IF($U45<2022,2022,$U45),IF(AA$1-IF($U45<2022,2022,$U45)=1,IF(Z45<$N45,Z45,$N45)*VLOOKUP(LEFT($A45,3),Paramétres!$A:$D,3,0),IF(Z45<$N45,Z45,$N45)*VLOOKUP(LEFT($A45,3),Paramétres!$A:$D,4)),0)) -> 22284.891 | AB45: =IF(AA45<$N45,AA45,$N45)-IF(AB$1<=$U45,0,IF(AB$1>IF($U45<2022,2022,$U45),IF(AB$1-IF($U45<2022,2022,$U45)=1,IF(AA45<$N45,AA45,$N45)*VLOOKUP(LEFT($A45,3),Paramétres!$A:$D,3,0),IF(AA45<$N45,AA45,$N45)*VLOOKUP(LEFT($A45,3),Paramétres!$A:$D,4)),0)) -> 21170.646 | AC45: =IF(AB45<$N45,AB45,$N45)-IF(AC$1<=$U45,0,IF(AC$1>IF($U45<2022,2022,$U45),IF(AC$1-IF($U45<2022,2022,$U45)=1,IF(AB45<$N45,AB45,$N45)*VLOOKUP(LEFT($A45,3),Paramétres!$A:$D,3,0),IF(AB45<$N45,AB45,$N45)*VLOOKUP(LEFT($A45,3),Paramétres!$A:$D,4)),0)) -> 20112.114 | AD45: =IF(AC45<$N45,AC45,$N45)-IF(AD$1<=$U45,0,IF(AD$1>IF($U45<2022,2022,$U45),IF(AD$1-IF($U45<2022,2022,$U45)=1,IF(AC45<$N45,AC45,$N45)*VLOOKUP(LEFT($A45,3),Paramétres!$A:$D,3,0),IF(AC45<$N45,AC45,$N45)*VLOOKUP(LEFT($A45,3),Paramétres!$A:$D,4)),0)) -> 19106.508 | AE45: =IF(AD45<$N45,AD45,$N45)-IF(AE$1<=$U45,0,IF(AE$1>IF($U45<2022,2022,$U45),IF(AE$1-IF($U45<2022,2022,$U45)=1,IF(AD45<$N45,AD45,$N45)*VLOOKUP(LEFT($A45,3),Paramétres!$A:$D,3,0),IF(AD45<$N45,AD45,$N45)*VLOOKUP(LEFT($A45,3),Paramétres!$A:$D,4)),0)) -> 18151.183 | ... AK45: =IF(AJ45<$N45,AJ45,$N45)-IF(AK$1<=$U45,0,IF(AK$1>IF($U45<2022,2022,$U45),IF(AK$1-IF($U45<2022,2022,$U45)=1,IF(AJ45<$N45,AJ45,$N45)*VLOOKUP(LEFT($A45,3),Paramétres!$A:$D,3,0),IF(AJ45<$N45,AJ45,$N45)*VLOOKUP(LEFT($A45,3),Paramétres!$A:$D,4)),0)) -> 13342.787
A46: TRAXX | D46: ENGIN AGRICOLE | E46: CASE | F46: MXU100 PRO | J46: 44298 | K46: 32000 | M46: =T_BASE[[#This Row],[VALEUR ACHAT]] -> 32000 | N46: =T_BASE[[#This Row],[MONTANT PEC APRES AMORT.]] -> 32000 | R46: 0 | S46: 120 | T46: =$O46/12 -> 0 | U46: =YEAR(J46) -> 2021 | V46: =T_BASE[[#This Row],[ANNEE ACQT]]+T_BASE[[#This Row],[AMORT.]] -> 2021 | W46: =$N46-IF(W$1<=$V46,0,IF(W$1>IF($V46<2022,2022,$V46),IF(W$1-IF($V46<2022,2022,$V46)=1,$N46*VLOOKUP(LEFT($A46,3),Paramétres!A:D,3,0),$N46*VLOOKUP(LEFT($A46,3),Paramétres!A:D,4)),0)) -> 31840 | X46: =IF(W46<$N46,W46,$N46)-IF(X$1<=$U46,0,IF(X$1>IF($U46<2022,2022,$U46),IF(X$1-IF($U46<2022,2022,$U46)=1,IF(W46<$N46,W46,$N46)*VLOOKUP(LEFT($A46,3),Paramétres!$A:$D,3,0),IF(W46<$N46,W46,$N46)*VLOOKUP(LEFT($A46,3),Paramétres!$A:$D,4)),0)) -> 29611.2 | Y46: =IF(X46<$N46,X46,$N46)-IF(Y$1<=$U46,0,IF(Y$1>IF($U46<2022,2022,$U46),IF(Y$1-IF($U46<2022,2022,$U46)=1,IF(X46<$N46,X46,$N46)*VLOOKUP(LEFT($A46,3),Paramétres!$A:$D,3,0),IF(X46<$N46,X46,$N46)*VLOOKUP(LEFT($A46,3),Paramétres!$A:$D,4)),0)) -> 27538.416 | Z46: =IF(Y46<$N46,Y46,$N46)-IF(Z$1<=$U46,0,IF(Z$1>IF($U46<2022,2022,$U46),IF(Z$1-IF($U46<2022,2022,$U46)=1,IF(Y46<$N46,Y46,$N46)*VLOOKUP(LEFT($A46,3),Paramétres!$A:$D,3,0),IF(Y46<$N46,Y46,$N46)*VLOOKUP(LEFT($A46,3),Paramétres!$A:$D,4)),0)) -> 25610.727 | AA46: =IF(Z46<$N46,Z46,$N46)-IF(AA$1<=$U46,0,IF(AA$1>IF($U46<2022,2022,$U46),IF(AA$1-IF($U46<2022,2022,$U46)=1,IF(Z46<$N46,Z46,$N46)*VLOOKUP(LEFT($A46,3),Paramétres!$A:$D,3,0),IF(Z46<$N46,Z46,$N46)*VLOOKUP(LEFT($A46,3),Paramétres!$A:$D,4)),0)) -> 23817.976 | AB46: =IF(AA46<$N46,AA46,$N46)-IF(AB$1<=$U46,0,IF(AB$1>IF($U46<2022,2022,$U46),IF(AB$1-IF($U46<2022,2022,$U46)=1,IF(AA46<$N46,AA46,$N46)*VLOOKUP(LEFT($A46,3),Paramétres!$A:$D,3,0),IF(AA46<$N46,AA46,$N46)*VLOOKUP(LEFT($A46,3),Paramétres!$A:$D,4)),0)) -> 22150.718 | AC46: =IF(AB46<$N46,AB46,$N46)-IF(AC$1<=$U46,0,IF(AC$1>IF($U46<2022,2022,$U46),IF(AC$1-IF($U46<2022,2022,$U46)=1,IF(AB46<$N46,AB46,$N46)*VLOOKUP(LEFT($A46,3),Paramétres!$A:$D,3,0),IF(AB46<$N46,AB46,$N46)*VLOOKUP(LEFT($A46,3),Paramétres!$A:$D,4)),0)) -> 20600.167 | AD46: =IF(AC46<$N46,AC46,$N46)-IF(AD$1<=$U46,0,IF(AD$1>IF($U46<2022,2022,$U46),IF(AD$1-IF($U46<2022,2022,$U46)=1,IF(AC46<$N46,AC46,$N46)*VLOOKUP(LEFT($A46,3),Paramétres!$A:$D,3,0),IF(AC46<$N46,AC46,$N46)*VLOOKUP(LEFT($A46,3),Paramétres!$A:$D,4)),0)) -> 19158.156 | AE46: =IF(AD46<$N46,AD46,$N46)-IF(AE$1<=$U46,0,IF(AE$1>IF($U46<2022,2022,$U46),IF(AE$1-IF($U46<2022,2022,$U46)=1,IF(AD46<$N46,AD46,$N46)*VLOOKUP(LEFT($A46,3),Paramétres!$A:$D,3,0),IF(AD46<$N46,AD46,$N46)*VLOOKUP(LEFT($A46,3),Paramétres!$A:$D,4)),0)) -> 17817.085 | ... AK46: =IF(AJ46<$N46,AJ46,$N46)-IF(AK$1<=$U46,0,IF(AK$1>IF($U46<2022,2022,$U46),IF(AK$1-IF($U46<2022,2022,$U46)=1,IF(AJ46<$N46,AJ46,$N46)*VLOOKUP(LEFT($A46,3),Paramétres!$A:$D,3,0),IF(AJ46<$N46,AJ46,$N46)*VLOOKUP(LEFT($A46,3),Paramétres!$A:$D,4)),0)) -> 11527.479
A47: TRA 01 | D47: ENGIN AGRICOLE | E47: KUBOTA | F47: BX2200 | J47: 41061 | K47: 5500 | M47: =T_BASE[[#This Row],[VALEUR ACHAT]] -> 5500 | N47: =T_BASE[[#This Row],[MONTANT PEC APRES AMORT.]] -> 5500 | R47: 0 | T47: =$O47/12 -> 0 | U47: =YEAR(J47) -> 2012 | V47: =T_BASE[[#This Row],[ANNEE ACQT]]+T_BASE[[#This Row],[AMORT.]] -> 2012 | W47: =$N47-IF(W$1<=$V47,0,IF(W$1>IF($V47<2022,2022,$V47),IF(W$1-IF($V47<2022,2022,$V47)=1,$N47*VLOOKUP(LEFT($A47,3),Paramétres!A:D,3,0),$N47*VLOOKUP(LEFT($A47,3),Paramétres!A:D,4)),0)) -> 5472.5 | X47: =IF(W47<$N47,W47,$N47)-IF(X$1<=$U47,0,IF(X$1>IF($U47<2022,2022,$U47),IF(X$1-IF($U47<2022,2022,$U47)=1,IF(W47<$N47,W47,$N47)*VLOOKUP(LEFT($A47,3),Paramétres!$A:$D,3,0),IF(W47<$N47,W47,$N47)*VLOOKUP(LEFT($A47,3),Paramétres!$A:$D,4)),0)) -> 5089.425 | Y47: =IF(X47<$N47,X47,$N47)-IF(Y$1<=$U47,0,IF(Y$1>IF($U47<2022,2022,$U47),IF(Y$1-IF($U47<2022,2022,$U47)=1,IF(X47<$N47,X47,$N47)*VLOOKUP(LEFT($A47,3),Paramétres!$A:$D,3,0),IF(X47<$N47,X47,$N47)*VLOOKUP(LEFT($A47,3),Paramétres!$A:$D,4)),0)) -> 4733.1653 | Z47: =IF(Y47<$N47,Y47,$N47)-IF(Z$1<=$U47,0,IF(Z$1>IF($U47<2022,2022,$U47),IF(Z$1-IF($U47<2022,2022,$U47)=1,IF(Y47<$N47,Y47,$N47)*VLOOKUP(LEFT($A47,3),Paramétres!$A:$D,3,0),IF(Y47<$N47,Y47,$N47)*VLOOKUP(LEFT($A47,3),Paramétres!$A:$D,4)),0)) -> 4401.8437 | AA47: =IF(Z47<$N47,Z47,$N47)-IF(AA$1<=$U47,0,IF(AA$1>IF($U47<2022,2022,$U47),IF(AA$1-IF($U47<2022,2022,$U47)=1,IF(Z47<$N47,Z47,$N47)*VLOOKUP(LEFT($A47,3),Paramétres!$A:$D,3,0),IF(Z47<$N47,Z47,$N47)*VLOOKUP(LEFT($A47,3),Paramétres!$A:$D,4)),0)) -> 4093.7146 | AB47: =IF(AA47<$N47,AA47,$N47)-IF(AB$1<=$U47,0,IF(AB$1>IF($U47<2022,2022,$U47),IF(AB$1-IF($U47<2022,2022,$U47)=1,IF(AA47<$N47,AA47,$N47)*VLOOKUP(LEFT($A47,3),Paramétres!$A:$D,3,0),IF(AA47<$N47,AA47,$N47)*VLOOKUP(LEFT($A47,3),Paramétres!$A:$D,4)),0)) -> 3807.1546 | AC47: =IF(AB47<$N47,AB47,$N47)-IF(AC$1<=$U47,0,IF(AC$1>IF($U47<2022,2022,$U47),IF(AC$1-IF($U47<2022,2022,$U47)=1,IF(AB47<$N47,AB47,$N47)*VLOOKUP(LEFT($A47,3),Paramétres!$A:$D,3,0),IF(AB47<$N47,AB47,$N47)*VLOOKUP(LEFT($A47,3),Paramétres!$A:$D,4)),0)) -> 3540.6538 | AD47: =IF(AC47<$N47,AC47,$N47)-IF(AD$1<=$U47,0,IF(AD$1>IF($U47<2022,2022,$U47),IF(AD$1-IF($U47<2022,2022,$U47)=1,IF(AC47<$N47,AC47,$N47)*VLOOKUP(LEFT($A47,3),Paramétres!$A:$D,3,0),IF(AC47<$N47,AC47,$N47)*VLOOKUP(LEFT($A47,3),Paramétres!$A:$D,4)),0)) -> 3292.808 | AE47: =IF(AD47<$N47,AD47,$N47)-IF(AE$1<=$U47,0,IF(AE$1>IF($U47<2022,2022,$U47),IF(AE$1-IF($U47<2022,2022,$U47)=1,IF(AD47<$N47,AD47,$N47)*VLOOKUP(LEFT($A47,3),Paramétres!$A:$D,3,0),IF(AD47<$N47,AD47,$N47)*VLOOKUP(LEFT($A47,3),Paramétres!$A:$D,4)),0)) -> 3062.3115 | ... AK47: =IF(AJ47<$N47,AJ47,$N47)-IF(AK$1<=$U47,0,IF(AK$1>IF($U47<2022,2022,$U47),IF(AK$1-IF($U47<2022,2022,$U47)=1,IF(AJ47<$N47,AJ47,$N47)*VLOOKUP(LEFT($A47,3),Paramétres!$A:$D,3,0),IF(AJ47<$N47,AJ47,$N47)*VLOOKUP(LEFT($A47,3),Paramétres!$A:$D,4)),0)) -> 1981.2854
A48: TRA 02 | D48: ENGIN AGRICOLE | E48: KUBOTA | F48: G23 | J48: 41275 | M48: =T_BASE[[#This Row],[VALEUR ACHAT]] -> 0 | N48: =T_BASE[[#This Row],[MONTANT PEC APRES AMORT.]] -> 0 | R48: 0 | T48: =$O48/12 -> 0 | U48: =YEAR(J48) -> 2013 | V48: =T_BASE[[#This Row],[ANNEE ACQT]]+T_BASE[[#This Row],[AMORT.]] -> 2013 | W48: =$N48-IF(W$1<=$V48,0,IF(W$1>IF($V48<2022,2022,$V48),IF(W$1-IF($V48<2022,2022,$V48)=1,$N48*VLOOKUP(LEFT($A48,3),Paramétres!A:D,3,0),$N48*VLOOKUP(LEFT($A48,3),Paramétres!A:D,4)),0)) -> 0 | X48: =IF(W48<$N48,W48,$N48)-IF(X$1<=$U48,0,IF(X$1>IF($U48<2022,2022,$U48),IF(X$1-IF($U48<2022,2022,$U48)=1,IF(W48<$N48,W48,$N48)*VLOOKUP(LEFT($A48,3),Paramétres!$A:$D,3,0),IF(W48<$N48,W48,$N48)*VLOOKUP(LEFT($A48,3),Paramétres!$A:$D,4)),0)) -> 0 | Y48: =IF(X48<$N48,X48,$N48)-IF(Y$1<=$U48,0,IF(Y$1>IF($U48<2022,2022,$U48),IF(Y$1-IF($U48<2022,2022,$U48)=1,IF(X48<$N48,X48,$N48)*VLOOKUP(LEFT($A48,3),Paramétres!$A:$D,3,0),IF(X48<$N48,X48,$N48)*VLOOKUP(LEFT($A48,3),Paramétres!$A:$D,4)),0)) -> 0 | Z48: =IF(Y48<$N48,Y48,$N48)-IF(Z$1<=$U48,0,IF(Z$1>IF($U48<2022,2022,$U48),IF(Z$1-IF($U48<2022,2022,$U48)=1,IF(Y48<$N48,Y48,$N48)*VLOOKUP(LEFT($A48,3),Paramétres!$A:$D,3,0),IF(Y48<$N48,Y48,$N48)*VLOOKUP(LEFT($A48,3),Paramétres!$A:$D,4)),0)) -> 0 | AA48: =IF(Z48<$N48,Z48,$N48)-IF(AA$1<=$U48,0,IF(AA$1>IF($U48<2022,2022,$U48),IF(AA$1-IF($U48<2022,2022,$U48)=1,IF(Z48<$N48,Z48,$N48)*VLOOKUP(LEFT($A48,3),Paramétres!$A:$D,3,0),IF(Z48<$N48,Z48,$N48)*VLOOKUP(LEFT($A48,3),Paramétres!$A:$D,4)),0)) -> 0 | AB48: =IF(AA48<$N48,AA48,$N48)-IF(AB$1<=$U48,0,IF(AB$1>IF($U48<2022,2022,$U48),IF(AB$1-IF($U48<2022,2022,$U48)=1,IF(AA48<$N48,AA48,$N48)*VLOOKUP(LEFT($A48,3),Paramétres!$A:$D,3,0),IF(AA48<$N48,AA48,$N48)*VLOOKUP(LEFT($A48,3),Paramétres!$A:$D,4)),0)) -> 0 | AC48: =IF(AB48<$N48,AB48,$N48)-IF(AC$1<=$U48,0,IF(AC$1>IF($U48<2022,2022,$U48),IF(AC$1-IF($U48<2022,2022,$U48)=1,IF(AB48<$N48,AB48,$N48)*VLOOKUP(LEFT($A48,3),Paramétres!$A:$D,3,0),IF(AB48<$N48,AB48,$N48)*VLOOKUP(LEFT($A48,3),Paramétres!$A:$D,4)),0)) -> 0 | AD48: =IF(AC48<$N48,AC48,$N48)-IF(AD$1<=$U48,0,IF(AD$1>IF($U48<2022,2022,$U48),IF(AD$1-IF($U48<2022,2022,$U48)=1,IF(AC48<$N48,AC48,$N48)*VLOOKUP(LEFT($A48,3),Paramétres!$A:$D,3,0),IF(AC48<$N48,AC48,$N48)*VLOOKUP(LEFT($A48,3),Paramétres!$A:$D,4)),0)) -> 0 | AE48: =IF(AD48<$N48,AD48,$N48)-IF(AE$1<=$U48,0,IF(AE$1>IF($U48<2022,2022,$U48),IF(AE$1-IF($U48<2022,2022,$U48)=1,IF(AD48<$N48,AD48,$N48)*VLOOKUP(LEFT($A48,3),Paramétres!$A:$D,3,0),IF(AD48<$N48,AD48,$N48)*VLOOKUP(LEFT($A48,3),Paramétres!$A:$D,4)),0)) -> 0 | ... AK48: =IF(AJ48<$N48,AJ48,$N48)-IF(AK$1<=$U48,0,IF(AK$1>IF($U48<2022,2022,$U48),IF(AK$1-IF($U48<2022,2022,$U48)=1,IF(AJ48<$N48,AJ48,$N48)*VLOOKUP(LEFT($A48,3),Paramétres!$A:$D,3,0),IF(AJ48<$N48,AJ48,$N48)*VLOOKUP(LEFT($A48,3),Paramétres!$A:$D,4)),0)) -> 0
A49: TRA 03 | D49: ENGIN AGRICOLE | E49: KUBOTA | F49: MK5000 | K49: 20000 | M49: =T_BASE[[#This Row],[VALEUR ACHAT]] -> 20000 | N49: =T_BASE[[#This Row],[MONTANT PEC APRES AMORT.]] -> 20000 | R49: 0 | T49: =$O49/12 -> 0 | U49: =YEAR(J49) -> 1900 | V49: =T_BASE[[#This Row],[ANNEE ACQT]]+T_BASE[[#This Row],[AMORT.]] -> 1900 | W49: =$N49-IF(W$1<=$V49,0,IF(W$1>IF($V49<2022,2022,$V49),IF(W$1-IF($V49<2022,2022,$V49)=1,$N49*VLOOKUP(LEFT($A49,3),Paramétres!A:D,3,0),$N49*VLOOKUP(LEFT($A49,3),Paramétres!A:D,4)),0)) -> 19900 | X49: =IF(W49<$N49,W49,$N49)-IF(X$1<=$U49,0,IF(X$1>IF($U49<2022,2022,$U49),IF(X$1-IF($U49<2022,2022,$U49)=1,IF(W49<$N49,W49,$N49)*VLOOKUP(LEFT($A49,3),Paramétres!$A:$D,3,0),IF(W49<$N49,W49,$N49)*VLOOKUP(LEFT($A49,3),Paramétres!$A:$D,4)),0)) -> 18507 | Y49: =IF(X49<$N49,X49,$N49)-IF(Y$1<=$U49,0,IF(Y$1>IF($U49<2022,2022,$U49),IF(Y$1-IF($U49<2022,2022,$U49)=1,IF(X49<$N49,X49,$N49)*VLOOKUP(LEFT($A49,3),Paramétres!$A:$D,3,0),IF(X49<$N49,X49,$N49)*VLOOKUP(LEFT($A49,3),Paramétres!$A:$D,4)),0)) -> 17211.51 | Z49: =IF(Y49<$N49,Y49,$N49)-IF(Z$1<=$U49,0,IF(Z$1>IF($U49<2022,2022,$U49),IF(Z$1-IF($U49<2022,2022,$U49)=1,IF(Y49<$N49,Y49,$N49)*VLOOKUP(LEFT($A49,3),Paramétres!$A:$D,3,0),IF(Y49<$N49,Y49,$N49)*VLOOKUP(LEFT($A49,3),Paramétres!$A:$D,4)),0)) -> 16006.704 | AA49: =IF(Z49<$N49,Z49,$N49)-IF(AA$1<=$U49,0,IF(AA$1>IF($U49<2022,2022,$U49),IF(AA$1-IF($U49<2022,2022,$U49)=1,IF(Z49<$N49,Z49,$N49)*VLOOKUP(LEFT($A49,3),Paramétres!$A:$D,3,0),IF(Z49<$N49,Z49,$N49)*VLOOKUP(LEFT($A49,3),Paramétres!$A:$D,4)),0)) -> 14886.235 | AB49: =IF(AA49<$N49,AA49,$N49)-IF(AB$1<=$U49,0,IF(AB$1>IF($U49<2022,2022,$U49),IF(AB$1-IF($U49<2022,2022,$U49)=1,IF(AA49<$N49,AA49,$N49)*VLOOKUP(LEFT($A49,3),Paramétres!$A:$D,3,0),IF(AA49<$N49,AA49,$N49)*VLOOKUP(LEFT($A49,3),Paramétres!$A:$D,4)),0)) -> 13844.199 | AC49: =IF(AB49<$N49,AB49,$N49)-IF(AC$1<=$U49,0,IF(AC$1>IF($U49<2022,2022,$U49),IF(AC$1-IF($U49<2022,2022,$U49)=1,IF(AB49<$N49,AB49,$N49)*VLOOKUP(LEFT($A49,3),Paramétres!$A:$D,3,0),IF(AB49<$N49,AB49,$N49)*VLOOKUP(LEFT($A49,3),Paramétres!$A:$D,4)),0)) -> 12875.105 | AD49: =IF(AC49<$N49,AC49,$N49)-IF(AD$1<=$U49,0,IF(AD$1>IF($U49<2022,2022,$U49),IF(AD$1-IF($U49<2022,2022,$U49)=1,IF(AC49<$N49,AC49,$N49)*VLOOKUP(LEFT($A49,3),Paramétres!$A:$D,3,0),IF(AC49<$N49,AC49,$N49)*VLOOKUP(LEFT($A49,3),Paramétres!$A:$D,4)),0)) -> 11973.847 | AE49: =IF(AD49<$N49,AD49,$N49)-IF(AE$1<=$U49,0,IF(AE$1>IF($U49<2022,2022,$U49),IF(AE$1-IF($U49<2022,2022,$U49)=1,IF(AD49<$N49,AD49,$N49)*VLOOKUP(LEFT($A49,3),Paramétres!$A:$D,3,0),IF(AD49<$N49,AD49,$N49)*VLOOKUP(LEFT($A49,3),Paramétres!$A:$D,4)),0)) -> 11135.678 | ... AK49: =IF(AJ49<$N49,AJ49,$N49)-IF(AK$1<=$U49,0,IF(AK$1>IF($U49<2022,2022,$U49),IF(AK$1-IF($U49<2022,2022,$U49)=1,IF(AJ49<$N49,AJ49,$N49)*VLOOKUP(LEFT($A49,3),Paramétres!$A:$D,3,0),IF(AJ49<$N49,AJ49,$N49)*VLOOKUP(LEFT($A49,3),Paramétres!$A:$D,4)),0)) -> 7204.6744
A50: TRA 04 | D50: ENGIN AGRICOLE | E50: KUBOTA | F50: G23HD n°2 | J50: 43101 | K50: 17100 | M50: =T_BASE[[#This Row],[VALEUR ACHAT]] -> 17100 | N50: =T_BASE[[#This Row],[MONTANT PEC APRES AMORT.]] -> 17100 | O50: 48 | R50: 0 | S50: 120 | T50: =$O50/12 -> 4 | U50: =YEAR(J50) -> 2018 | V50: =T_BASE[[#This Row],[ANNEE ACQT]]+T_BASE[[#This Row],[AMORT.]] -> 2022 | W50: =$N50-IF(W$1<=$V50,0,IF(W$1>IF($V50<2022,2022,$V50),IF(W$1-IF($V50<2022,2022,$V50)=1,$N50*VLOOKUP(LEFT($A50,3),Paramétres!A:D,3,0),$N50*VLOOKUP(LEFT($A50,3),Paramétres!A:D,4)),0)) -> 17014.5 | X50: =IF(W50<$N50,W50,$N50)-IF(X$1<=$U50,0,IF(X$1>IF($U50<2022,2022,$U50),IF(X$1-IF($U50<2022,2022,$U50)=1,IF(W50<$N50,W50,$N50)*VLOOKUP(LEFT($A50,3),Paramétres!$A:$D,3,0),IF(W50<$N50,W50,$N50)*VLOOKUP(LEFT($A50,3),Paramétres!$A:$D,4)),0)) -> 15823.485 | Y50: =IF(X50<$N50,X50,$N50)-IF(Y$1<=$U50,0,IF(Y$1>IF($U50<2022,2022,$U50),IF(Y$1-IF($U50<2022,2022,$U50)=1,IF(X50<$N50,X50,$N50)*VLOOKUP(LEFT($A50,3),Paramétres!$A:$D,3,0),IF(X50<$N50,X50,$N50)*VLOOKUP(LEFT($A50,3),Paramétres!$A:$D,4)),0)) -> 14715.841 | Z50: =IF(Y50<$N50,Y50,$N50)-IF(Z$1<=$U50,0,IF(Z$1>IF($U50<2022,2022,$U50),IF(Z$1-IF($U50<2022,2022,$U50)=1,IF(Y50<$N50,Y50,$N50)*VLOOKUP(LEFT($A50,3),Paramétres!$A:$D,3,0),IF(Y50<$N50,Y50,$N50)*VLOOKUP(LEFT($A50,3),Paramétres!$A:$D,4)),0)) -> 13685.732 | AA50: =IF(Z50<$N50,Z50,$N50)-IF(AA$1<=$U50,0,IF(AA$1>IF($U50<2022,2022,$U50),IF(AA$1-IF($U50<2022,2022,$U50)=1,IF(Z50<$N50,Z50,$N50)*VLOOKUP(LEFT($A50,3),Paramétres!$A:$D,3,0),IF(Z50<$N50,Z50,$N50)*VLOOKUP(LEFT($A50,3),Paramétres!$A:$D,4)),0)) -> 12727.731 | AB50: =IF(AA50<$N50,AA50,$N50)-IF(AB$1<=$U50,0,IF(AB$1>IF($U50<2022,2022,$U50),IF(AB$1-IF($U50<2022,2022,$U50)=1,IF(AA50<$N50,AA50,$N50)*VLOOKUP(LEFT($A50,3),Paramétres!$A:$D,3,0),IF(AA50<$N50,AA50,$N50)*VLOOKUP(LEFT($A50,3),Paramétres!$A:$D,4)),0)) -> 11836.79 | AC50: =IF(AB50<$N50,AB50,$N50)-IF(AC$1<=$U50,0,IF(AC$1>IF($U50<2022,2022,$U50),IF(AC$1-IF($U50<2022,2022,$U50)=1,IF(AB50<$N50,AB50,$N50)*VLOOKUP(LEFT($A50,3),Paramétres!$A:$D,3,0),IF(AB50<$N50,AB50,$N50)*VLOOKUP(LEFT($A50,3),Paramétres!$A:$D,4)),0)) -> 11008.214 | AD50: =IF(AC50<$N50,AC50,$N50)-IF(AD$1<=$U50,0,IF(AD$1>IF($U50<2022,2022,$U50),IF(AD$1-IF($U50<2022,2022,$U50)=1,IF(AC50<$N50,AC50,$N50)*VLOOKUP(LEFT($A50,3),Paramétres!$A:$D,3,0),IF(AC50<$N50,AC50,$N50)*VLOOKUP(LEFT($A50,3),Paramétres!$A:$D,4)),0)) -> 10237.639 | AE50: =IF(AD50<$N50,AD50,$N50)-IF(AE$1<=$U50,0,IF(AE$1>IF($U50<2022,2022,$U50),IF(AE$1-IF($U50<2022,2022,$U50)=1,IF(AD50<$N50,AD50,$N50)*VLOOKUP(LEFT($A50,3),Paramétres!$A:$D,3,0),IF(AD50<$N50,AD50,$N50)*VLOOKUP(LEFT($A50,3),Paramétres!$A:$D,4)),0)) -> 9521.0047 | ... AK50: =IF(AJ50<$N50,AJ50,$N50)-IF(AK$1<=$U50,0,IF(AK$1>IF($U50<2022,2022,$U50),IF(AK$1-IF($U50<2022,2022,$U50)=1,IF(AJ50<$N50,AJ50,$N50)*VLOOKUP(LEFT($A50,3),Paramétres!$A:$D,3,0),IF(AJ50<$N50,AJ50,$N50)*VLOOKUP(LEFT($A50,3),Paramétres!$A:$D,4)),0)) -> 6159.9966
A51: TRA 05 | D51: ENGIN AGRICOLE | E51: KUBOTA | F51: F280 | M51: =T_BASE[[#This Row],[VALEUR ACHAT]] -> 0 | N51: =T_BASE[[#This Row],[MONTANT PEC APRES AMORT.]] -> 0 | R51: 0 | S51: 120 | T51: =$O51/12 -> 0 | U51: =YEAR(J51) -> 1900 | V51: =T_BASE[[#This Row],[ANNEE ACQT]]+T_BASE[[#This Row],[AMORT.]] -> 1900 | W51: =$N51-IF(W$1<=$V51,0,IF(W$1>IF($V51<2022,2022,$V51),IF(W$1-IF($V51<2022,2022,$V51)=1,$N51*VLOOKUP(LEFT($A51,3),Paramétres!A:D,3,0),$N51*VLOOKUP(LEFT($A51,3),Paramétres!A:D,4)),0)) -> 0 | X51: =IF(W51<$N51,W51,$N51)-IF(X$1<=$U51,0,IF(X$1>IF($U51<2022,2022,$U51),IF(X$1-IF($U51<2022,2022,$U51)=1,IF(W51<$N51,W51,$N51)*VLOOKUP(LEFT($A51,3),Paramétres!$A:$D,3,0),IF(W51<$N51,W51,$N51)*VLOOKUP(LEFT($A51,3),Paramétres!$A:$D,4)),0)) -> 0 | Y51: =IF(X51<$N51,X51,$N51)-IF(Y$1<=$U51,0,IF(Y$1>IF($U51<2022,2022,$U51),IF(Y$1-IF($U51<2022,2022,$U51)=1,IF(X51<$N51,X51,$N51)*VLOOKUP(LEFT($A51,3),Paramétres!$A:$D,3,0),IF(X51<$N51,X51,$N51)*VLOOKUP(LEFT($A51,3),Paramétres!$A:$D,4)),0)) -> 0 | Z51: =IF(Y51<$N51,Y51,$N51)-IF(Z$1<=$U51,0,IF(Z$1>IF($U51<2022,2022,$U51),IF(Z$1-IF($U51<2022,2022,$U51)=1,IF(Y51<$N51,Y51,$N51)*VLOOKUP(LEFT($A51,3),Paramétres!$A:$D,3,0),IF(Y51<$N51,Y51,$N51)*VLOOKUP(LEFT($A51,3),Paramétres!$A:$D,4)),0)) -> 0 | AA51: =IF(Z51<$N51,Z51,$N51)-IF(AA$1<=$U51,0,IF(AA$1>IF($U51<2022,2022,$U51),IF(AA$1-IF($U51<2022,2022,$U51)=1,IF(Z51<$N51,Z51,$N51)*VLOOKUP(LEFT($A51,3),Paramétres!$A:$D,3,0),IF(Z51<$N51,Z51,$N51)*VLOOKUP(LEFT($A51,3),Paramétres!$A:$D,4)),0)) -> 0 | AB51: =IF(AA51<$N51,AA51,$N51)-IF(AB$1<=$U51,0,IF(AB$1>IF($U51<2022,2022,$U51),IF(AB$1-IF($U51<2022,2022,$U51)=1,IF(AA51<$N51,AA51,$N51)*VLOOKUP(LEFT($A51,3),Paramétres!$A:$D,3,0),IF(AA51<$N51,AA51,$N51)*VLOOKUP(LEFT($A51,3),Paramétres!$A:$D,4)),0)) -> 0 | AC51: =IF(AB51<$N51,AB51,$N51)-IF(AC$1<=$U51,0,IF(AC$1>IF($U51<2022,2022,$U51),IF(AC$1-IF($U51<2022,2022,$U51)=1,IF(AB51<$N51,AB51,$N51)*VLOOKUP(LEFT($A51,3),Paramétres!$A:$D,3,0),IF(AB51<$N51,AB51,$N51)*VLOOKUP(LEFT($A51,3),Paramétres!$A:$D,4)),0)) -> 0 | AD51: =IF(AC51<$N51,AC51,$N51)-IF(AD$1<=$U51,0,IF(AD$1>IF($U51<2022,2022,$U51),IF(AD$1-IF($U51<2022,2022,$U51)=1,IF(AC51<$N51,AC51,$N51)*VLOOKUP(LEFT($A51,3),Paramétres!$A:$D,3,0),IF(AC51<$N51,AC51,$N51)*VLOOKUP(LEFT($A51,3),Paramétres!$A:$D,4)),0)) -> 0 | AE51: =IF(AD51<$N51,AD51,$N51)-IF(AE$1<=$U51,0,IF(AE$1>IF($U51<2022,2022,$U51),IF(AE$1-IF($U51<2022,2022,$U51)=1,IF(AD51<$N51,AD51,$N51)*VLOOKUP(LEFT($A51,3),Paramétres!$A:$D,3,0),IF(AD51<$N51,AD51,$N51)*VLOOKUP(LEFT($A51,3),Paramétres!$A:$D,4)),0)) -> 0 | ... AK51: =IF(AJ51<$N51,AJ51,$N51)-IF(AK$1<=$U51,0,IF(AK$1>IF($U51<2022,2022,$U51),IF(AK$1-IF($U51<2022,2022,$U51)=1,IF(AJ51<$N51,AJ51,$N51)*VLOOKUP(LEFT($A51,3),Paramétres!$A:$D,3,0),IF(AJ51<$N51,AJ51,$N51)*VLOOKUP(LEFT($A51,3),Paramétres!$A:$D,4)),0)) -> 0
A52: TRA 06 | D52: ENGIN AGRICOLE | E52: KUBOTA | F52: G23HD n°3 | J52: 43101 | K52: 17100 | M52: =T_BASE[[#This Row],[VALEUR ACHAT]] -> 17100 | N52: =T_BASE[[#This Row],[MONTANT PEC APRES AMORT.]] -> 17100 | O52: 36 | R52: 0 | S52: 120 | T52: =$O52/12 -> 3 | U52: =YEAR(J52) -> 2018 | V52: =T_BASE[[#This Row],[ANNEE ACQT]]+T_BASE[[#This Row],[AMORT.]] -> 2021 | W52: =$N52-IF(W$1<=$V52,0,IF(W$1>IF($V52<2022,2022,$V52),IF(W$1-IF($V52<2022,2022,$V52)=1,$N52*VLOOKUP(LEFT($A52,3),Paramétres!A:D,3,0),$N52*VLOOKUP(LEFT($A52,3),Paramétres!A:D,4)),0)) -> 17014.5 | X52: =IF(W52<$N52,W52,$N52)-IF(X$1<=$U52,0,IF(X$1>IF($U52<2022,2022,$U52),IF(X$1-IF($U52<2022,2022,$U52)=1,IF(W52<$N52,W52,$N52)*VLOOKUP(LEFT($A52,3),Paramétres!$A:$D,3,0),IF(W52<$N52,W52,$N52)*VLOOKUP(LEFT($A52,3),Paramétres!$A:$D,4)),0)) -> 15823.485 | Y52: =IF(X52<$N52,X52,$N52)-IF(Y$1<=$U52,0,IF(Y$1>IF($U52<2022,2022,$U52),IF(Y$1-IF($U52<2022,2022,$U52)=1,IF(X52<$N52,X52,$N52)*VLOOKUP(LEFT($A52,3),Paramétres!$A:$D,3,0),IF(X52<$N52,X52,$N52)*VLOOKUP(LEFT($A52,3),Paramétres!$A:$D,4)),0)) -> 14715.841 | Z52: =IF(Y52<$N52,Y52,$N52)-IF(Z$1<=$U52,0,IF(Z$1>IF($U52<2022,2022,$U52),IF(Z$1-IF($U52<2022,2022,$U52)=1,IF(Y52<$N52,Y52,$N52)*VLOOKUP(LEFT($A52,3),Paramétres!$A:$D,3,0),IF(Y52<$N52,Y52,$N52)*VLOOKUP(LEFT($A52,3),Paramétres!$A:$D,4)),0)) -> 13685.732 | AA52: =IF(Z52<$N52,Z52,$N52)-IF(AA$1<=$U52,0,IF(AA$1>IF($U52<2022,2022,$U52),IF(AA$1-IF($U52<2022,2022,$U52)=1,IF(Z52<$N52,Z52,$N52)*VLOOKUP(LEFT($A52,3),Paramétres!$A:$D,3,0),IF(Z52<$N52,Z52,$N52)*VLOOKUP(LEFT($A52,3),Paramétres!$A:$D,4)),0)) -> 12727.731 | AB52: =IF(AA52<$N52,AA52,$N52)-IF(AB$1<=$U52,0,IF(AB$1>IF($U52<2022,2022,$U52),IF(AB$1-IF($U52<2022,2022,$U52)=1,IF(AA52<$N52,AA52,$N52)*VLOOKUP(LEFT($A52,3),Paramétres!$A:$D,3,0),IF(AA52<$N52,AA52,$N52)*VLOOKUP(LEFT($A52,3),Paramétres!$A:$D,4)),0)) -> 11836.79 | AC52: =IF(AB52<$N52,AB52,$N52)-IF(AC$1<=$U52,0,IF(AC$1>IF($U52<2022,2022,$U52),IF(AC$1-IF($U52<2022,2022,$U52)=1,IF(AB52<$N52,AB52,$N52)*VLOOKUP(LEFT($A52,3),Paramétres!$A:$D,3,0),IF(AB52<$N52,AB52,$N52)*VLOOKUP(LEFT($A52,3),Paramétres!$A:$D,4)),0)) -> 11008.214 | AD52: =IF(AC52<$N52,AC52,$N52)-IF(AD$1<=$U52,0,IF(AD$1>IF($U52<2022,2022,$U52),IF(AD$1-IF($U52<2022,2022,$U52)=1,IF(AC52<$N52,AC52,$N52)*VLOOKUP(LEFT($A52,3),Paramétres!$A:$D,3,0),IF(AC52<$N52,AC52,$N52)*VLOOKUP(LEFT($A52,3),Paramétres!$A:$D,4)),0)) -> 10237.639 | AE52: =IF(AD52<$N52,AD52,$N52)-IF(AE$1<=$U52,0,IF(AE$1>IF($U52<2022,2022,$U52),IF(AE$1-IF($U52<2022,2022,$U52)=1,IF(AD52<$N52,AD52,$N52)*VLOOKUP(LEFT($A52,3),Paramétres!$A:$D,3,0),IF(AD52<$N52,AD52,$N52)*VLOOKUP(LEFT($A52,3),Paramétres!$A:$D,4)),0)) -> 9521.0047 | ... AK52: =IF(AJ52<$N52,AJ52,$N52)-IF(AK$1<=$U52,0,IF(AK$1>IF($U52<2022,2022,$U52),IF(AK$1-IF($U52<2022,2022,$U52)=1,IF(AJ52<$N52,AJ52,$N52)*VLOOKUP(LEFT($A52,3),Paramétres!$A:$D,3,0),IF(AJ52<$N52,AJ52,$N52)*VLOOKUP(LEFT($A52,3),Paramétres!$A:$D,4)),0)) -> 6159.9966
A53: TRA 07 | D53: ENGIN AGRICOLE | E53: KUBOTA | F53: BX2350 | J53: 43003 | K53: 12850 | L53: cédé le 01/11/2021 | M53: =T_BASE[[#This Row],[VALEUR ACHAT]] -> 12850 | N53: =T_BASE[[#This Row],[MONTANT PEC APRES AMORT.]] -> 12850 | O53: 60 | R53: 0 | S53: 120 | T53: =$O53/12 -> 5 | U53: =YEAR(J53) -> 2017 | V53: =T_BASE[[#This Row],[ANNEE ACQT]]+T_BASE[[#This Row],[AMORT.]] -> 2022 | W53: =$N53-IF(W$1<=$V53,0,IF(W$1>IF($V53<2022,2022,$V53),IF(W$1-IF($V53<2022,2022,$V53)=1,$N53*VLOOKUP(LEFT($A53,3),Paramétres!A:D,3,0),$N53*VLOOKUP(LEFT($A53,3),Paramétres!A:D,4)),0)) -> 12785.75 | X53: =IF(W53<$N53,W53,$N53)-IF(X$1<=$U53,0,IF(X$1>IF($U53<2022,2022,$U53),IF(X$1-IF($U53<2022,2022,$U53)=1,IF(W53<$N53,W53,$N53)*VLOOKUP(LEFT($A53,3),Paramétres!$A:$D,3,0),IF(W53<$N53,W53,$N53)*VLOOKUP(LEFT($A53,3),Paramétres!$A:$D,4)),0)) -> 11890.747 | Y53: =IF(X53<$N53,X53,$N53)-IF(Y$1<=$U53,0,IF(Y$1>IF($U53<2022,2022,$U53),IF(Y$1-IF($U53<2022,2022,$U53)=1,IF(X53<$N53,X53,$N53)*VLOOKUP(LEFT($A53,3),Paramétres!$A:$D,3,0),IF(X53<$N53,X53,$N53)*VLOOKUP(LEFT($A53,3),Paramétres!$A:$D,4)),0)) -> 11058.395 | Z53: =IF(Y53<$N53,Y53,$N53)-IF(Z$1<=$U53,0,IF(Z$1>IF($U53<2022,2022,$U53),IF(Z$1-IF($U53<2022,2022,$U53)=1,IF(Y53<$N53,Y53,$N53)*VLOOKUP(LEFT($A53,3),Paramétres!$A:$D,3,0),IF(Y53<$N53,Y53,$N53)*VLOOKUP(LEFT($A53,3),Paramétres!$A:$D,4)),0)) -> 10284.308 | AA53: =IF(Z53<$N53,Z53,$N53)-IF(AA$1<=$U53,0,IF(AA$1>IF($U53<2022,2022,$U53),IF(AA$1-IF($U53<2022,2022,$U53)=1,IF(Z53<$N53,Z53,$N53)*VLOOKUP(LEFT($A53,3),Paramétres!$A:$D,3,0),IF(Z53<$N53,Z53,$N53)*VLOOKUP(LEFT($A53,3),Paramétres!$A:$D,4)),0)) -> 9564.406 | AB53: =IF(AA53<$N53,AA53,$N53)-IF(AB$1<=$U53,0,IF(AB$1>IF($U53<2022,2022,$U53),IF(AB$1-IF($U53<2022,2022,$U53)=1,IF(AA53<$N53,AA53,$N53)*VLOOKUP(LEFT($A53,3),Paramétres!$A:$D,3,0),IF(AA53<$N53,AA53,$N53)*VLOOKUP(LEFT($A53,3),Paramétres!$A:$D,4)),0)) -> 8894.8976 | AC53: =IF(AB53<$N53,AB53,$N53)-IF(AC$1<=$U53,0,IF(AC$1>IF($U53<2022,2022,$U53),IF(AC$1-IF($U53<2022,2022,$U53)=1,IF(AB53<$N53,AB53,$N53)*VLOOKUP(LEFT($A53,3),Paramétres!$A:$D,3,0),IF(AB53<$N53,AB53,$N53)*VLOOKUP(LEFT($A53,3),Paramétres!$A:$D,4)),0)) -> 8272.2547 | AD53: =IF(AC53<$N53,AC53,$N53)-IF(AD$1<=$U53,0,IF(AD$1>IF($U53<2022,2022,$U53),IF(AD$1-IF($U53<2022,2022,$U53)=1,IF(AC53<$N53,AC53,$N53)*VLOOKUP(LEFT($A53,3),Paramétres!$A:$D,3,0),IF(AC53<$N53,AC53,$N53)*VLOOKUP(LEFT($A53,3),Paramétres!$A:$D,4)),0)) -> 7693.1969 | AE53: =IF(AD53<$N53,AD53,$N53)-IF(AE$1<=$U53,0,IF(AE$1>IF($U53<2022,2022,$U53),IF(AE$1-IF($U53<2022,2022,$U53)=1,IF(AD53<$N53,AD53,$N53)*VLOOKUP(LEFT($A53,3),Paramétres!$A:$D,3,0),IF(AD53<$N53,AD53,$N53)*VLOOKUP(LEFT($A53,3),Paramétres!$A:$D,4)),0)) -> 7154.6731 | ... AK53: =IF(AJ53<$N53,AJ53,$N53)-IF(AK$1<=$U53,0,IF(AK$1>IF($U53<2022,2022,$U53),IF(AK$1-IF($U53<2022,2022,$U53)=1,IF(AJ53<$N53,AJ53,$N53)*VLOOKUP(LEFT($A53,3),Paramétres!$A:$D,3,0),IF(AJ53<$N53,AJ53,$N53)*VLOOKUP(LEFT($A53,3),Paramétres!$A:$D,4)),0)) -> 4629.0033
A54: TRA 08 | D54: ENGIN AGRICOLE | E54: TORO | F54: TORO ZD | K54: 2800 | M54: =T_BASE[[#This Row],[VALEUR ACHAT]] -> 2800 | N54: =T_BASE[[#This Row],[MONTANT PEC APRES AMORT.]] -> 2800 | O54: 36 | R54: 0 | S54: 120 | T54: =$O54/12 -> 3 | U54: =YEAR(J54) -> 1900 | V54: =T_BASE[[#This Row],[ANNEE ACQT]]+T_BASE[[#This Row],[AMORT.]] -> 1903 | W54: =$N54-IF(W$1<=$V54,0,IF(W$1>IF($V54<2022,2022,$V54),IF(W$1-IF($V54<2022,2022,$V54)=1,$N54*VLOOKUP(LEFT($A54,3),Paramétres!A:D,3,0),$N54*VLOOKUP(LEFT($A54,3),Paramétres!A:D,4)),0)) -> 2786 | X54: =IF(W54<$N54,W54,$N54)-IF(X$1<=$U54,0,IF(X$1>IF($U54<2022,2022,$U54),IF(X$1-IF($U54<2022,2022,$U54)=1,IF(W54<$N54,W54,$N54)*VLOOKUP(LEFT($A54,3),Paramétres!$A:$D,3,0),IF(W54<$N54,W54,$N54)*VLOOKUP(LEFT($A54,3),Paramétres!$A:$D,4)),0)) -> 2590.98 | Y54: =IF(X54<$N54,X54,$N54)-IF(Y$1<=$U54,0,IF(Y$1>IF($U54<2022,2022,$U54),IF(Y$1-IF($U54<2022,2022,$U54)=1,IF(X54<$N54,X54,$N54)*VLOOKUP(LEFT($A54,3),Paramétres!$A:$D,3,0),IF(X54<$N54,X54,$N54)*VLOOKUP(LEFT($A54,3),Paramétres!$A:$D,4)),0)) -> 2409.6114 | Z54: =IF(Y54<$N54,Y54,$N54)-IF(Z$1<=$U54,0,IF(Z$1>IF($U54<2022,2022,$U54),IF(Z$1-IF($U54<2022,2022,$U54)=1,IF(Y54<$N54,Y54,$N54)*VLOOKUP(LEFT($A54,3),Paramétres!$A:$D,3,0),IF(Y54<$N54,Y54,$N54)*VLOOKUP(LEFT($A54,3),Paramétres!$A:$D,4)),0)) -> 2240.9386 | AA54: =IF(Z54<$N54,Z54,$N54)-IF(AA$1<=$U54,0,IF(AA$1>IF($U54<2022,2022,$U54),IF(AA$1-IF($U54<2022,2022,$U54)=1,IF(Z54<$N54,Z54,$N54)*VLOOKUP(LEFT($A54,3),Paramétres!$A:$D,3,0),IF(Z54<$N54,Z54,$N54)*VLOOKUP(LEFT($A54,3),Paramétres!$A:$D,4)),0)) -> 2084.0729 | AB54: =IF(AA54<$N54,AA54,$N54)-IF(AB$1<=$U54,0,IF(AB$1>IF($U54<2022,2022,$U54),IF(AB$1-IF($U54<2022,2022,$U54)=1,IF(AA54<$N54,AA54,$N54)*VLOOKUP(LEFT($A54,3),Paramétres!$A:$D,3,0),IF(AA54<$N54,AA54,$N54)*VLOOKUP(LEFT($A54,3),Paramétres!$A:$D,4)),0)) -> 1938.1878 | AC54: =IF(AB54<$N54,AB54,$N54)-IF(AC$1<=$U54,0,IF(AC$1>IF($U54<2022,2022,$U54),IF(AC$1-IF($U54<2022,2022,$U54)=1,IF(AB54<$N54,AB54,$N54)*VLOOKUP(LEFT($A54,3),Paramétres!$A:$D,3,0),IF(AB54<$N54,AB54,$N54)*VLOOKUP(LEFT($A54,3),Paramétres!$A:$D,4)),0)) -> 1802.5147 | AD54: =IF(AC54<$N54,AC54,$N54)-IF(AD$1<=$U54,0,IF(AD$1>IF($U54<2022,2022,$U54),IF(AD$1-IF($U54<2022,2022,$U54)=1,IF(AC54<$N54,AC54,$N54)*VLOOKUP(LEFT($A54,3),Paramétres!$A:$D,3,0),IF(AC54<$N54,AC54,$N54)*VLOOKUP(LEFT($A54,3),Paramétres!$A:$D,4)),0)) -> 1676.3386 | AE54: =IF(AD54<$N54,AD54,$N54)-IF(AE$1<=$U54,0,IF(AE$1>IF($U54<2022,2022,$U54),IF(AE$1-IF($U54<2022,2022,$U54)=1,IF(AD54<$N54,AD54,$N54)*VLOOKUP(LEFT($A54,3),Paramétres!$A:$D,3,0),IF(AD54<$N54,AD54,$N54)*VLOOKUP(LEFT($A54,3),Paramétres!$A:$D,4)),0)) -> 1558.9949 | ... AK54: =IF(AJ54<$N54,AJ54,$N54)-IF(AK$1<=$U54,0,IF(AK$1>IF($U54<2022,2022,$U54),IF(AK$1-IF($U54<2022,2022,$U54)=1,IF(AJ54<$N54,AJ54,$N54)*VLOOKUP(LEFT($A54,3),Paramétres!$A:$D,3,0),IF(AJ54<$N54,AJ54,$N54)*VLOOKUP(LEFT($A54,3),Paramétres!$A:$D,4)),0)) -> 1008.6544
A55: TRA 09 | D55: ENGIN AGRICOLE | E55: KUBOTA | F55: KUB Z122R | J55: 44639 | K55: 6270.6 | M55: =T_BASE[[#This Row],[VALEUR ACHAT]] -> 6270.6 | N55: =T_BASE[[#This Row],[MONTANT PEC APRES AMORT.]] -> 6270.6 | O55: 38 | R55: 0 | S55: 120 | T55: =$O55/12 -> 3.1666667 | U55: =YEAR(J55) -> 2022 | V55: =T_BASE[[#This Row],[ANNEE ACQT]]+T_BASE[[#This Row],[AMORT.]] -> 2025.1667 | W55: =$N55-IF(W$1<=$V55,0,IF(W$1>IF($V55<2022,2022,$V55),IF(W$1-IF($V55<2022,2022,$V55)=1,$N55*VLOOKUP(LEFT($A55,3),Paramétres!A:D,3,0),$N55*VLOOKUP(LEFT($A55,3),Paramétres!A:D,4)),0)) -> 5831.658 | X55: =IF(W55<$N55,W55,$N55)-IF(X$1<=$U55,0,IF(X$1>IF($U55<2022,2022,$U55),IF(X$1-IF($U55<2022,2022,$U55)=1,IF(W55<$N55,W55,$N55)*VLOOKUP(LEFT($A55,3),Paramétres!$A:$D,3,0),IF(W55<$N55,W55,$N55)*VLOOKUP(LEFT($A55,3),Paramétres!$A:$D,4)),0)) -> 5423.4419 | Y55: =IF(X55<$N55,X55,$N55)-IF(Y$1<=$U55,0,IF(Y$1>IF($U55<2022,2022,$U55),IF(Y$1-IF($U55<2022,2022,$U55)=1,IF(X55<$N55,X55,$N55)*VLOOKUP(LEFT($A55,3),Paramétres!$A:$D,3,0),IF(X55<$N55,X55,$N55)*VLOOKUP(LEFT($A55,3),Paramétres!$A:$D,4)),0)) -> 5043.801 | Z55: =IF(Y55<$N55,Y55,$N55)-IF(Z$1<=$U55,0,IF(Z$1>IF($U55<2022,2022,$U55),IF(Z$1-IF($U55<2022,2022,$U55)=1,IF(Y55<$N55,Y55,$N55)*VLOOKUP(LEFT($A55,3),Paramétres!$A:$D,3,0),IF(Y55<$N55,Y55,$N55)*VLOOKUP(LEFT($A55,3),Paramétres!$A:$D,4)),0)) -> 4690.7349 | AA55: =IF(Z55<$N55,Z55,$N55)-IF(AA$1<=$U55,0,IF(AA$1>IF($U55<2022,2022,$U55),IF(AA$1-IF($U55<2022,2022,$U55)=1,IF(Z55<$N55,Z55,$N55)*VLOOKUP(LEFT($A55,3),Paramétres!$A:$D,3,0),IF(Z55<$N55,Z55,$N55)*VLOOKUP(LEFT($A55,3),Paramétres!$A:$D,4)),0)) -> 4362.3835 | AB55: =IF(AA55<$N55,AA55,$N55)-IF(AB$1<=$U55,0,IF(AB$1>IF($U55<2022,2022,$U55),IF(AB$1-IF($U55<2022,2022,$U55)=1,IF(AA55<$N55,AA55,$N55)*VLOOKUP(LEFT($A55,3),Paramétres!$A:$D,3,0),IF(AA55<$N55,AA55,$N55)*VLOOKUP(LEFT($A55,3),Paramétres!$A:$D,4)),0)) -> 4057.0166 | AC55: =IF(AB55<$N55,AB55,$N55)-IF(AC$1<=$U55,0,IF(AC$1>IF($U55<2022,2022,$U55),IF(AC$1-IF($U55<2022,2022,$U55)=1,IF(AB55<$N55,AB55,$N55)*VLOOKUP(LEFT($A55,3),Paramétres!$A:$D,3,0),IF(AB55<$N55,AB55,$N55)*VLOOKUP(LEFT($A55,3),Paramétres!$A:$D,4)),0)) -> 3773.0255 | AD55: =IF(AC55<$N55,AC55,$N55)-IF(AD$1<=$U55,0,IF(AD$1>IF($U55<2022,2022,$U55),IF(AD$1-IF($U55<2022,2022,$U55)=1,IF(AC55<$N55,AC55,$N55)*VLOOKUP(LEFT($A55,3),Paramétres!$A:$D,3,0),IF(AC55<$N55,AC55,$N55)*VLOOKUP(LEFT($A55,3),Paramétres!$A:$D,4)),0)) -> 3508.9137 | AE55: =IF(AD55<$N55,AD55,$N55)-IF(AE$1<=$U55,0,IF(AE$1>IF($U55<2022,2022,$U55),IF(AE$1-IF($U55<2022,2022,$U55)=1,IF(AD55<$N55,AD55,$N55)*VLOOKUP(LEFT($A55,3),Paramétres!$A:$D,3,0),IF(AD55<$N55,AD55,$N55)*VLOOKUP(LEFT($A55,3),Paramétres!$A:$D,4)),0)) -> 3263.2897 | ... AK55: =IF(AJ55<$N55,AJ55,$N55)-IF(AK$1<=$U55,0,IF(AK$1>IF($U55<2022,2022,$U55),IF(AK$1-IF($U55<2022,2022,$U55)=1,IF(AJ55<$N55,AJ55,$N55)*VLOOKUP(LEFT($A55,3),Paramétres!$A:$D,3,0),IF(AJ55<$N55,AJ55,$N55)*VLOOKUP(LEFT($A55,3),Paramétres!$A:$D,4)),0)) -> 2111.3164
A56: TRA 10 | D56: ENGIN AGRICOLE | E56: KUBOTA | F56: KUB Z122R 2 | J56: 44639 | K56: 6270.6 | M56: =T_BASE[[#This Row],[VALEUR ACHAT]] -> 6270.6 | N56: =T_BASE[[#This Row],[MONTANT PEC APRES AMORT.]] -> 6270.6 | O56: 38 | R56: 0 | S56: 120 | T56: =$O56/12 -> 3.1666667 | U56: =YEAR(J56) -> 2022 | V56: =T_BASE[[#This Row],[ANNEE ACQT]]+T_BASE[[#This Row],[AMORT.]] -> 2025.1667 | W56: =$N56-IF(W$1<=$V56,0,IF(W$1>IF($V56<2022,2022,$V56),IF(W$1-IF($V56<2022,2022,$V56)=1,$N56*VLOOKUP(LEFT($A56,3),Paramétres!A:D,3,0),$N56*VLOOKUP(LEFT($A56,3),Paramétres!A:D,4)),0)) -> 5831.658 | X56: =IF(W56<$N56,W56,$N56)-IF(X$1<=$U56,0,IF(X$1>IF($U56<2022,2022,$U56),IF(X$1-IF($U56<2022,2022,$U56)=1,IF(W56<$N56,W56,$N56)*VLOOKUP(LEFT($A56,3),Paramétres!$A:$D,3,0),IF(W56<$N56,W56,$N56)*VLOOKUP(LEFT($A56,3),Paramétres!$A:$D,4)),0)) -> 5423.4419 | Y56: =IF(X56<$N56,X56,$N56)-IF(Y$1<=$U56,0,IF(Y$1>IF($U56<2022,2022,$U56),IF(Y$1-IF($U56<2022,2022,$U56)=1,IF(X56<$N56,X56,$N56)*VLOOKUP(LEFT($A56,3),Paramétres!$A:$D,3,0),IF(X56<$N56,X56,$N56)*VLOOKUP(LEFT($A56,3),Paramétres!$A:$D,4)),0)) -> 5043.801 | Z56: =IF(Y56<$N56,Y56,$N56)-IF(Z$1<=$U56,0,IF(Z$1>IF($U56<2022,2022,$U56),IF(Z$1-IF($U56<2022,2022,$U56)=1,IF(Y56<$N56,Y56,$N56)*VLOOKUP(LEFT($A56,3),Paramétres!$A:$D,3,0),IF(Y56<$N56,Y56,$N56)*VLOOKUP(LEFT($A56,3),Paramétres!$A:$D,4)),0)) -> 4690.7349 | AA56: =IF(Z56<$N56,Z56,$N56)-IF(AA$1<=$U56,0,IF(AA$1>IF($U56<2022,2022,$U56),IF(AA$1-IF($U56<2022,2022,$U56)=1,IF(Z56<$N56,Z56,$N56)*VLOOKUP(LEFT($A56,3),Paramétres!$A:$D,3,0),IF(Z56<$N56,Z56,$N56)*VLOOKUP(LEFT($A56,3),Paramétres!$A:$D,4)),0)) -> 4362.3835 | AB56: =IF(AA56<$N56,AA56,$N56)-IF(AB$1<=$U56,0,IF(AB$1>IF($U56<2022,2022,$U56),IF(AB$1-IF($U56<2022,2022,$U56)=1,IF(AA56<$N56,AA56,$N56)*VLOOKUP(LEFT($A56,3),Paramétres!$A:$D,3,0),IF(AA56<$N56,AA56,$N56)*VLOOKUP(LEFT($A56,3),Paramétres!$A:$D,4)),0)) -> 4057.0166 | AC56: =IF(AB56<$N56,AB56,$N56)-IF(AC$1<=$U56,0,IF(AC$1>IF($U56<2022,2022,$U56),IF(AC$1-IF($U56<2022,2022,$U56)=1,IF(AB56<$N56,AB56,$N56)*VLOOKUP(LEFT($A56,3),Paramétres!$A:$D,3,0),IF(AB56<$N56,AB56,$N56)*VLOOKUP(LEFT($A56,3),Paramétres!$A:$D,4)),0)) -> 3773.0255 | AD56: =IF(AC56<$N56,AC56,$N56)-IF(AD$1<=$U56,0,IF(AD$1>IF($U56<2022,2022,$U56),IF(AD$1-IF($U56<2022,2022,$U56)=1,IF(AC56<$N56,AC56,$N56)*VLOOKUP(LEFT($A56,3),Paramétres!$A:$D,3,0),IF(AC56<$N56,AC56,$N56)*VLOOKUP(LEFT($A56,3),Paramétres!$A:$D,4)),0)) -> 3508.9137 | AE56: =IF(AD56<$N56,AD56,$N56)-IF(AE$1<=$U56,0,IF(AE$1>IF($U56<2022,2022,$U56),IF(AE$1-IF($U56<2022,2022,$U56)=1,IF(AD56<$N56,AD56,$N56)*VLOOKUP(LEFT($A56,3),Paramétres!$A:$D,3,0),IF(AD56<$N56,AD56,$N56)*VLOOKUP(LEFT($A56,3),Paramétres!$A:$D,4)),0)) -> 3263.2897 | ... AK56: =IF(AJ56<$N56,AJ56,$N56)-IF(AK$1<=$U56,0,IF(AK$1>IF($U56<2022,2022,$U56),IF(AK$1-IF($U56<2022,2022,$U56)=1,IF(AJ56<$N56,AJ56,$N56)*VLOOKUP(LEFT($A56,3),Paramétres!$A:$D,3,0),IF(AJ56<$N56,AJ56,$N56)*VLOOKUP(LEFT($A56,3),Paramétres!$A:$D,4)),0)) -> 2111.3164
A57: TRA 11 | D57: ENGIN AGRICOLE | E57: KUBOTA | F57: G23 N° 4 | J57: 43833 | K57: 15190 | M57: =T_BASE[[#This Row],[VALEUR ACHAT]] -> 15190 | N57: =T_BASE[[#This Row],[MONTANT PEC APRES AMORT.]] -> 15190 | O57: 36 | R57: 0 | S57: 120 | T57: =$O57/12 -> 3 | U57: =YEAR(J57) -> 2020 | V57: =T_BASE[[#This Row],[ANNEE ACQT]]+T_BASE[[#This Row],[AMORT.]] -> 2023 | W57: =$N57-IF(W$1<=$V57,0,IF(W$1>IF($V57<2022,2022,$V57),IF(W$1-IF($V57<2022,2022,$V57)=1,$N57*VLOOKUP(LEFT($A57,3),Paramétres!A:D,3,0),$N57*VLOOKUP(LEFT($A57,3),Paramétres!A:D,4)),0)) -> 14126.7 | X57: =IF(W57<$N57,W57,$N57)-IF(X$1<=$U57,0,IF(X$1>IF($U57<2022,2022,$U57),IF(X$1-IF($U57<2022,2022,$U57)=1,IF(W57<$N57,W57,$N57)*VLOOKUP(LEFT($A57,3),Paramétres!$A:$D,3,0),IF(W57<$N57,W57,$N57)*VLOOKUP(LEFT($A57,3),Paramétres!$A:$D,4)),0)) -> 13137.831 | Y57: =IF(X57<$N57,X57,$N57)-IF(Y$1<=$U57,0,IF(Y$1>IF($U57<2022,2022,$U57),IF(Y$1-IF($U57<2022,2022,$U57)=1,IF(X57<$N57,X57,$N57)*VLOOKUP(LEFT($A57,3),Paramétres!$A:$D,3,0),IF(X57<$N57,X57,$N57)*VLOOKUP(LEFT($A57,3),Paramétres!$A:$D,4)),0)) -> 12218.183 | Z57: =IF(Y57<$N57,Y57,$N57)-IF(Z$1<=$U57,0,IF(Z$1>IF($U57<2022,2022,$U57),IF(Z$1-IF($U57<2022,2022,$U57)=1,IF(Y57<$N57,Y57,$N57)*VLOOKUP(LEFT($A57,3),Paramétres!$A:$D,3,0),IF(Y57<$N57,Y57,$N57)*VLOOKUP(LEFT($A57,3),Paramétres!$A:$D,4)),0)) -> 11362.91 | AA57: =IF(Z57<$N57,Z57,$N57)-IF(AA$1<=$U57,0,IF(AA$1>IF($U57<2022,2022,$U57),IF(AA$1-IF($U57<2022,2022,$U57)=1,IF(Z57<$N57,Z57,$N57)*VLOOKUP(LEFT($A57,3),Paramétres!$A:$D,3,0),IF(Z57<$N57,Z57,$N57)*VLOOKUP(LEFT($A57,3),Paramétres!$A:$D,4)),0)) -> 10567.506 | AB57: =IF(AA57<$N57,AA57,$N57)-IF(AB$1<=$U57,0,IF(AB$1>IF($U57<2022,2022,$U57),IF(AB$1-IF($U57<2022,2022,$U57)=1,IF(AA57<$N57,AA57,$N57)*VLOOKUP(LEFT($A57,3),Paramétres!$A:$D,3,0),IF(AA57<$N57,AA57,$N57)*VLOOKUP(LEFT($A57,3),Paramétres!$A:$D,4)),0)) -> 9827.7809 | AC57: =IF(AB57<$N57,AB57,$N57)-IF(AC$1<=$U57,0,IF(AC$1>IF($U57<2022,2022,$U57),IF(AC$1-IF($U57<2022,2022,$U57)=1,IF(AB57<$N57,AB57,$N57)*VLOOKUP(LEFT($A57,3),Paramétres!$A:$D,3,0),IF(AB57<$N57,AB57,$N57)*VLOOKUP(LEFT($A57,3),Paramétres!$A:$D,4)),0)) -> 9139.8362 | AD57: =IF(AC57<$N57,AC57,$N57)-IF(AD$1<=$U57,0,IF(AD$1>IF($U57<2022,2022,$U57),IF(AD$1-IF($U57<2022,2022,$U57)=1,IF(AC57<$N57,AC57,$N57)*VLOOKUP(LEFT($A57,3),Paramétres!$A:$D,3,0),IF(AC57<$N57,AC57,$N57)*VLOOKUP(LEFT($A57,3),Paramétres!$A:$D,4)),0)) -> 8500.0477 | AE57: =IF(AD57<$N57,AD57,$N57)-IF(AE$1<=$U57,0,IF(AE$1>IF($U57<2022,2022,$U57),IF(AE$1-IF($U57<2022,2022,$U57)=1,IF(AD57<$N57,AD57,$N57)*VLOOKUP(LEFT($A57,3),Paramétres!$A:$D,3,0),IF(AD57<$N57,AD57,$N57)*VLOOKUP(LEFT($A57,3),Paramétres!$A:$D,4)),0)) -> 7905.0444 | ... AK57: =IF(AJ57<$N57,AJ57,$N57)-IF(AK$1<=$U57,0,IF(AK$1>IF($U57<2022,2022,$U57),IF(AK$1-IF($U57<2022,2022,$U57)=1,IF(AJ57<$N57,AJ57,$N57)*VLOOKUP(LEFT($A57,3),Paramétres!$A:$D,3,0),IF(AJ57<$N57,AJ57,$N57)*VLOOKUP(LEFT($A57,3),Paramétres!$A:$D,4)),0)) -> 5114.4861
A58: TRA 12 | D58: ENGIN AGRICOLE | E58: KUBOTA | F58: KUB Z122R 3 | J58: 43833 | K58: 4710 | M58: =T_BASE[[#This Row],[VALEUR ACHAT]] -> 4710 | N58: =T_BASE[[#This Row],[MONTANT PEC APRES AMORT.]] -> 4710 | O58: 36 | R58: 0 | S58: 120 | T58: =$O58/12 -> 3 | U58: =YEAR(J58) -> 2020 | V58: =T_BASE[[#This Row],[ANNEE ACQT]]+T_BASE[[#This Row],[AMORT.]] -> 2023 | W58: =$N58-IF(W$1<=$V58,0,IF(W$1>IF($V58<2022,2022,$V58),IF(W$1-IF($V58<2022,2022,$V58)=1,$N58*VLOOKUP(LEFT($A58,3),Paramétres!A:D,3,0),$N58*VLOOKUP(LEFT($A58,3),Paramétres!A:D,4)),0)) -> 4380.3 | X58: =IF(W58<$N58,W58,$N58)-IF(X$1<=$U58,0,IF(X$1>IF($U58<2022,2022,$U58),IF(X$1-IF($U58<2022,2022,$U58)=1,IF(W58<$N58,W58,$N58)*VLOOKUP(LEFT($A58,3),Paramétres!$A:$D,3,0),IF(W58<$N58,W58,$N58)*VLOOKUP(LEFT($A58,3),Paramétres!$A:$D,4)),0)) -> 4073.679 | Y58: =IF(X58<$N58,X58,$N58)-IF(Y$1<=$U58,0,IF(Y$1>IF($U58<2022,2022,$U58),IF(Y$1-IF($U58<2022,2022,$U58)=1,IF(X58<$N58,X58,$N58)*VLOOKUP(LEFT($A58,3),Paramétres!$A:$D,3,0),IF(X58<$N58,X58,$N58)*VLOOKUP(LEFT($A58,3),Paramétres!$A:$D,4)),0)) -> 3788.5215 | Z58: =IF(Y58<$N58,Y58,$N58)-IF(Z$1<=$U58,0,IF(Z$1>IF($U58<2022,2022,$U58),IF(Z$1-IF($U58<2022,2022,$U58)=1,IF(Y58<$N58,Y58,$N58)*VLOOKUP(LEFT($A58,3),Paramétres!$A:$D,3,0),IF(Y58<$N58,Y58,$N58)*VLOOKUP(LEFT($A58,3),Paramétres!$A:$D,4)),0)) -> 3523.325 | AA58: =IF(Z58<$N58,Z58,$N58)-IF(AA$1<=$U58,0,IF(AA$1>IF($U58<2022,2022,$U58),IF(AA$1-IF($U58<2022,2022,$U58)=1,IF(Z58<$N58,Z58,$N58)*VLOOKUP(LEFT($A58,3),Paramétres!$A:$D,3,0),IF(Z58<$N58,Z58,$N58)*VLOOKUP(LEFT($A58,3),Paramétres!$A:$D,4)),0)) -> 3276.6922 | AB58: =IF(AA58<$N58,AA58,$N58)-IF(AB$1<=$U58,0,IF(AB$1>IF($U58<2022,2022,$U58),IF(AB$1-IF($U58<2022,2022,$U58)=1,IF(AA58<$N58,AA58,$N58)*VLOOKUP(LEFT($A58,3),Paramétres!$A:$D,3,0),IF(AA58<$N58,AA58,$N58)*VLOOKUP(LEFT($A58,3),Paramétres!$A:$D,4)),0)) -> 3047.3238 | AC58: =IF(AB58<$N58,AB58,$N58)-IF(AC$1<=$U58,0,IF(AC$1>IF($U58<2022,2022,$U58),IF(AC$1-IF($U58<2022,2022,$U58)=1,IF(AB58<$N58,AB58,$N58)*VLOOKUP(LEFT($A58,3),Paramétres!$A:$D,3,0),IF(AB58<$N58,AB58,$N58)*VLOOKUP(LEFT($A58,3),Paramétres!$A:$D,4)),0)) -> 2834.0111 | AD58: =IF(AC58<$N58,AC58,$N58)-IF(AD$1<=$U58,0,IF(AD$1>IF($U58<2022,2022,$U58),IF(AD$1-IF($U58<2022,2022,$U58)=1,IF(AC58<$N58,AC58,$N58)*VLOOKUP(LEFT($A58,3),Paramétres!$A:$D,3,0),IF(AC58<$N58,AC58,$N58)*VLOOKUP(LEFT($A58,3),Paramétres!$A:$D,4)),0)) -> 2635.6303 | AE58: =IF(AD58<$N58,AD58,$N58)-IF(AE$1<=$U58,0,IF(AE$1>IF($U58<2022,2022,$U58),IF(AE$1-IF($U58<2022,2022,$U58)=1,IF(AD58<$N58,AD58,$N58)*VLOOKUP(LEFT($A58,3),Paramétres!$A:$D,3,0),IF(AD58<$N58,AD58,$N58)*VLOOKUP(LEFT($A58,3),Paramétres!$A:$D,4)),0)) -> 2451.1362 | ... AK58: =IF(AJ58<$N58,AJ58,$N58)-IF(AK$1<=$U58,0,IF(AK$1>IF($U58<2022,2022,$U58),IF(AK$1-IF($U58<2022,2022,$U58)=1,IF(AJ58<$N58,AJ58,$N58)*VLOOKUP(LEFT($A58,3),Paramétres!$A:$D,3,0),IF(AJ58<$N58,AJ58,$N58)*VLOOKUP(LEFT($A58,3),Paramétres!$A:$D,4)),0)) -> 1585.8611
A59: TRA 13 | D59: ENGIN AGRICOLE | E59: KUBOTA | F59: KUB Z122R 4 | J59: 44368 | K59: 5089 | M59: =T_BASE[[#This Row],[VALEUR ACHAT]] -> 5089 | N59: =T_BASE[[#This Row],[MONTANT PEC APRES AMORT.]] -> 5089 | O59: 36 | R59: 0 | S59: 120 | T59: =$O59/12 -> 3 | U59: =YEAR(J59) -> 2021 | V59: =T_BASE[[#This Row],[ANNEE ACQT]]+T_BASE[[#This Row],[AMORT.]] -> 2024 | W59: =$N59-IF(W$1<=$V59,0,IF(W$1>IF($V59<2022,2022,$V59),IF(W$1-IF($V59<2022,2022,$V59)=1,$N59*VLOOKUP(LEFT($A59,3),Paramétres!A:D,3,0),$N59*VLOOKUP(LEFT($A59,3),Paramétres!A:D,4)),0)) -> 4732.77 | X59: =IF(W59<$N59,W59,$N59)-IF(X$1<=$U59,0,IF(X$1>IF($U59<2022,2022,$U59),IF(X$1-IF($U59<2022,2022,$U59)=1,IF(W59<$N59,W59,$N59)*VLOOKUP(LEFT($A59,3),Paramétres!$A:$D,3,0),IF(W59<$N59,W59,$N59)*VLOOKUP(LEFT($A59,3),Paramétres!$A:$D,4)),0)) -> 4401.4761 | Y59: =IF(X59<$N59,X59,$N59)-IF(Y$1<=$U59,0,IF(Y$1>IF($U59<2022,2022,$U59),IF(Y$1-IF($U59<2022,2022,$U59)=1,IF(X59<$N59,X59,$N59)*VLOOKUP(LEFT($A59,3),Paramétres!$A:$D,3,0),IF(X59<$N59,X59,$N59)*VLOOKUP(LEFT($A59,3),Paramétres!$A:$D,4)),0)) -> 4093.3728 | Z59: =IF(Y59<$N59,Y59,$N59)-IF(Z$1<=$U59,0,IF(Z$1>IF($U59<2022,2022,$U59),IF(Z$1-IF($U59<2022,2022,$U59)=1,IF(Y59<$N59,Y59,$N59)*VLOOKUP(LEFT($A59,3),Paramétres!$A:$D,3,0),IF(Y59<$N59,Y59,$N59)*VLOOKUP(LEFT($A59,3),Paramétres!$A:$D,4)),0)) -> 3806.8367 | AA59: =IF(Z59<$N59,Z59,$N59)-IF(AA$1<=$U59,0,IF(AA$1>IF($U59<2022,2022,$U59),IF(AA$1-IF($U59<2022,2022,$U59)=1,IF(Z59<$N59,Z59,$N59)*VLOOKUP(LEFT($A59,3),Paramétres!$A:$D,3,0),IF(Z59<$N59,Z59,$N59)*VLOOKUP(LEFT($A59,3),Paramétres!$A:$D,4)),0)) -> 3540.3581 | AB59: =IF(AA59<$N59,AA59,$N59)-IF(AB$1<=$U59,0,IF(AB$1>IF($U59<2022,2022,$U59),IF(AB$1-IF($U59<2022,2022,$U59)=1,IF(AA59<$N59,AA59,$N59)*VLOOKUP(LEFT($A59,3),Paramétres!$A:$D,3,0),IF(AA59<$N59,AA59,$N59)*VLOOKUP(LEFT($A59,3),Paramétres!$A:$D,4)),0)) -> 3292.533 | AC59: =IF(AB59<$N59,AB59,$N59)-IF(AC$1<=$U59,0,IF(AC$1>IF($U59<2022,2022,$U59),IF(AC$1-IF($U59<2022,2022,$U59)=1,IF(AB59<$N59,AB59,$N59)*VLOOKUP(LEFT($A59,3),Paramétres!$A:$D,3,0),IF(AB59<$N59,AB59,$N59)*VLOOKUP(LEFT($A59,3),Paramétres!$A:$D,4)),0)) -> 3062.0557 | AD59: =IF(AC59<$N59,AC59,$N59)-IF(AD$1<=$U59,0,IF(AD$1>IF($U59<2022,2022,$U59),IF(AD$1-IF($U59<2022,2022,$U59)=1,IF(AC59<$N59,AC59,$N59)*VLOOKUP(LEFT($A59,3),Paramétres!$A:$D,3,0),IF(AC59<$N59,AC59,$N59)*VLOOKUP(LEFT($A59,3),Paramétres!$A:$D,4)),0)) -> 2847.7118 | AE59: =IF(AD59<$N59,AD59,$N59)-IF(AE$1<=$U59,0,IF(AE$1>IF($U59<2022,2022,$U59),IF(AE$1-IF($U59<2022,2022,$U59)=1,IF(AD59<$N59,AD59,$N59)*VLOOKUP(LEFT($A59,3),Paramétres!$A:$D,3,0),IF(AD59<$N59,AD59,$N59)*VLOOKUP(LEFT($A59,3),Paramétres!$A:$D,4)),0)) -> 2648.372 | ... AK59: =IF(AJ59<$N59,AJ59,$N59)-IF(AK$1<=$U59,0,IF(AK$1>IF($U59<2022,2022,$U59),IF(AK$1-IF($U59<2022,2022,$U59)=1,IF(AJ59<$N59,AJ59,$N59)*VLOOKUP(LEFT($A59,3),Paramétres!$A:$D,3,0),IF(AJ59<$N59,AJ59,$N59)*VLOOKUP(LEFT($A59,3),Paramétres!$A:$D,4)),0)) -> 1713.4707
A60: TRA 14 | D60: ENGIN AGRICOLE | E60: KUBOTA | F60: KUB Z122R 5 | J60: 44368 | K60: 5089 | M60: =T_BASE[[#This Row],[VALEUR ACHAT]] -> 5089 | N60: =T_BASE[[#This Row],[MONTANT PEC APRES AMORT.]] -> 5089 | O60: 36 | R60: 0 | S60: 120 | T60: =$O60/12 -> 3 | U60: =YEAR(J60) -> 2021 | V60: =T_BASE[[#This Row],[ANNEE ACQT]]+T_BASE[[#This Row],[AMORT.]] -> 2024 | W60: =$N60-IF(W$1<=$V60,0,IF(W$1>IF($V60<2022,2022,$V60),IF(W$1-IF($V60<2022,2022,$V60)=1,$N60*VLOOKUP(LEFT($A60,3),Paramétres!A:D,3,0),$N60*VLOOKUP(LEFT($A60,3),Paramétres!A:D,4)),0)) -> 4732.77 | X60: =IF(W60<$N60,W60,$N60)-IF(X$1<=$U60,0,IF(X$1>IF($U60<2022,2022,$U60),IF(X$1-IF($U60<2022,2022,$U60)=1,IF(W60<$N60,W60,$N60)*VLOOKUP(LEFT($A60,3),Paramétres!$A:$D,3,0),IF(W60<$N60,W60,$N60)*VLOOKUP(LEFT($A60,3),Paramétres!$A:$D,4)),0)) -> 4401.4761 | Y60: =IF(X60<$N60,X60,$N60)-IF(Y$1<=$U60,0,IF(Y$1>IF($U60<2022,2022,$U60),IF(Y$1-IF($U60<2022,2022,$U60)=1,IF(X60<$N60,X60,$N60)*VLOOKUP(LEFT($A60,3),Paramétres!$A:$D,3,0),IF(X60<$N60,X60,$N60)*VLOOKUP(LEFT($A60,3),Paramétres!$A:$D,4)),0)) -> 4093.3728 | Z60: =IF(Y60<$N60,Y60,$N60)-IF(Z$1<=$U60,0,IF(Z$1>IF($U60<2022,2022,$U60),IF(Z$1-IF($U60<2022,2022,$U60)=1,IF(Y60<$N60,Y60,$N60)*VLOOKUP(LEFT($A60,3),Paramétres!$A:$D,3,0),IF(Y60<$N60,Y60,$N60)*VLOOKUP(LEFT($A60,3),Paramétres!$A:$D,4)),0)) -> 3806.8367 | AA60: =IF(Z60<$N60,Z60,$N60)-IF(AA$1<=$U60,0,IF(AA$1>IF($U60<2022,2022,$U60),IF(AA$1-IF($U60<2022,2022,$U60)=1,IF(Z60<$N60,Z60,$N60)*VLOOKUP(LEFT($A60,3),Paramétres!$A:$D,3,0),IF(Z60<$N60,Z60,$N60)*VLOOKUP(LEFT($A60,3),Paramétres!$A:$D,4)),0)) -> 3540.3581 | AB60: =IF(AA60<$N60,AA60,$N60)-IF(AB$1<=$U60,0,IF(AB$1>IF($U60<2022,2022,$U60),IF(AB$1-IF($U60<2022,2022,$U60)=1,IF(AA60<$N60,AA60,$N60)*VLOOKUP(LEFT($A60,3),Paramétres!$A:$D,3,0),IF(AA60<$N60,AA60,$N60)*VLOOKUP(LEFT($A60,3),Paramétres!$A:$D,4)),0)) -> 3292.533 | AC60: =IF(AB60<$N60,AB60,$N60)-IF(AC$1<=$U60,0,IF(AC$1>IF($U60<2022,2022,$U60),IF(AC$1-IF($U60<2022,2022,$U60)=1,IF(AB60<$N60,AB60,$N60)*VLOOKUP(LEFT($A60,3),Paramétres!$A:$D,3,0),IF(AB60<$N60,AB60,$N60)*VLOOKUP(LEFT($A60,3),Paramétres!$A:$D,4)),0)) -> 3062.0557 | AD60: =IF(AC60<$N60,AC60,$N60)-IF(AD$1<=$U60,0,IF(AD$1>IF($U60<2022,2022,$U60),IF(AD$1-IF($U60<2022,2022,$U60)=1,IF(AC60<$N60,AC60,$N60)*VLOOKUP(LEFT($A60,3),Paramétres!$A:$D,3,0),IF(AC60<$N60,AC60,$N60)*VLOOKUP(LEFT($A60,3),Paramétres!$A:$D,4)),0)) -> 2847.7118 | AE60: =IF(AD60<$N60,AD60,$N60)-IF(AE$1<=$U60,0,IF(AE$1>IF($U60<2022,2022,$U60),IF(AE$1-IF($U60<2022,2022,$U60)=1,IF(AD60<$N60,AD60,$N60)*VLOOKUP(LEFT($A60,3),Paramétres!$A:$D,3,0),IF(AD60<$N60,AD60,$N60)*VLOOKUP(LEFT($A60,3),Paramétres!$A:$D,4)),0)) -> 2648.372 | ... AK60: =IF(AJ60<$N60,AJ60,$N60)-IF(AK$1<=$U60,0,IF(AK$1>IF($U60<2022,2022,$U60),IF(AK$1-IF($U60<2022,2022,$U60)=1,IF(AJ60<$N60,AJ60,$N60)*VLOOKUP(LEFT($A60,3),Paramétres!$A:$D,3,0),IF(AJ60<$N60,AJ60,$N60)*VLOOKUP(LEFT($A60,3),Paramétres!$A:$D,4)),0)) -> 1713.4707
N61: =T_BASE[[#This Row],[MONTANT PEC APRES AMORT.]] -> #VALUE!

Sheet Assurance
A1: REF. INTERNE | B1: PROPRIETAIRE | C1: PLAQUE | D1: N° ID / SERIE | E1: POLICE | F1: ENTITE ASS | G1: A/M | H1: BANQUE | I1: MOIS TR | J1: ECH. 2024 | K1: ECH. 2023 | L1: ECH. 2022 | M1: ECH. 2021 | N1: ECH. 2020 | O1: ECH. 2019 | P1: ECH. 2018 | Q1: ECH. 2017 | R1: ECH. 2016 | S1: ECH. 2015
A2: BEN 01 | I2: AVRIL | J2: 1401.29 | K2: 1342.37 | L2: 1272.38 | M2: 1262.42 | N2: 1249.93 | O2: 1214.32
A3: BEN 02 | I3: AVRIL | J3: 1518.22 | K3: 1471.01 | L3: 1448.41 | M3: 1439.06 | N3: 1427.02 | O3: 1374.59 | P3: 1337.27 | Q3: 1181.36 | R3: 1100.99
A4: BEN 03 | I4: JUILLET | J4: 993.01
A5: BEN 04 | I5: NOV.
A6: BEN 05 | I6: MARS | J6: 1412.55 | K6: 1365.12 | L6: 1311.53 | M6: 1258.67 | N6: 1246.66 | O6: 1192.14
A7: BEN 06 | I7: JUIN | J7: 1511.94 | K7: 1163.02 | L7: 1145.38 | M7: 1115.82 | N7: 882.09 | O7: 799.34
A8: BEN 07 | I8: JUIN | J8: 1063.63 | K8: 1020.06 | L8: 1002.11 | M8: 967.73 | N8: 950.07 | O8: 716.68
A9: BEN 08 | I9: AOUT | J9: 1140.61 | K9: 1051.24 | L9: 1023.71 | M9: 994.27 | N9: 915.09
A10: BEN 09 | I10: AOUT | J10: 1096.03 | K10: 1046.03 | L10: 1012.14 | M10: 1004.42 | N10: 915.09
A11: BEN 10 | I11: MARS | J11: 889.49 | K11: 850.88 | L11: 793.61
A12: BEN 11 | I12: MARS | J12: 1109.86 | K12: 853.72 | L12: 793.91
A13: BEN 12 | I13: NOV. | K13: 822.57
A14: BEN 13 | I14: NOV. | K14: 771.26
A15: BEN 14
A16: BEN 15
A17: BEN 16
A18: VL 001 | I18: DEC. | K18: 587.96 | L18: 576.59 | M18: 573.08 | N18: 569.28 | P18: 666.18 | Q18: 610.53
A19: VL 002 | I19: MAI | K19: 610.52 | L19: 602.38 | M19: 586.4 | N19: 572.31 | O19: 611.52 | P19: 613.35
A20: VL 003 | I20: NOV. | K20: 1130.16 | L20: 1099.33 | M20: 1090.73 | N20: 871.14 | O20: 859.15 | P20: 763.89
A21: VL 004 | I21: MARS | J21: 925.49 | K21: 883.94 | L21: 838.35 | M21: 808.1 | N21: 736.18
A22: VL 005 | I22: AOUT | J22: 983.04 | K22: 939.28 | L22: 919.6 | M22: 907.81 | N22: 837.09
A23: VL 006 | I23: AVRIL | J23: 775.28 | K23: 741.3 | L23: 715.61 | M23: 669.93
A24: VL 007 | I24: MARS | J24: 951.92 | K24: 908.41 | L24: 827.69
A25: VL 008 | I25: NOV. | K25: 1112.34 | L25: 986.46
A26: VL 009 | I26: JUILLET | J26: 1056.34 | K26: 1013.43 | L26: 975.76
A27: VL 010 | I27: MARS | J27: 604.43
A28: VL 011 | I28: SEPT. | K28: 1071.38 | L28: 1063.23 | M28: 1007.79 | N28: 1010.29 | O28: 996.45 | P28: 951.99
A29: REM XX
A30: REM 01 | I30: AVRIL | J30: X | K30: 118.86 | L30: 114.94 | M30: 111.23 | N30: 109.07 | O30: 106.96 | P30: 104.91 | Q30: 101.27 | R30: 98.314
A31: REM 02 | I31: JUILLET | J31: 216.66 | K31: 211.42 | L31: 206.33 | M31: 201.4 | N31: 196.61 | O31: 191.93 | P31: 187.45 | Q31: 181.38 | R31: 176.08 | S31: 171.76
A32: REM 03 | I32: JUILLET | J32: 230.4 | K32: 220.86 | L32: 212.11 | M32: 207 | N32: 202.06 | O32: 197.25 | P32: 192.58 | Q32: 183.48 | R32: 175.37 | S32: 165.31
A33: REM 04 | I33: MARS | J33: 144.9 | K33: 141.78 | L33: 136.76 | M33: 131.97 | N33: 127.48 | O33: 124.82 | P33: 122.26 | Q33: 114.28
A34: REM 05 | I34: MARS | J34: 217.36 | K34: 208.77 | L34: 200.57 | M34: 192.78 | N34: 188.26 | O34: 171.71
A35: REM 06 | I35: SEPT. | K35: 161.23 | L35: 157.62 | M35: 154.1 | N35: 150.7 | O35: 139.72
A36: REM 07 | I36: OCT. | K36: 158.49 | L36: 154.95 | M36: 151.52 | N36: 148.18 | O36: 138.06
A37: REM 08 | L37: 158.76 | M37: 148.61
A38: REM 09 | I38: MARS | J38: 163.74 | K38: 160.03 | L38: 156.45 | M38: 148.61
A39: REM 10 | I39: OCT. | K39: 162.45 | L39: 156.45 | M39: 147.93
A40: REM 11 | I40: NOV. | K40: 157.31 | L40: 153.79 | M40: 149.75
A41: REM 12 | I41: NOV. | K41: 157.31 | L41: 153.79 | M41: 142.53
A42: REM 13 | I42: JUIN | J42: 159.74 | K42: 156.15 | L42: 145.01
A43: REM 14 | I43: JUIN | J43: 164.56 | K43: 158.46 | L43: 145.01
A44: RBRO 02 | I44: NOV. | K44: 623.05 | L44: 605.97 | M44: 589.39 | N44: 573.32 | O44: 557.66 | P44: 542.5
A45: RBRO 03 | I45: AOUT | K45: 482.25 | L45: 462.09
A46: TRAXX | I46: AVRIL | J46: 580.17 | K46: 517.69 | L46: 491.79
A47: TRA 01 | I47: JUIN | J47: 426.38 | K47: 397.78 | L47: 389.02 | M47: 375.56 | N47: 375.6 | O47: 306.16 | P47: 293.44 | Q47: 279.71 | R47: 270.97 | S47: 258.53
A48: TRA 02 | I48: JUILLET | J48: 388.89 | K48: 363.08 | L48: 354.56 | M48: 336.41 | N48: 336.47 | O48: 308.87 | P48: 291 | Q48: 266.01 | R48: 257.71 | S48: 245.95
A49: TRA 03 | I49: DEC. | K49: 419.77 | L49: 410.47 | M49: 396.17 | N49: 396.06 | O49: 362.91 | P49: 347.47 | Q49: 331.17 | R49: 312.2
A50: TRA 04 | I50: MARS | J50: 354.3 | K50: 325.35 | L50: 305.08 | M50: 297.34 | N50: 293.61 | O50: 251.13
A51: TRA 05 | I51: AOUT | J51: 451.39 | K51: 420.53 | L51: 411.21 | M51: 396.87 | N51: 397 | O51: 311.77 | P51: 267.65
A52: TRA 06 | I52: MARS | J52: 350.21 | K52: 325.01 | L52: 312.6 | M52: 270.03 | N52: 247.33
A53: TRA 07 | I53: SEPT. | K53: 304.62 | L53: 296.11 | M53: 286.25 | N53: 286.33 | O53: 274.57 | P53: 248.19
A54: TRA 08 | I54: JUILLET | J54: 333.98 | K54: 312.19 | L54: 303.72 | M54: 293.53 | N54: 293.61 | O54: 253.07
A55: TRA 09 | I55: MARS | J55: 344.31 | K55: 315.98 | L55: 307.58 | M55: 290.25
A56: TRA 10 | I56: MARS | J56: 338.38 | K56: 315.98 | L56: 307.58 | M56: 290.25
A57: TRA 11 | I57: NOV. | K57: 317.69 | L57: 309.33 | M57: 292.65
A58: TRA 12 | I58: NOV. | K58: 266.19 | L58: 257.85 | M58: 243.71
A59: TRA 13 | I59: JUIN | J59: 339.91 | K59: 317.78 | L59: 292.02
A60: TRA 14 | I60: JUIN | J60: 339.91 | K60: 317.78 | L60: 292.02
A61: TRA 15 | I61: JUILLET | J61: 126.89 | K61: 271.83 | L61: 261.74 | M61: 242.96 | N61: 242.89 | O61: 220.31

Sheet Relevé refacturation
G8: Relevé d'information du | J8: =TODAY() -> 45175 | K8: =YEAR(J8) -> 2023
B17: REFERENCE INTERNE | C17: : | D17: BEN 02 | G17: TYPE | H17: : | I17: =VLOOKUP($D$17,T_BASE[],4,FALSE) -> BENNE
B18: MARQUE | C18: : | D18: =VLOOKUP($D$17,T_BASE[],5,FALSE) -> RENAULT | G18: MODELE | H18: : | I18: =VLOOKUP($D$17,T_BASE[],6,FALSE) -> MAXITY
B19: PLAQUE D'IMMAT. | C19: : | D19: =VLOOKUP($D$17,T_BASE[],3,FALSE) -> 0 | G19: N° SERIE / ID | H19: : | I19: =VLOOKUP($D$17,T_BASE[],7,FALSE) -> 0
B23: Financement / Financeur | C23: : | D23: =VLOOKUP($D$17,T_BASE[],8,FALSE) -> 0 | G23: FDC | H23: : | I23: =VLOOKUP($D$17,T_BASE[],16,FALSE) -> 43935 | K23: =VLOOKUP($D$17,T_BASE[],22,FALSE) -> 2020
B24: montant à l'acquisition | C24: : | D24: =VLOOKUP($D$17,T_BASE[],11,FALSE) -> 29100 | F24: Durée du financement | H24: : | I24: =VLOOKUP($D$17,T_BASE[],13,FALSE) -> 29100
B26: Vendu / Cédé à GPDG le | C26: : | D26: =IF(D26="","",VLOOKUP($D$17,T_BASE[],12,FALSE)) -> cédé le 14/03/2020 | F26: Valeur à la décote | H26: : | I26: =INDEX(Matrice!A2:AL100,MATCH('Relevé refacturation'!D17,Matrice!$A$1:$A$100,0),MATCH(YEAR(TODAY()),Matrice!1:1,0)) -> #N/A
I28: Montant HT | J28: taux taxe | K28: Montant taxe
I29: =IF(K8<=K23,D24/12),IF(K8>K23,I26/12) -> #VALUE! | J29: 0.2 | K29: =I29*J29 -> #VALUE!
B32: Réhausses | C32: : | D32: =VLOOKUP($D$17,T_BASE[],18,FALSE) -> 0 | I32: =D32/I26 -> #N/A | J32: 0.2 | K32: =I32*J32 -> #N/A
B33: Contrat de maintenance | C33: : | D33: =VLOOKUP($D$17,T_BASE[],19,FALSE) -> 120 | I33: =D33 -> 120 | J33: 0.2 | K33: =I33*J33 -> 24
B34: Flocage | C34: : | D34: =VLOOKUP($D$17,T_BASE[],17,FALSE) -> 405 | I34: =IF(D34=0,0,D34/I26) -> #N/A | J34: 0.2 | K34: =I34*J34 -> #N/A
B35: *Assurance n° | C35: : | D35: =VLOOKUP($D$17,T_ASSURANCES[],5,FALSE) -> 0 | F35: Cotis. / an : | G35: =IF(ISBLANK(VLOOKUP($D$17,T_ASSURANCES[],10,FALSE))=TRUE,VLOOKUP($D$17,T_ASSURANCES[],9,FALSE)) -> FALSE | I35: =G35/12 -> 0 | K35: =I35*J35 -> 0
B36: *Assurance n° | C36: : | D36: =VLOOKUP($D$17,'[1]Assurances '!1:1048576,8,FALSE) -> 6593682904 | F36: Cotis. / an : | I36: =G36/12 -> 0 | K36: =I36*J36 -> 0
B37: (les montant sont exprimés en HT) | G37: TOTAL | I37: =SUM(I29:I36) -> #VALUE! | K37: =SUM(K29:K36) -> #VALUE!
B38: * Exempté de TVA | G38: TOTAL TTC | K38: =SUM(K37+I37) -> #VALUE!
B41: *Moyenne de jour travaillés dans le mois :
B42: Prix HT du véhicule moyen par mois : | F42: =I37*(52/50) -> #VALUE!
B43: Prix HT du véhicule moyen par jour : | F43: =F42/F41 -> #VALUE!
G45: Prix HT du véhicule moyen par jour avec marge de l'entreprise | K45: =F43*(0.4+1) -> #VALUE!
B49: location estimé dans le commerce : - Camion benne simple cabine : entre 130 € HT et 150 € HT - tracteur (suivant gabarit) : entre 55 € HT et 260 € HT - Véhicule léger : entre 60 € HT et 120 € HT - Remorque : entre 60 € HT et 75 € HT
B66: *Moyenne de jours travaillés par mois établi à partir d'un relevé de 2 années (2021/2022)
D68: PAYSAGE DES GRAVES | F68: PDGA | G68: Nicolas le Jardinier
B69: BENNE | D69: 15.61 | F69: 0.8 | G69: 1.18
B70: VL | D70: 11.42 | F70: 2.52 | G70: 0.12
B71: REMORQUE | D71: 10.11 | F71: 0.2 | G71: 1.17
B72: TRACTEUR | D72: 7.26 | F72: 0 | G72: 0.19

Sheet Paramétres
A1: abbrev. | B1: quoi | C1: année1 | D1: suivants
A2: BEN | B2: Bennes | C2: 0.0065 | D2: 0.05
A3: VL | B3: Véhicules légers | C3: 0.005 | D3: 0.07
A4: REM | B4: Remorques | C4: 0.005 | D4: 0.07
A5: TRA | B5: Tracteurs | C5: 0.005 | D5: 0.07
A6: BRO | B6: Broyeurs | C6: 0.005 | D6: 0.07
